Workbook

Sheet DPS Recommendation
A1: Attachment A: PSD DRP Recommendation | J1: Attachment A: PSD DRP Recommendation | S1: Attachment A: PSD DRP Recommendation
A2: Public Service Department EEU Program Budget Recommendation - April 16, 2014 | I2: Page 1 | R2: Page 2 | AA2: Page 3
C4: 2015 | D4: 2016 | E4: 2017 | F4: 3-yr Total | G4: 2018 | H4: 2019 | I4: 2020 | J4: 2021 | K4: 2022 | L4: 2023 | M4: 2024 | N4: 2025 | O4: 2026 | P4: 2027 | Q4: 2028 | R4: 2029 | S4: 2030 | T4: 2031 | U4: 2032 | V4: 2033 | W4: 2034 | X4: Total
A5: Funded via EEC
A6: Electric Resource Acquisition
B7: Efficiency Vermont | C7: ='VEIC RA Supplemental'!B4-'DPS Recommendation'!C11 -> 39351359 | D7: ='VEIC RA Supplemental'!C4-'DPS Recommendation'!D11 -> 42460068 | E7: ='VEIC RA Supplemental'!D4-'DPS Recommendation'!E11 -> 45555423 | F7: =SUM(C7:E7) -> 1.2736685e+08 | G7: ='VEIC RA Supplemental'!E4 -> 48034051 | H7: ='VEIC RA Supplemental'!F4 -> 49645840 | I7: ='VEIC RA Supplemental'!G4 -> 51279154 | J7: ='VEIC RA Supplemental'!H4 -> 52828643 | K7: ='VEIC RA Supplemental'!I4 -> 54549928 | L7: ='VEIC RA Supplemental'!J4 -> 56254913 | M7: ='VEIC RA Supplemental'!K4 -> 58069805 | N7: ='VEIC RA Supplemental'!L4 -> 59920919 | ... W7: ='VEIC RA Supplemental'!U4 -> 75969503 | X7: =SUM(F7:W7) -> 1.1779562e+09
B8: RA R&D | C8: =C7*0.035 -> 1377297.6 | D8: =D7*0.0425 -> 1804552.9 | E8: =E7*0.04 -> 1822216.9 | F8: =SUM(C8:E8) -> 5004067.4
B9: BED | C9: ='BED Scen 2'!C7 -> 2337666 | D9: ='BED Scen 2'!D7 -> 2513980 | E9: ='BED Scen 2'!E7 -> 2696148 | F9: =SUM(C9:E9) -> 7547794 | G9: ='BED Scen 2'!G7 -> 2780381.5 | H9: ='BED Scen 2'!H7 -> 2868773.1 | I9: ='BED Scen 2'!I7 -> 2966063.1 | J9: ='BED Scen 2'!J7 -> 3056968.3 | K9: ='BED Scen 2'!K7 -> 3149248.6 | L9: ='BED Scen 2'!L7 -> 3243315.1 | M9: ='BED Scen 2'!M7 -> 3349072.2 | N9: ='BED Scen 2'!N7 -> 3453508.3 | ... W9: ='BED Scen 2'!W7 -> 4533828.3 | X9: =SUM(F9:W9) -> 68640523
B10: RA R&D | C10: =C9*0.035 -> 81818.31 | D10: =D9*0.0425 -> 106844.15 | E10: =E9*0.04 -> 107845.92 | F10: =SUM(C10:E10) -> 296508.38
B11: Customer Credit Program Participant | C11: =970000*1.02 -> 989400 | D11: =C11*1.02 -> 1009188 | E11: =D11*1.02 -> 1029371.8 | F11: =SUM(C11:E11) -> 3027959.8 | G11: =E11*1.02 -> 1049959.2 | H11: =G11*1.02 -> 1070958.4 | I11: =H11*1.02 -> 1092377.5 | J11: =I11*1.02 -> 1114225.1 | K11: =J11*1.02 -> 1136509.6 | L11: =K11*1.02 -> 1159239.8 | M11: =L11*1.02 -> 1182424.6 | N11: =M11*1.02 -> 1206073.1 | O11: =N11*1.02 -> 1230194.5 | ... W11: =V11*1.02 -> 1441369 | X11: =SUM(F11:W11) -> 24039818
A12: Non-Resource Acquisition
B13: Efficiency Vermont | C13: ='Draft VEIC NRA'!C54 -> 4217048 | D13: ='Draft VEIC NRA'!D54 -> 4177272 | E13: ='Draft VEIC NRA'!E54 -> 4260432 | F13: =SUM(C13:E13) -> 12654752 | G13: ='Draft VEIC NRA'!G54 -> 4154568 | H13: ='Draft VEIC NRA'!H54 -> 4408888 | I13: ='Draft VEIC NRA'!I54 -> 4496888 | J13: ='Draft VEIC NRA'!J54 -> 4405720 | K13: ='Draft VEIC NRA'!K54 -> 4668488 | L13: ='Draft VEIC NRA'!L54 -> 4761680 | M13: ='Draft VEIC NRA'!M54 -> 4672184 | N13: ='Draft VEIC NRA'!N54 -> 4943840 | ... W13: ='Draft VEIC NRA'!W54 -> 5873824 | X13: =SUM(F13:W13) -> 97644536
B14: BED | C14: ='BED EEC NRA'!C48 -> 230076 | D14: ='BED EEC NRA'!D48 -> 234700 | E14: ='BED EEC NRA'!E48 -> 239300 | F14: =SUM(C14:E14) -> 704076 | G14: ='BED EEC NRA'!G48 -> 227500 | H14: ='BED EEC NRA'!H48 -> 231800 | I14: ='BED EEC NRA'!I48 -> 236200 | J14: ='BED EEC NRA'!J48 -> 240800 | K14: ='BED EEC NRA'!K48 -> 245600 | L14: ='BED EEC NRA'!L48 -> 250400 | M14: ='BED EEC NRA'!M48 -> 255300 | N14: ='BED EEC NRA'!N48 -> 260300 | ... W14: ='BED EEC NRA'!W48 -> 309100 | X14: =SUM(F14:W14) -> 5233776
A15: Operations Fee and QPI Award | C15: =(C7+C8+C13)*0.041 -> 1842773.9 | D15: =(D7+D8+D13)*0.041 -> 1986117.6 | E15: =(E7+E8+E13)*0.041 -> 2117160.9 | F15: =SUM(C15:E15) -> 5946052.4 | X15: =SUM(F15:W15) -> 5946052.4
A16: DPS Evaluation | C16: ='DPS Evaluation'!C98 -> 1319400 | D16: ='DPS Evaluation'!D98 -> 1319400 | E16: ='DPS Evaluation'!E98 -> 1319400 | F16: =SUM(C16:E16) -> 3958200 | G16: ='DPS Evaluation'!I32 -> 2023777.3 | H16: ='DPS Evaluation'!J32 -> 1105809.5 | I16: ='DPS Evaluation'!K32 -> 884928.07 | J16: ='DPS Evaluation'!L32 -> 2283765.7 | K16: ='DPS Evaluation'!M32 -> 1145669.7 | L16: ='DPS Evaluation'!N32 -> 941427.87 | M16: ='DPS Evaluation'!O32 -> 2387539.9 | N16: ='DPS Evaluation'!P32 -> 1222156.1 | ... W16: ='DPS Evaluation'!Y32 -> 1391374.5 | X16: =SUM(F16:W16) -> 31043658
A17: Fiscal Agent | C17: =27703.1690244*1.2 -> 33243.803 | D17: =27703.1690244*1.2 -> 33243.803 | E17: =27703.1690244*1.2 -> 33243.803 | F17: =SUM(C17:E17) -> 99731.408 | G17: =29920.6851459835*1.2 -> 35904.822 | H17: =29920.6851459835*1.2 -> 35904.822 | I17: =29920.6851459835*1.2 -> 35904.822 | J17: =29920.6851459835*1.2 -> 35904.822 | K17: =29920.6851459835*1.2 -> 35904.822 | L17: =29920.6851459835*1.2 -> 35904.822 | M17: =29920.6851459835*1.2 -> 35904.822 | N17: =29920.6851459835*1.2 -> 35904.822 | ... W17: =29920.6851459835*1.2 -> 35904.822 | X17: =SUM(F17:W17) -> 710113.39
A18: Fiscal Agent Audit | C18: =16621.90141464*1.2 -> 19946.282 | D18: =16621.90141464*1.2 -> 19946.282 | E18: =16621.90141464*1.2 -> 19946.282 | F18: =SUM(C18:E18) -> 59838.845 | G18: =17952.4110875901*1.2 -> 21542.893 | H18: =17952.4110875901*1.2 -> 21542.893 | I18: =17952.4110875901*1.2 -> 21542.893 | J18: =17952.4110875901*1.2 -> 21542.893 | K18: =17952.4110875901*1.2 -> 21542.893 | L18: =17952.4110875901*1.2 -> 21542.893 | M18: =17952.4110875901*1.2 -> 21542.893 | N18: =17952.4110875901*1.2 -> 21542.893 | ... W18: =17952.4110875901*1.2 -> 21542.893 | X18: =SUM(F18:W18) -> 426068.03
B20: EEC-Funded Subtotal | C20: =SUM(C7:C19) -> 51800029 | D20: =SUM(D7:D19) -> 55665313 | E20: =SUM(E7:E19) -> 59200489 | F20: =SUM(F7:F19) -> 1.6666583e+08 | G20: =SUM(G7:G19) -> 58327684 | H20: =SUM(H7:H19) -> 59389517 | I20: =SUM(I7:I19) -> 61013058 | J20: =SUM(J7:J19) -> 63987570 | ... W20: =SUM(W7:W19) -> 89576446 | X20: =SUM(F20:W20) -> 1.4169414e+09
A22: Funded via FCM and RGGI
A23: Heating-and-Process-Fuel Resource Acquisition
B24: Efficiency Vermont | C24: ='VEIC TEPF'!C19 -> 5349341.5 | D24: ='VEIC TEPF'!D19 -> 5856090.4 | E24: ='VEIC TEPF'!E19 -> 6256374.7 | F24: =SUM(C24:E24) -> 17461807 | G24: ='VEIC TEPF'!F19 -> 6625317.8 | H24: ='VEIC TEPF'!G19 -> 7192043.5 | I24: ='VEIC TEPF'!H19 -> 7500682.6 | J24: ='VEIC TEPF'!I19 -> 7707212.3 | K24: ='VEIC TEPF'!J19 -> 8049298.1 | L24: ='VEIC TEPF'!K19 -> 8037072.2 | M24: ='VEIC TEPF'!L19 -> 8615968.1 | X24: =SUM(F24:W24) -> 71189401
B25: BED | C25: ='BED TEPF RA'!B8 -> 96390 | D25: ='BED TEPF RA'!C8 -> 98317.8 | E25: ='BED TEPF RA'!D8 -> 100284.16 | F25: =SUM(C25:E25) -> 294991.96 | G25: ='BED TEPF RA'!F8 -> 102289.84 | H25: ='BED TEPF RA'!G8 -> 104335.64 | I25: ='BED TEPF RA'!H8 -> 106422.35 | J25: ='BED TEPF RA'!I8 -> 108550.8 | K25: ='BED TEPF RA'!J8 -> 110721.81 | L25: ='BED TEPF RA'!K8 -> 112936.25 | M25: ='BED TEPF RA'!L8 -> 115194.97 | X25: =SUM(F25:W25) -> 1055443.6
A26: Non-Resource Acquisition
B27: Efficiency Vermont | C27: ='Draft VEIC NRA'!C55 -> 575052 | D27: ='Draft VEIC NRA'!D55 -> 569628 | E27: ='Draft VEIC NRA'!E55 -> 580968 | F27: =SUM(C27:E27) -> 1725648 | G27: ='Draft VEIC NRA'!G55 -> 566532 | H27: ='Draft VEIC NRA'!H55 -> 601212 | I27: ='Draft VEIC NRA'!I55 -> 613212 | J27: ='Draft VEIC NRA'!J55 -> 600780 | K27: ='Draft VEIC NRA'!K55 -> 636612 | L27: ='Draft VEIC NRA'!L55 -> 649320 | M27: ='Draft VEIC NRA'!M55 -> 637116 | X27: =SUM(F27:W27) -> 6030432
B28: BED | C28: ='BED TEPF NRA'!B12 -> 10700 | D28: ='BED TEPF NRA'!C12 -> 11000 | E28: ='BED TEPF NRA'!D12 -> 11200 | F28: =SUM(C28:E28) -> 32900 | G28: ='BED TEPF NRA'!F12 -> 11400 | H28: ='BED TEPF NRA'!G12 -> 11600 | I28: ='BED TEPF NRA'!H12 -> 11800 | J28: ='BED TEPF NRA'!I12 -> 12000 | K28: ='BED TEPF NRA'!J12 -> 12200 | L28: ='BED TEPF NRA'!K12 -> 12400 | M28: ='BED TEPF NRA'!L12 -> 12600 | X28: =SUM(F28:W28) -> 116900
A29: Operations Fee and QPI Award | C29: =(C24+C27)*0.041 -> 242900.13 | D29: =(D24+D27)*0.041 -> 263454.45 | E29: =(E24+E27)*0.041 -> 280331.05 | F29: =SUM(C29:E29) -> 786685.64
A30: DPS Evaluation | C30: ='DPS Evaluation'!C99 -> 773600 | D30: ='DPS Evaluation'!D99 -> 773600 | E30: ='DPS Evaluation'!E99 -> 773600 | F30: =SUM(C30:E30) -> 2320800 | G30: ='DPS Evaluation'!I53+'DPS Evaluation'!I60 -> 875250.37 | H30: ='DPS Evaluation'!J53+'DPS Evaluation'!J60 -> 828553.65 | I30: ='DPS Evaluation'!K53+'DPS Evaluation'!K60 -> 714336.37 | J30: ='DPS Evaluation'!L53+'DPS Evaluation'!L60 -> 856355.75 | K30: ='DPS Evaluation'!M53+'DPS Evaluation'!M60 -> 788816.72 | L30: ='DPS Evaluation'!N53+'DPS Evaluation'!N60 -> 657671.13 | M30: ='DPS Evaluation'!O53+'DPS Evaluation'!O60 -> 870904.82 | X30: =SUM(F30:W30) -> 7912688.8
B32: FCM and RGGI-Funded Subtotal | C32: =SUM(C24:C30) -> 7047983.7 | D32: =SUM(D24:D30) -> 7572090.6 | E32: =SUM(E24:E30) -> 8002757.9 | F32: =SUM(F24:F30) -> 22622832 | G32: =SUM(G24:G30) -> 8180790 | H32: =SUM(H24:H30) -> 8737744.8 | I32: =SUM(I24:I30) -> 8946453.4 | J32: =SUM(J24:J30) -> 9284898.9 | ... M32: =SUM(M24:M30) -> 10251784 | X32: =SUM(F32:W32) -> 87091551
C34: Total 2015-2017 EEU Program Budget | F34: =F32+F20 -> 1.8928866e+08 | G34: =G32+G20 -> 66508474 | H34: =H32+H20 -> 68127262 | I34: =I32+I20 -> 69959512 | J34: =J32+J20 -> 73272469 | K34: =K32+K20 -> 74550541 | L34: =L32+L20 -> 76137823 | M34: =M32+M20 -> 80225557 | ... X34: =X32+X20 -> 1.5040329e+09
B44: Reference (EVT/ BED Share of total EEC RA)
B45: EVT RA 3 yr total | C45: =F7 -> 1.2736685e+08 | D45: EVT % Share | E45: =C45/C47 -> 0.94405504
B46: BED RA 3 yr total | C46: =F9 -> 7547794 | D46: BED % Share | E46: =C46/C47 -> 0.055944957
B47: Total | C47: =SUM(C45:C46) -> 1.3491464e+08
B49: Reference (EVT EEC/TEPF RA Split)
B50: EVT RA 3 yr total - EEC | C50: =F7 -> 1.2736685e+08 | D50: EEC % Share | E50: =C50/C52 -> 0.87943127
B51: EVT RA 3 yr total - TEPF | C51: =F24 -> 17461807 | D51: TEPF % Share | E51: =C51/C52 -> 0.12056873
B52: Total | C52: =SUM(C50:C51) -> 1.4482866e+08
F53: 2015-2017
B54: Reference (BED EEC/TEPF RA Split) | F54: EEC | G54: =C50+C55 -> 1.3491464e+08 | H54: EEC % of Total | I54: =G54/G56 -> 0.88350305
B55: BED RA 3 yr total - EEC | C55: =F9 -> 7547794 | D55: EEC % Share | E55: =C55/C57 -> 0.95838153 | F55: TEPF | G55: =C51+C56 -> 17789575 | H55: TEPF % of Total | I55: =G55/G56 -> 0.11649695
B56: BED RA 3 yr total - TEPF | C56: ='DPS TEPF Forecast'!G10+'DPS TEPF Forecast'!H10+'DPS TEPF Forecast'!I10 -> 327768.84 | D56: TEPF % Share | E56: =C56/C57 -> 0.041618465 | F56: Total | G56: =SUM(G54:G55) -> 1.5270422e+08
B57: Total | C57: =SUM(C55:C56) -> 7875562.8

Sheet VEIC BED Summary Budgets
A3: VEIC EEU Budget 2015-2017
C4: 2015 | D4: 2016 | E4: 2017 | F4: 3-yr Total
A5: Funded via EEC
A6: Electric Resource Acquisition | C6: ='DPS Recommendation'!C7 -> 39351359 | D6: ='DPS Recommendation'!D7 -> 42460068 | E6: ='DPS Recommendation'!E7 -> 45555423 | F6: =SUM(C6:E6) -> 1.2736685e+08
A7: RA R&D | C7: ='DPS Recommendation'!C8 -> 1377297.6 | D7: ='DPS Recommendation'!D8 -> 1804552.9 | E7: ='DPS Recommendation'!E8 -> 1822216.9 | F7: =SUM(C7:E7) -> 5004067.4
A8: Non-Resource Acquisition | C8: ='DPS Recommendation'!C13 -> 4217048 | D8: ='DPS Recommendation'!D13 -> 4177272 | E8: ='DPS Recommendation'!E13 -> 4260432 | F8: =SUM(C8:E8) -> 12654752
A9: Operations Fee and QPI Award (4.1%) | C9: ='DPS Recommendation'!C15 -> 1842773.9 | D9: ='DPS Recommendation'!D15 -> 1986117.6 | E9: ='DPS Recommendation'!E15 -> 2117160.9 | F9: =SUM(C9:E9) -> 5946052.4
B10: EEC-Funded Subtotal | C10: =SUM(C6:C9) -> 46788478 | D10: =SUM(D6:D9) -> 50428011 | E10: =SUM(E6:E9) -> 53755233 | F10: =SUM(C10:E10) -> 1.5097172e+08
A12: Funded via FCM and RGGI
A13: Heating-and-Process-Fuel Resource Acquisition | C13: ='DPS Recommendation'!C24 -> 5349341.5 | D13: ='DPS Recommendation'!D24 -> 5856090.4 | E13: ='DPS Recommendation'!E24 -> 6256374.7 | F13: =SUM(C13:E13) -> 17461807
A14: Non-Resource Acquisition | C14: ='DPS Recommendation'!C27 -> 575052 | D14: ='DPS Recommendation'!D27 -> 569628 | E14: ='DPS Recommendation'!E27 -> 580968 | F14: =SUM(C14:E14) -> 1725648
A15: Operations and QPI Fees (4.1%) | C15: ='DPS Recommendation'!C29 -> 242900.13 | D15: ='DPS Recommendation'!D29 -> 263454.45 | E15: ='DPS Recommendation'!E29 -> 280331.05 | F15: =SUM(C15:E15) -> 786685.64
B16: FCM and RGGI-Funded Subtotal | C16: =SUM(C13:C15) -> 6167293.7 | D16: =SUM(D13:D15) -> 6689172.8 | E16: =SUM(E13:E15) -> 7117673.7 | F16: =SUM(C16:E16) -> 19974140
E18: VEIC 2015-2017 EEC & TEPF Total | F18: =F10+F16 -> 1.7094586e+08
A21: BED EEU Budget 2015-2017
C22: 2015 | D22: 2016 | E22: 2017 | F22: 3-yr Total
A23: Funded via EEC
A24: Electric Resource Acquisition | C24: ='DPS Recommendation'!C9 -> 2337666 | D24: ='DPS Recommendation'!D9 -> 2513980 | E24: ='DPS Recommendation'!E9 -> 2696148 | F24: =SUM(C24:E24) -> 7547794
A25: RA R&D | C25: ='DPS Recommendation'!C10 -> 81818.31 | D25: ='DPS Recommendation'!D10 -> 106844.15 | E25: ='DPS Recommendation'!E10 -> 107845.92 | F25: =SUM(C25:E25) -> 296508.38
A26: Non-Resource Acquisition | C26: ='DPS Recommendation'!C14 -> 230076 | D26: ='DPS Recommendation'!D14 -> 234700 | E26: ='DPS Recommendation'!E14 -> 239300 | F26: =SUM(C26:E26) -> 704076
B27: EEC-Funded Subtotal | C27: =SUM(C24:C26) -> 2649560.3 | D27: =SUM(D24:D26) -> 2855524.1 | E27: =SUM(E24:E26) -> 3043293.9 | F27: =SUM(C27:E27) -> 8548378.4
A29: Funded via FCM and RGGI
A30: Heating-and-Process-Fuel Resource Acquisition | C30: ='DPS Recommendation'!C25 -> 96390 | D30: ='DPS Recommendation'!D25 -> 98317.8 | E30: ='DPS Recommendation'!E25 -> 100284.16 | F30: =SUM(C30:E30) -> 294991.96
A31: Non-Resource Acquisition | C31: ='DPS Recommendation'!C28 -> 10700 | D31: ='DPS Recommendation'!D28 -> 11000 | E31: ='DPS Recommendation'!E28 -> 11200 | F31: =SUM(C31:E31) -> 32900
B32: FCM and RGGI-Funded Subtotal | C32: =SUM(C30:C31) -> 107090 | D32: =SUM(D30:D31) -> 109317.8 | E32: =SUM(E30:E31) -> 111484.16 | F32: =SUM(C32:E32) -> 327891.96
E34: BED 2015-2017 EEC & TEPF Total | F34: =F27+F32 -> 8876270.3

Sheet DPS Evaluation
B2: Evaluation Budget Summary
B3: 41739
B4: Task | C4: 2015 | D4: 2016 | E4: 2017 | F4: Total 2015-17 | G4: Proposed Carryover from 2012-2014 period | H4: Actual Budget Impact to Funding Source | I4: 2018 | J4: 2019 | K4: 2020 | L4: 2021 | M4: 2022 | N4: 2023 | O4: 2024 | P4: 2025 | Q4: 2026 | R4: 2027 | S4: 2028 | T4: 2029 | U4: 2030 | V4: 2031 | W4: 2032 | X4: 2033 | Y4: 2034
F5: [Note 11]] | G5: [Note 12] | H5: [Note 13]
B6: Core EEC Evaluation Activities | F6: =SUM(F7:F11) -> 2124000 | H6: =SUM(H7:H11) -> 892700
B7: Annual Savings Verification | C7: =[1]SVFCM!F36 -> 160113.34 | D7: =[1]SVFCM!G36 -> 160977.4 | E7: =[1]SVFCM!H36 -> 168006.2 | F7: =ROUND(SUM(C7:E7),-2) -> 489100 | H7: =F7 -> 489100 | I7: =E7*1.02 -> 171366.32 | J7: =I7*$C$68 -> 174793.65 | K7: =J7*$C$68 -> 178289.52 | L7: =K7*$C$68 -> 181855.31 | M7: =L7*$C$68 -> 185492.41 | N7: =M7*$C$68 -> 189202.26 | O7: =N7*$C$68 -> 192986.31 | P7: =O7*$C$68 -> 196846.03 | Q7: =P7*$C$68 -> 200782.96 | ... Y7: =X7*$C$68 -> 235249.23
B8: Geotargeting [2] | C8: =[1]GT!F16 -> 0 | D8: =[1]GT!G16 -> 4831.57 | E8: =[1]GT!H16 -> 168191.97 | F8: =ROUND(SUM(C8:E8),-2) -> 173000 | G8: 142078 | H8: =ROUND(SUM(F8-G8),-2) -> 30900 | I8: 0 | J8: =I8*$C$68 -> 0 | K8: =J8*$C$68 -> 0 | L8: =K8*$C$68 -> 0 | M8: =L8*$C$68 -> 0 | N8: =M8*$C$68 -> 0 | O8: =N8*$C$68 -> 0 | P8: =O8*$C$68 -> 0 | Q8: =P8*$C$68 -> 0 | ... Y8: =X8*$C$68 -> 0
B9: Technical Advisory Group and Technical Reference Manual | C9: =[1]TAGTRM!F16 -> 63930.065 | D9: =[1]TAGTRM!G16 -> 65290.385 | E9: =[1]TAGTRM!H16 -> 66700.3 | F9: =ROUND(SUM(C9:E9),-2) -> 195900 | H9: =F9 -> 195900 | I9: =E9*1.026 -> 68434.508 | J9: =I9*$C$68 -> 69803.198 | K9: =J9*$C$68 -> 71199.262 | L9: =K9*$C$68 -> 72623.247 | M9: =L9*$C$68 -> 74075.712 | N9: =M9*$C$68 -> 75557.226 | O9: =N9*$C$68 -> 77068.371 | P9: =O9*$C$68 -> 78609.738 | Q9: =P9*$C$68 -> 80181.933 | ... Y9: =X9*$C$68 -> 93945.914
B10: Market Characterizations* | C10: ='[1]Mkt Characterizations'!F19 -> 1177293.1 | D10: ='[1]Mkt Characterizations'!G19 -> 0 | E10: ='[1]Mkt Characterizations'!H19 -> 0 | F10: =ROUND(SUM(C10:E10),-2) -> 1177300 | G10: 1089248 | H10: =ROUND(SUM(F10-G10),-2) -> 88100 | I10: =C10*$C$68^3 -> 1249352.9 | J10: =D10*$C$68^3 -> 0 | K10: =E10*$C$68^3 -> 0 | L10: =I10*$C$68^3 -> 1325823.3 | M10: =J10*$C$68^3 -> 0 | N10: =K10*$C$68^3 -> 0 | O10: =L10*$C$68^3 -> 1406974.3 | P10: =M10*$C$68^3 -> 0 | Q10: =N10*$C$68^3 -> 0 | R10: =O10*$C$68^3 -> 1493092.3 | S10: =P10*$C$68^3 -> 0 | ... Y10: =V10*$C$68^3 -> 0
B11: Benchmarking | C11: =[1]Benchmarking!F16 -> 3831.2 | D11: =[1]Benchmarking!G16 -> 80690.15 | E11: =[1]Benchmarking!H16 -> 4144 | F11: =ROUND(SUM(C11:E11),-2) -> 88700 | H11: =F11 -> 88700 | I11: =C11*$C$68^3 -> 4065.7001 | J11: =D11*$C$68^3 -> 85629.033 | K11: =E11*$C$68^3 -> 4397.646 | L11: =I11*$C$68^3 -> 4314.5535 | M11: =J11*$C$68^3 -> 90870.215 | N11: =K11*$C$68^3 -> 4666.8171 | O11: =L11*$C$68^3 -> 4578.6386 | P11: =M11*$C$68^3 -> 96432.199 | Q11: =N11*$C$68^3 -> 4952.4636 | R11: =O11*$C$68^3 -> 4858.888 | S11: =P11*$C$68^3 -> 102334.62 | ... Y11: =V11*$C$68^3 -> 115245.4
B13: Supporting EEC Evaluation | F13: =SUM(F14:F19) -> 707200 | H13: =SUM(H14:H19) -> 604600
B14: Non-Resource Acquisition Initiatives* | C14: =[1]NRA!F19 -> 3371.456 | D14: =[1]NRA!G19 -> 8766.56 | E14: =[1]NRA!H19 -> 38868.368 | F14: =ROUND(SUM(C14:E14),-2) -> 51000 | H14: =F14 -> 51000 | I14: =C14*$C$68^3 -> 3577.8161 | J14: =D14*$C$68^3 -> 9303.1436 | K14: =E14*$C$68^3 -> 41247.423 | L14: =I14*$C$68^3 -> 3796.807 | M14: =J14*$C$68^3 -> 9872.5704 | N14: =K14*$C$68^3 -> 43772.095 | O14: =L14*$C$68^3 -> 4029.202 | P14: =M14*$C$68^3 -> 10476.851 | Q14: =N14*$C$68^3 -> 46451.298 | R14: =O14*$C$68^3 -> 4275.8214 | S14: =P14*$C$68^3 -> 11118.118 | ... Y14: =V14*$C$68^3 -> 12520.806
B15: Administrative Efficiency* | C15: ='[1]Admin Efficiency'!F16 -> 0 | D15: ='[1]Admin Efficiency'!G16 -> 139604.99 | E15: ='[1]Admin Efficiency'!H16 -> 0 | F15: =ROUND(SUM(C15:E15),-2) -> 139600 | H15: =F15 -> 139600 | I15: =C15*$C$68^3 -> 0 | J15: =D15*$C$68^3 -> 148149.93 | K15: =E15*$C$68^3 -> 0 | L15: =I15*$C$68^3 -> 0 | M15: =J15*$C$68^3 -> 157217.89 | N15: =K15*$C$68^3 -> 0 | O15: =L15*$C$68^3 -> 0 | P15: =M15*$C$68^3 -> 166840.89 | Q15: =N15*$C$68^3 -> 0 | R15: =O15*$C$68^3 -> 0 | S15: =P15*$C$68^3 -> 177052.88 | ... Y15: =V15*$C$68^3 -> 199390.3
B16: HPwES Evaluation (electric only ) [3] | C16: ='[1]HPwEs (elec)'!F15 -> 117615.7 | D16: ='[1]HPwEs (elec)'!G15 -> 0 | E16: ='[1]HPwEs (elec)'!H15 -> 0 | F16: =ROUND(SUM(C16:E16),-2) -> 117600 | G16: 102600 | H16: =F16-G16 -> 15000 | I16: 0 | J16: 0 | K16: 0 | L16: 0 | M16: 0 | N16: 0 | O16: 0 | P16: 0 | Q16: 0 | R16: 0 | S16: 0 | T16: 0 | U16: 0 | V16: 0 | W16: 0 | X16: 0 | Y16: 0
B17: Energy Savings Accounts & Customer Credit Program | C17: ='[1]ESA CCP'!C24 -> 8141.3 | D17: ='[1]ESA CCP'!D24 -> 8467.7 | E17: ='[1]ESA CCP'!E24 -> 15022 | F17: =ROUND(SUM(C17:E17),-2) -> 31600 | H17: =F17 -> 31600 | I17: =E17*$C$68 -> 15322.44 | J17: =F17*$C$68 -> 32232 | K17: =I17*$C$68 -> 15628.889 | L17: =J17*$C$68 -> 32876.64 | M17: =K17*$C$68 -> 15941.467 | N17: =L17*$C$68 -> 33534.173 | O17: =M17*$C$68 -> 16260.296 | P17: =N17*$C$68 -> 34204.856 | Q17: =O17*$C$68 -> 16585.502 | R17: =P17*$C$68 -> 34888.953 | ... Y17: =W17*$C$68 -> 17952.681
B18: Regional Coordination [4] | C18: =[1]Regional!F21 -> 58417.74 | D18: =[1]Regional!G21 -> 59649.6 | E18: =[1]Regional!H21 -> 60908.183 | F18: =ROUND(SUM(C18:E18),-2) -> 179000 | H18: =F18 -> 179000 | I18: =E18*$C$68 -> 62126.346 | J18: =F18*$C$68 -> 182580 | K18: =J18*$C$68 -> 186231.6 | L18: =K18*$C$68 -> 189956.23 | M18: =L18*$C$68 -> 193755.36 | N18: =M18*$C$68 -> 197630.46 | O18: =N18*$C$68 -> 201583.07 | P18: =O18*$C$68 -> 205614.73 | Q18: =P18*$C$68 -> 209727.03 | R18: =Q18*$C$68 -> 213921.57 | ... Y18: =X18*$C$68 -> 245728.64
B19: Overall Performace Assessment | C19: =[1]OPA!F20*0.88 -> 188352.34 | D19: =[1]OPA!G20*0.88 -> 0 | E19: =[1]OPA!H20*0.88 -> 0 | F19: =ROUND(SUM(C19:E19),-2) -> 188400 | H19: =F19 -> 188400 | I19: =C29*$C$68 -> 267138.68 | J19: =D29*$C$68 -> 264526.16 | K19: =E29*$C$68 -> 268129.75 | L19: =I19*$C$68 -> 272481.45 | M19: =I19*$C$68 -> 272481.45 | N19: =J19*$C$68 -> 269816.69 | O19: =K19*$C$68 -> 273492.34 | P19: =L19*$C$68 -> 277931.08 | Q19: =M19*$C$68 -> 277931.08 | R19: =N19*$C$68 -> 275213.02 | S19: =O19*$C$68 -> 278962.19 | T19: =P19*$C$68 -> 283489.7 | ... Y19: =U19*$C$68 -> 289159.5
B21: Planning and Management [5] | F21: =SUM(F22:F26) -> 201300 | H21: =SUM(H22:H26) -> 201300
B22: Evaluation Planning & Administration* | C22: ='[1]Plan&Mgmt'!C14 -> 8950.641 | D22: ='[1]Plan&Mgmt'!D14 -> 9309.489 | E22: ='[1]Plan&Mgmt'!E14 -> 16135.7 | F22: =ROUND(SUM(C22:E22),-2) -> 34400 | H22: =F22 -> 34400 | I22: =C22*$C$68^3 -> 9498.4918 | J22: =D22*$C$68^3 -> 9879.3042 | K22: =E22*$C$68^3 -> 17123.334 | L22: =I22*$C$68^3 -> 10079.876 | M22: =J22*$C$68^3 -> 10483.997 | N22: =K22*$C$68^3 -> 18171.419 | O22: =L22*$C$68^3 -> 10696.845 | P22: =M22*$C$68^3 -> 11125.701 | Q22: =N22*$C$68^3 -> 19283.655 | R22: =O22*$C$68^3 -> 11351.577 | S22: =P22*$C$68^3 -> 11806.683 | ... Y22: =V22*$C$68^3 -> 13296.243
B23: Expert Technical Assistance* | C23: ='[1]Plan&Mgmt'!C37 -> 27189.5 | D23: ='[1]Plan&Mgmt'!D37 -> 27189.5 | E23: ='[1]Plan&Mgmt'!E37 -> 27189.5 | F23: =ROUND(SUM(C23:E23),-2) -> 81600 | H23: =F23 -> 81600 | I23: =C23*$C$68^3 -> 28853.715 | J23: =D23*$C$68^3 -> 28853.715 | K23: =E23*$C$68^3 -> 28853.715 | L23: =I23*$C$68^3 -> 30619.793 | M23: =J23*$C$68^3 -> 30619.793 | N23: =K23*$C$68^3 -> 30619.793 | O23: =L23*$C$68^3 -> 32493.969 | P23: =M23*$C$68^3 -> 32493.969 | Q23: =N23*$C$68^3 -> 32493.969 | R23: =O23*$C$68^3 -> 34482.86 | S23: =P23*$C$68^3 -> 34482.86 | ... Y23: =V23*$C$68^3 -> 38833.301
B24: Evaulation Training & Development* | C24: ='[1]Plan&Mgmt'!F62 -> 21256.048 | D24: ='[1]Plan&Mgmt'!G62 -> 16608.592 | E24: ='[1]Plan&Mgmt'!H62 -> 21737.76 | F24: =ROUND(SUM(C24:E24),-2) -> 59600 | H24: =F24 -> 59600 | I24: =C23*$C$68^3 -> 28853.715 | J24: =D23*$C$68^3 -> 28853.715 | K24: =E23*$C$68^3 -> 28853.715 | L24: =I24*$C$68^3 -> 30619.793 | M24: =J24*$C$68^3 -> 30619.793 | N24: =K24*$C$68^3 -> 30619.793 | O24: =L24*$C$68^3 -> 32493.969 | P24: =M24*$C$68^3 -> 32493.969 | Q24: =N24*$C$68^3 -> 32493.969 | R24: =O24*$C$68^3 -> 34482.86 | S24: =P24*$C$68^3 -> 34482.86 | ... Y24: =V24*$C$68^3 -> 38833.301
B25: DRP | C25: ='[1]Plan&Mgmt'!F98 -> 0 | D25: ='[1]Plan&Mgmt'!G98 -> 13946.8 | E25: ='[1]Plan&Mgmt'!H98 -> 5801.6 | F25: =ROUND(SUM(C25:E25),-2) -> 19700 | H25: =F25 -> 19700 | I25: =C24*$C$68^3 -> 22557.088 | J25: =D24*$C$68^3 -> 17625.171 | K25: =E25*$C$68^3 -> 6156.7043 | L25: =I25*$C$68^3 -> 23937.762 | M25: =J25*$C$68^3 -> 18703.972 | N25: =K25*$C$68^3 -> 6533.5439 | O25: =L25*$C$68^3 -> 25402.945 | P25: =M25*$C$68^3 -> 19848.805 | Q25: =N25*$C$68^3 -> 6933.449 | R25: =O25*$C$68^3 -> 26957.808 | S25: =P25*$C$68^3 -> 21063.711 | ... Y25: =V25*$C$68^3 -> 23721.159
B26: Other Direct Costs* | C26: ='[1]Plan&Mgmt'!D72 -> 528 | D26: ='[1]Plan&Mgmt'!E72 -> 4928 | E26: ='[1]Plan&Mgmt'!F72 -> 528 | F26: =ROUND(SUM(C26:E26),-2) -> 6000 | H26: =F26 -> 6000 | I26: =C26*$C$68^3 -> 560.31782 | J26: =D26*$C$68^3 -> 5229.633 | K26: =E26*$C$68^3 -> 560.31782 | L26: =I26*$C$68^3 -> 594.61376 | M26: =J26*$C$68^3 -> 5549.7284 | N26: =K26*$C$68^3 -> 594.61376 | O26: =L26*$C$68^3 -> 631.00888 | P26: =M26*$C$68^3 -> 5889.4162 | Q26: =N26*$C$68^3 -> 631.00888 | R26: =O26*$C$68^3 -> 669.63167 | S26: =P26*$C$68^3 -> 6249.8956 | ... Y26: =V26*$C$68^3 -> 7038.3975
B28: Contingency [6] | C28: =(SUM(C7:C19))*0.05 -> 89053.313 | D28: =(SUM(D7:D19))*0.05 -> 26413.918 | E28: =(SUM(E7:E19))*0.05 -> 26092.051 | F28: =ROUND(SUM(C28:E28),-2) -> 141600 | H28: =F28 -> 141600 | I28: =(SUM(I7:I19))*0.05 -> 92069.235 | J28: =(SUM(J7:J19)+M6)*0.05 -> 48350.856 | K28: =(SUM(K7:K19)+N6)*0.05 -> 38256.204 | L28: =(SUM(L7:L19)+O6)*0.05 -> 104186.38 | M28: =(SUM(M7:M19)+P6)*0.05 -> 49985.354 | N28: =(SUM(N7:N19)+Q6)*0.05 -> 40708.986 | O28: =(SUM(O7:O19)+R6)*0.05 -> 108848.62 | P28: =(SUM(P7:P19)+S6)*0.05 -> 53347.819 | Q28: =(SUM(Q7:Q19)+T6)*0.05 -> 41830.613 | ... Y28: =(SUM(Y7:Y19)+AB6)*0.05 -> 60459.624
B29: Behavioral Evaluation [7] | C29: =[1]Behavioral!F18 -> 261900.67 | D29: =[1]Behavioral!G18 -> 259339.38 | E29: =[1]Behavioral!H18 -> 262872.3 | F29: =ROUND(SUM(C29:E29),-2) -> 784100 | H29: =F29 -> 784100
B31: Annual EEC Funded budget | C31: =SUM(C7:C30) -> 2189944.4 | D31: =SUM(D7:D30) -> 886014.03 | E31: =SUM(E7:E30) -> 882197.92
B32: Total 2015-2017 Energy Efficiency Charge Funded Budget | C32: =F28+F21+F13+F6+F29 -> 3958200 | H32: =SUM(H6+H13+H21+H28+H29) -> 2624300 | I32: =SUM(I7:I31) -> 2023777.3 | J32: =SUM(J7:J31) -> 1105809.5 | K32: =SUM(K7:K31) -> 884928.07 | L32: =SUM(L7:L31) -> 2283765.7 | M32: =SUM(M7:M31) -> 1145669.7 | N32: =SUM(N7:N31) -> 941427.87 | O32: =SUM(O7:O31) -> 2387539.9 | P32: =SUM(P7:P31) -> 1222156.1 | ... Y32: =SUM(Y7:Y31) -> 1391374.5
B34: Core Heating and Process Fuel Evaluation | F34: =F35+F36 -> 168000 | H34: =SUM(H35:H36) -> 104400
B35: HPwES Evaluation [8] | C35: =[1]HPwES!D32 -> 69035.735 | D35: =[1]HPwES!E32 -> 0 | E35: =[1]HPwES!F32 -> 0 | F35: =ROUND(SUM(C35:E35),-2) -> 69000 | G35: 63620 | H35: =ROUND(SUM(F35-G35),-2) -> 5400 | I35: 0 | J35: =[1]HPwES!G17*$C$68^3 -> 0 | K35: 0 | L35: =I35*$C$68^3 -> 0 | M35: =J35*$C$68^3 -> 0 | N35: =K35*$C$68^3 -> 0 | O35: =L35*$C$68^3 -> 0 | P35: =M35*$C$68^3 -> 0 | Q35: =N35*$C$68^3 -> 0 | R35: =O35*$C$68^3 -> 0 | S35: =P35*$C$68^3 -> 0 | ... Y35: =V35*$C$68^3 -> 0
B36: TEPF Potential Study | C36: ='[1]TEPF Potential'!F15 -> 0 | D36: ='[1]TEPF Potential'!G15 -> 99010.655 | E36: ='[1]TEPF Potential'!H15 -> 0 | F36: =ROUND(SUM(C36:E36),-2) -> 99000 | H36: =F36-G36 -> 99000 | I36: 0 | J36: =D36*1.02 -> 100990.87 | K36: 0 | L36: 0 | M36: =J36*1.02 -> 103010.69 | N36: 0 | O36: 0 | P36: =M36*1.02 -> 105070.9 | Q36: 0 | R36: 0 | S36: =P36*1.02 -> 107172.32 | T36: 0 | U36: 0 | V36: =S36*1.02 -> 109315.76 | W36: 0 | X36: 0 | Y36: =V36*1.02 -> 111502.08
B38: Shared Heating and Process Fuel Evaluation | F38: =F39+F40+F41+F42 -> 212200 | H38: =SUM(H39:H42) -> 77200
B39: Market Characterizations* | C39: ='[1]Mkt Characterizations'!F20 -> 160539.97 | D39: ='[1]Mkt Characterizations'!G20 -> 0 | E39: ='[1]Mkt Characterizations'!H20 -> 0 | F39: =ROUND(SUM(C39:E39),-2) -> 160500 | G39: 135000 | H39: =F39-G39 -> 25500 | I39: =C39*$C$68^3 -> 170366.3 | J39: =D39*$C$68^3 -> 0 | K39: =E39*$C$68^3 -> 0 | L39: =I39*$C$68^3 -> 180794.08 | M39: =J39*$C$68^3 -> 0 | N39: =K39*$C$68^3 -> 0 | O39: =L39*$C$68^3 -> 191860.13 | P39: =M39*$C$68^3 -> 0 | Q39: =N39*$C$68^3 -> 0 | R39: =O39*$C$68^3 -> 203603.5 | S39: =P39*$C$68^3 -> 0 | ... Y39: =V39*$C$68^3 -> 0
B40: Non-Resource Acquisition Initiatives* | C40: =[1]NRA!F20 -> 459.744 | D40: =[1]NRA!G20 -> 1195.44 | E40: =[1]NRA!H20 -> 5300.232 | F40: =ROUND(SUM(C40:E40),-2) -> 7000 | H40: =F40-G40 -> 7000 | I40: =C40*$C$68^3 -> 487.88401 | J40: =D40*$C$68^3 -> 1268.6105 | K40: =E40*$C$68^3 -> 5624.6486 | L40: =I40*$C$68^3 -> 517.74642 | M40: =J40*$C$68^3 -> 1346.2596 | N40: =K40*$C$68^3 -> 5968.9221 | O40: =L40*$C$68^3 -> 549.43664 | P40: =M40*$C$68^3 -> 1428.6615 | Q40: =N40*$C$68^3 -> 6334.2679 | R40: =O40*$C$68^3 -> 583.06656 | S40: =P40*$C$68^3 -> 1516.107 | ... Y40: =V40*$C$68^3 -> 1707.3827
B41: Administrative Efficiency* | C41: ='[1]Admin Efficiency'!F17 -> 0 | D41: ='[1]Admin Efficiency'!G17 -> 19037.044 | E41: ='[1]Admin Efficiency'!H17 -> 0 | F41: =ROUND(SUM(C41:E41),-2) -> 19000 | H41: =F41-G41 -> 19000 | I41: =C41*$C$68^3 -> 0 | J41: =D41*$C$68^3 -> 20202.264 | K41: =E41*$C$68^3 -> 0 | L41: =I41*$C$68^3 -> 0 | M41: =J41*$C$68^3 -> 21438.804 | N41: =K41*$C$68^3 -> 0 | O41: =L41*$C$68^3 -> 0 | P41: =M41*$C$68^3 -> 22751.03 | Q41: =N41*$C$68^3 -> 0 | R41: =O41*$C$68^3 -> 0 | S41: =P41*$C$68^3 -> 24143.575 | ... Y41: =V41*$C$68^3 -> 27189.587
B42: Overall Performace Assessment | C42: =[1]OPA!F20*0.12 -> 25684.41 | D42: =[1]OPA!G20*0.12 -> 0 | E42: =[1]OPA!H20*0.12 -> 0 | F42: =ROUND(SUM(C42:E42),-2) -> 25700 | H42: =F42-G42 -> 25700
B44: Shared Planning and Management | F44: =F45+F46+F47+F48 -> 23300 | H44: =SUM(H45:H48) -> 23300
B45: Evaluation Planning & Administration* | C45: ='[1]Plan&Mgmt'!C15 -> 1106.259 | D45: ='[1]Plan&Mgmt'!D15 -> 1150.611 | E45: ='[1]Plan&Mgmt'!E15 -> 1994.3 | F45: =ROUND(SUM(C45:E45),-2) -> 4300 | H45: =F45 -> 4300 | I45: =C45*$C$68^3 -> 1173.9709 | J45: =D45*$C$68^3 -> 1221.0376 | K45: =E45*$C$68^3 -> 2116.3671 | L45: =I45*$C$68^3 -> 1245.8273 | M45: =J45*$C$68^3 -> 1295.7749 | N45: =K45*$C$68^3 -> 2245.9057 | O45: =L45*$C$68^3 -> 1322.0819 | P45: =M45*$C$68^3 -> 1375.0867 | Q45: =N45*$C$68^3 -> 2383.3731 | R45: =O45*$C$68^3 -> 1403.0039 | S45: =P45*$C$68^3 -> 1459.253 | ... Y45: =V45*$C$68^3 -> 1643.3558
B46: Expert Technical Assistance* | C46: ='[1]Plan&Mgmt'!C38 -> 3360.5 | D46: ='[1]Plan&Mgmt'!D38 -> 3360.5 | E46: ='[1]Plan&Mgmt'!E38 -> 3360.5 | F46: =ROUND(SUM(C46:E46),-2) -> 10100 | H46: =F46 -> 10100 | I46: =C46*$C$68^3 -> 3566.1895 | J46: =D46*$C$68^3 -> 3566.1895 | K46: =E46*$C$68^3 -> 3566.1895 | L46: =I46*$C$68^3 -> 3784.4688 | M46: =J46*$C$68^3 -> 3784.4688 | N46: =K46*$C$68^3 -> 3784.4688 | O46: =L46*$C$68^3 -> 4016.1086 | P46: =M46*$C$68^3 -> 4016.1086 | Q46: =N46*$C$68^3 -> 4016.1086 | R46: =O46*$C$68^3 -> 4261.9266 | S46: =P46*$C$68^3 -> 4261.9266 | ... Y46: =V46*$C$68^3 -> 4799.6215
B47: Evaulation Training & Development* | C47: ='[1]Plan&Mgmt'!F63 -> 2898.552 | D47: ='[1]Plan&Mgmt'!G63 -> 2264.808 | E47: ='[1]Plan&Mgmt'!H63 -> 2964.24 | F47: =ROUND(SUM(C47:E47),-2) -> 8100 | H47: =F47 -> 8100 | I47: =C47*$C$68^3 -> 3075.9666 | J47: =D47*$C$68^3 -> 2403.4324 | K47: =E47*$C$68^3 -> 3145.6752 | L47: =I47*$C$68^3 -> 3264.2403 | M47: =J47*$C$68^3 -> 2550.5417 | N47: =K47*$C$68^3 -> 3338.2157 | O47: =L47*$C$68^3 -> 3464.038 | P47: =M47*$C$68^3 -> 2706.6552 | Q47: =N47*$C$68^3 -> 3542.5412 | R47: =O47*$C$68^3 -> 3676.0648 | S47: =P47*$C$68^3 -> 2872.3242 | ... Y47: =V47*$C$68^3 -> 3234.7035
B48: Other Direct Costs* | C48: ='[1]Plan&Mgmt'!D73 -> 72 | D48: ='[1]Plan&Mgmt'!E73 -> 672 | E48: ='[1]Plan&Mgmt'!F73 -> 72 | F48: =ROUND(SUM(C48:E48),-2) -> 800 | H48: =F48 -> 800 | I48: =C48*$C$68^3 -> 76.406976 | J48: =D48*$C$68^3 -> 713.13178 | K48: =E48*$C$68^3 -> 76.406976 | L48: =I48*$C$68^3 -> 81.083694 | M48: =J48*$C$68^3 -> 756.78115 | N48: =K48*$C$68^3 -> 81.083694 | O48: =L48*$C$68^3 -> 86.046665 | P48: =M48*$C$68^3 -> 803.10221 | Q48: =N48*$C$68^3 -> 86.046665 | R48: =O48*$C$68^3 -> 91.313409 | S48: =P48*$C$68^3 -> 852.25849 | ... Y48: =V48*$C$68^3 -> 959.78148
B50: HPF Contingency [9] | C50: =(SUM(C35:C41))*0.1 -> 23003.545 | D50: =(SUM(D35:D41))*0.1 -> 11924.314 | E50: =(SUM(E35:E41))*0.1 -> 530.0232 | F50: =ROUND(SUM(C50:E50),-2) -> 35500 | H50: =F50 -> 35500 | I50: =C50*$C$68^3 -> 24411.546 | J50: =D50*$C$68^3 -> 12654.177 | K50: =E50*$C$68^3 -> 562.46486 | L50: =I50*$C$68^3 -> 25905.728 | M50: =J50*$C$68^3 -> 13428.714 | N50: =K50*$C$68^3 -> 596.89221 | O50: =L50*$C$68^3 -> 27491.366 | P50: =M50*$C$68^3 -> 14250.659 | Q50: =N50*$C$68^3 -> 633.42679 | R50: =O50*$C$68^3 -> 29174.057 | S50: =P50*$C$68^3 -> 15122.913 | ... Y50: =V50*$C$68^3 -> 17030.857
B52: Annual HPF Funded Budget | C52: =SUM(C35:C51) -> 286160.72 | D52: =SUM(D35:D51) -> 138615.37 | E52: =SUM(E35:E51) -> 14221.295
B53: Total 2015-2017 Thermal Energy Process Fuel Evaluation | C53: =F50+F44+F38+F34 -> 439000 | H53: =SUM(H34+H38+H44+H50) -> 240400 | I53: =SUM(I35:I52) -> 203158.27 | J53: =SUM(J35:J52) -> 143019.71 | K53: =SUM(K35:K52) -> 15091.752 | L53: =SUM(L35:L52) -> 215593.18 | M53: =SUM(M35:M52) -> 147612.03 | N53: =SUM(N35:N52) -> 16015.488 | O53: =SUM(O35:O52) -> 228789.21 | P53: =SUM(P35:P52) -> 152402.2 | ... Y53: =SUM(Y35:Y52) -> 168067.37
B55: FCM Evaluation | F55: =SUM(F56:F57) -> 1882000 | H55: =F55 -> 1882000
B56: Core FCM Evaluation [10] | C56: =[1]SVFCM!F15 -> 632134.19 | D56: =[1]SVFCM!G15 -> 555384.1 | E56: =[1]SVFCM!H15 -> 634757.8 | F56: =ROUND(SUM(C56:E56),-2) -> 1822300 | H56: =F56 -> 1822300 | I56: =E56*1.026 -> 651261.5 | J56: =I56*$C$68 -> 664286.73 | K56: =J56*$C$68 -> 677572.47 | L56: 618656.98 | M56: 618656.98 | N56: 618656.98 | O56: 618656.98 | P56: 618656.98 | Q56: 618656.98 | R56: 618656.98 | S56: 618656.98 | T56: 618656.98 | U56: 618656.98 | V56: 618656.98 | W56: 618656.98 | X56: 618656.98 | Y56: 618656.98
B57: Regional Coordination [4] | C57: =[1]Regional!F20 -> 19472.58 | D57: =[1]Regional!G20 -> 19883.2 | E57: =[1]Regional!H20 -> 20302.728 | F57: =ROUND(SUM(C57:E57),-2) -> 59700 | H57: =F57 -> 59700 | I57: =E57*1.026 -> 20830.599 | J57: =I57*$C$68 -> 21247.21 | K57: =J57*$C$68 -> 21672.155 | L57: =K57*$C$68 -> 22105.598 | M57: =L57*$C$68 -> 22547.71 | N57: =M57*$C$68 -> 22998.664 | O57: =N57*$C$68 -> 23458.637 | P57: =O57*$C$68 -> 23927.81 | Q57: =P57*$C$68 -> 24406.366 | ... Y57: =X57*$C$68 -> 28595.948
B59: Annual FCM Evaluation Budget | C59: =SUM(C56:C58) -> 651606.77 | D59: =SUM(D56:D58) -> 575267.3 | E59: =SUM(E56:E58) -> 655060.53
B60: Total 2015-2017 FCM Revenue Funded Budget | C60: =F55 -> 1882000 | H60: =C60 -> 1882000 | I60: =SUM(I56:I59) -> 672092.1 | J60: =SUM(J56:J59) -> 685533.94 | K60: =SUM(K56:K59) -> 699244.62 | L60: =SUM(L56:L59) -> 640762.57 | M60: =SUM(M56:M59) -> 641204.69 | N60: =SUM(N56:N59) -> 641655.64 | O60: =SUM(O56:O59) -> 642115.61 | P60: =SUM(P56:P59) -> 642584.79 | ... Y60: =SUM(Y56:Y59) -> 647252.92
C63: EEC Cost Share | D63: 0.88
C64: TEPF Cost Share | D64: 0.12
A66: [Notes]
A67: * | B67: Indicates a split funded EEC (88%) and TEPF (12%) activity as described in 'EEC TEPF % Share Reference' tab - based on % share of total EEC and TEPF three year budgets
A68: 1 | B68: Inflation = | C68: 1.02
A69: 2 | B69: GT - Assume no specific GT study necessary. Setaside for potential future GT study.
A70: 3 | B70: HPwES study for the electric portion of the overall HPwES study.
A71: 4 | B71: Regional Coordination is $239,000 over three years shared between EEC (75%) and FCM (25%) revenues, as described on 'Regional' tab.
A72: 5 | B72: Planning and Management activities, informing and relating to areas funded by multiple sources, are proposed to be funded by both TEPF and EEC Funds as described on the 'plan&Mgmt' tab.
A73: 6 | B73: Contingency -- All budget values are estimates, and subject to varying degrees of uncertainty - especially with regards to projects that where competitive bids are solicited. Planning and Management costs not subject to contingency factor (5%)
A74: 7 | B74: Behavioral Evaluation Contingency - Budget amount included as contingency depending upon PSB order re behaviour
A75: 8 | B75: HPwES evaluation assumes cost share equal to HPwES program in 2012. future costs assume full cost funded from HPF Revenue sources
A76: 9 | B76: TEPF funding is highly uncertain, and thus programs may change throughout the funding period. DPS proposes a contingency fund of 10% annual evaluation budgets to address specific issues as they arise. In most cases, TEPF contingency will likely be used to leverage additional evaluation activity from other avenues
A77: 10 | B77: FCM Core Evaluation held constat beginning in 2017 recognizing regional work and efficiencies will hold costs down
A78: 11 | B78: Three year totals rounded to nearest 100
A79: 12 | B79: Carryover represented here is only for prior approved PSD evaluations that have not yet taken place and no funds have been spent. This does not represent all of the funds that the PSD may request to carryover from the 2012-2014 period.
A80: 13 | B80: Represents the actual budget impact of Evaluation on calculating the EEC if carrying over these specific ear marked funds are approved. The evaluations that include carryover funds are scheduled for early 2015.
A82: Other | B82: SMEEP tabincluded on this spreadsheet for reference purposes. This tab may not represent full costs associated with this efforts.
B83: Natural Gas Efficeincy Evaluation is not included in this spreadsheet
B84: CEED not shown here due to CEED annual evaluation plan requirements.
C89: 2015 | D89: 2016 | E89: 2017
B90: EEC | C90: =ROUND(C7+C8+C9+C11+C16+C17+C18+C25+C28+C29,-2) -> 763000 | D90: =ROUND(D7+D8+D9+D11+D16+D17+D18+D25+D28+D29,-2) -> 679600 | E90: =ROUND(E7+E8+E9+E11+E16+E17+E18+E25+E28+E29,-2) -> 777700 | G90: =ROUND(AVERAGE(C90:E90),-2) -> 740100 | H90: =G90*3 -> 2220300
B91: EEC/TEPF | C91: =ROUND(C10+C14+C15+C22+C23+C24+C26+C19,-2) -> 1426900 | D91: =ROUND(D10+D14+D15+D22+D23+D24+D26+D19,-2) -> 206400 | E91: =ROUND(E10+E14+E15+E22+E23+E24+E26+E19,-2) -> 104500 | G91: =ROUND(AVERAGE(C91:E91),-2) -> 579300 | H91: =G91*3 -> 1737900
B92: TEPF/EEC | C92: =ROUND(C39+C40+C41+C42+C45+C46+C47+C48,-2) -> 194100 | D92: =ROUND(D39+D40+D41+D42+D45+D46+D47+D48,-2) -> 27700 | E92: =ROUND(E39+E40+E41+E42+E45+E46+E47+E48,-2) -> 13700 | G92: =ROUND(AVERAGE(C92:E92),-2) -> 78500 | H92: =G92*3 -> 235500
B93: TEPF | C93: =ROUND(C35+C36+C50,-2) -> 92000 | D93: =ROUND(D35+D36+D50,-2) -> 110900 | E93: =ROUND(E35+E36+E50,-2) -> 500 | G93: =ROUND(AVERAGE(C93:E93),-2) -> 67800 | H93: =G93*3 -> 203400
B94: FCM | C94: =ROUND(C56+C57,-2) -> 651600 | D94: =ROUND(D56+D57,-2) -> 575300 | E94: =ROUND(E56+E57,-2) -> 655100 | G94: =ROUND(AVERAGE(C94:E94),-2) -> 627300 | H94: =G94*3 -> 1881900
C97: 2015 | D97: 2016 | E97: 2017
B98: EEC Share | C98: =(G90+G91) -> 1319400 | D98: =(G90+G91) -> 1319400 | E98: =(G90+G91) -> 1319400
B99: TEPF Share | C99: =ROUND((G92+G93+G94),-2) -> 773600 | D99: =ROUND((G92+G93+G94),-2) -> 773600 | E99: =ROUND((G92+G93+G94),-2) -> 773600
C100: =C98+C99 -> 2093000 | D100: =D98+D99 -> 2093000 | E100: =E98+E99 -> 2093000
B102: EVT EEC Share | C102: =ROUND(C98*0.94,-2) -> 1240200 | D102: =ROUND(D98*0.94,-2) -> 1240200 | E102: =ROUND(E98*0.94,-2) -> 1240200
B103: BED EEC Share | C103: =ROUND(C99*0.94,-2) -> 727200 | D103: =ROUND(D99*0.94,-2) -> 727200 | E103: =ROUND(E99*0.94,-2) -> 727200
C104: =C102+C103 -> 1967400 | D104: =D102+D103 -> 1967400 | E104: =E102+E103 -> 1967400
B106: EVT TEPF Share | C106: =ROUND(C99*0.96,-2) -> 742700 | D106: =ROUND(D99*0.96,-2) -> 742700 | E106: =ROUND(E99*0.96,-2) -> 742700
B107: BED TEPF Share | C107: =ROUND(C99*0.04,-2) -> 30900 | D107: =ROUND(D99*0.04,-2) -> 30900 | E107: =ROUND(E99*0.04,-2) -> 30900
C108: =C106+C107 -> 773600 | D108: =D106+D107 -> 773600 | E108: =E106+E107 -> 773600

Sheet FA and Fund Audit
A2: EEC Budget 2015-2017
C3: 2015 | D3: 2016 | E3: 2017 | F3: 3-yr Total
A4: Funded via EEC
A5: Fiscal Agent | C5: ='DPS Recommendation'!C17 -> 33243.803 | D5: ='DPS Recommendation'!D17 -> 33243.803 | E5: ='DPS Recommendation'!E17 -> 33243.803 | F5: =SUM(C5:E5) -> 99731.408
A6: Fiscal Agent Audit | C6: ='DPS Recommendation'!C18 -> 19946.282 | D6: ='DPS Recommendation'!D18 -> 19946.282 | E6: ='DPS Recommendation'!E18 -> 19946.282 | F6: =SUM(C6:E6) -> 59838.845
C7: =SUM(C5:C6) -> 53190.085 | D7: =SUM(D5:D6) -> 53190.085 | E7: =SUM(E5:E6) -> 53190.085 | F7: =SUM(C7:E7) -> 159570.25

Sheet BED VEIC % Change
C2: Table X: Annual Percent Rate Increase
D3: BED RA Budget | E3: % Change | F3: EVT RA Budget | G3: % Change
C4: 2014 | D4: 2168414.2 | E4: - | F4: 37367789 | G4: -
C5: 2015 | D5: =2337666.32+'DPS Recommendation'!C10 -> 2419484.6 | E5: =(D5-D4)/D4 -> 0.11578528 | F5: =39351358.8121601+'DPS Recommendation'!C8 -> 40728656 | G5: =(F5-F4)/F4 -> 0.089940232
C6: 2016 | D6: =2513980+'DPS Recommendation'!D10 -> 2620824.1 | E6: =(D6-D5)/D5 -> 0.083215871 | F6: =42460068.07904+'DPS Recommendation'!D8 -> 44264621 | G6: =(F6-F5)/F5 -> 0.08681761
C7: 2017 | D7: =2696148+'DPS Recommendation'!E10 -> 2803993.9 | E7: =(D7-D6)/D6 -> 0.069890141 | F7: =45555422.9614688+'DPS Recommendation'!E8 -> 47377640 | G7: =(F7-F6)/F6 -> 0.070327472
C8: 2018 | D8: 2780381.5 | E8: =(D8-D7)/D7 -> -0.0084209919 | F8: 48034051 | G8: =(F8-F7)/F7 -> 0.013854868 | H8: Note: no RA R&D included from 2018 and beyond
C9: 2019 | D9: 2868773.1 | E9: =(D9-D8)/D8 -> 0.031791189 | F9: 49645840 | G9: =(F9-F8)/F8 -> 0.03355514
C10: 2020 | D10: 2966063.1 | E10: =(D10-D9)/D9 -> 0.033913439 | F10: 51279154 | G10: =(F10-F9)/F9 -> 0.032899308
C11: 2021 | D11: 3056968.3 | E11: =(D11-D10)/D10 -> 0.030648431 | F11: 52828643 | G11: =(F11-F10)/F10 -> 0.030216749
C12: 2022 | D12: 3149248.6 | E12: =(D12-D11)/D11 -> 0.030186884 | F12: 54549928 | G12: =(F12-F11)/F11 -> 0.032582422
C13: 2023 | D13: 3243315.1 | E13: =(D13-D12)/D12 -> 0.029869484 | F13: 56254913 | G13: =(F13-F12)/F12 -> 0.031255495
C14: 2024 | D14: 3349072.2 | E14: =(D14-D13)/D13 -> 0.032607741 | F14: 58069805 | G14: =(F14-F13)/F13 -> 0.032261921
C15: 2025 | D15: 3453508.3 | E15: =(D15-D14)/D14 -> 0.031183576 | F15: 59920919 | G15: =(F15-F14)/F14 -> 0.031877394
C16: 2026 | D16: 3568529.7 | E16: =(D16-D15)/D15 -> 0.033305661 | F16: 61707337 | G16: =(F16-F15)/F15 -> 0.029812921
C17: 2027 | D17: 3648110.6 | E17: =(D17-D16)/D16 -> 0.02230076 | F17: 63157477 | G17: =(F17-F16)/F16 -> 0.023500297
C18: 2028 | D18: 3764670.9 | E18: =(D18-D17)/D17 -> 0.031950875 | F18: 65086641 | G18: =(F18-F17)/F17 -> 0.030545294
C19: 2029 | D19: 3881651.4 | E19: =(D19-D18)/D18 -> 0.031073241 | F19: 66982240 | G19: =(F19-F18)/F18 -> 0.029124244
C20: 2030 | D20: 4004169.2 | E20: =(D20-D19)/D19 -> 0.03156331 | F20: 69058751 | G20: =(F20-F19)/F19 -> 0.031000916
... C24: 2034 | D24: 4533828.3 | E24: =(D24-D23)/D23 -> 0.03 | F24: 75969503 | G24: =(F24-F23)/F23 -> 0.023872075

Sheet BED Scen 2
A2: BED EEU DRP Electric Budgets and Savings Recommendations for 2015-2034
A3: Scenario 2 - Sustained Growth -Inaugural DRP Extended (budget constrained) | B3: (Acquisition of all economically achievable potential through the extension of the current 2012-2031 DRP through 2034, with 2032-2034 annual budgets increased at the same rate as the average year 2018-2031).
C5: 2015 | D5: =+C5+1 -> 2016 | E5: =+D5+1 -> 2017 | F5: 3-yr Total | G5: 2018 | H5: =+G5+1 -> 2019 | I5: =+H5+1 -> 2020 | J5: =+I5+1 -> 2021 | K5: =+J5+1 -> 2022 | L5: =+K5+1 -> 2023 | M5: =+L5+1 -> 2024 | N5: =+M5+1 -> 2025 | O5: =+N5+1 -> 2026 | ... W5: =+V5+1 -> 2034 | X5: Total
B6: Electric Resource Acquisition
B7: BED Delivery Budget | C7: =+(2337666*0)+2337666 -> 2337666 | D7: 2513980 | E7: 2696148 | F7: 7594547.3 | G7: 2780381.5 | H7: 2868773.1 | I7: 2966063.1 | J7: 3056968.3 | K7: 3149248.6 | L7: 3243315.1 | M7: 3349072.2 | N7: 3453508.3 | O7: 3568529.7 | P7: 3648110.6 | Q7: 3764670.9 | R7: 3881651.4 | S7: 4004169.2 | T7: 4149095.2 | U7: 4273568 | V7: 4401775.1 | W7: 4533828.3 | X7: 68687276
B8: mWh Goal | C8: 6769.0462 | D8: 6777.3801 | E8: 6784.1495 | F8: 20330.576 | G8: 6512.5448 | H8: 5841.319 | I8: 6226.7991 | J8: 6177.7961 | K8: 5488.2329 | L8: 5686.4028 | M8: 5339.5594 | N8: 5076.0582 | O8: 5038.683 | P8: 4801.4181 | Q8: 5035.2184 | R8: 4981.3114 | S8: 4655.2133 | T8: 4566.373 | U8: 4548.0269 | V8: 4336.9908 | W8: 4383.3985 | X8: 109025.92
B10: Proposed Budgets
B11: Commercial | C11: 1753250 | D11: 1885485 | E11: 2022111 | F11: 5695910.5 | G11: 2085286.1 | H11: 2151579.9 | I11: 2224547.3 | J11: 2292726.2 | K11: 2361936.5 | L11: 2432486.3 | M11: 2511804.2 | N11: 2590131.2 | O11: 2676397.2 | P11: 2736082.9 | Q11: 2823503.2 | R11: 2911238.6 | S11: 3003126.9 | T11: 3111821.4 | U11: 3205176 | V11: 3301331.3 | W11: 3400371.3 | X11: 51515457
B12: Residential | C12: 584417 | D12: 628495 | E12: 674037 | F12: 1898636.8 | G12: 695095.38 | H12: 717193.29 | I12: 741515.78 | J12: 764242.07 | K12: 787312.16 | L12: 810828.77 | M12: 837268.06 | N12: 863377.07 | O12: 892132.42 | P12: 912027.65 | Q12: 941167.73 | R12: 970412.86 | S12: 1001042.3 | T12: 1037273.8 | U12: 1068392 | V12: 1100443.8 | W12: 1133457.1 | X12: 17171819
B13: Total | C13: =SUM(C11:C12) -> 2337667 | D13: 2513980 | E13: 2696148 | F13: 7594547.3 | G13: 2780381.5 | H13: 2868773.1 | I13: 2966063.1 | J13: 3056968.3 | K13: 3149248.6 | L13: 3243315.1 | M13: 3349072.2 | N13: 3453508.3 | O13: 3568529.7 | P13: 3648110.6 | Q13: 3764670.9 | R13: 3881651.4 | S13: 4004169.2 | T13: 4149095.2 | U13: 4273568 | V13: 4401775.1 | W13: 4533828.3 | X13: 68687276
B15: Proposed mWh Savings
B16: Commercial | C16: 5076.7846 | D16: 5083.0351 | E16: 5088.1121 | F16: 15247.932 | G16: 5210.0359 | H16: 4673.0552 | I16: 4981.4393 | J16: 4942.2369 | K16: 4390.5863 | L16: 4549.1222 | M16: 4271.6475 | N16: 4060.8466 | O16: 4030.9464 | P16: 3841.1345 | Q16: 4028.1747 | R16: 3985.0491 | S16: 3724.1706 | T16: 3653.0984 | U16: 3638.4215 | V16: 3469.5927 | W16: 3506.7188
B17: Residential | C17: 1692.2615 | D17: 1694.345 | E17: 1696.0374 | F17: 5082.6439 | G17: 1302.509 | H17: 1168.2638 | I17: 1245.3598 | J17: 1235.5592 | K17: 1097.6466 | L17: 1137.2806 | M17: 1067.9119 | N17: 1015.2116 | O17: 1007.7366 | P17: 960.28362 | Q17: 1007.0437 | R17: 996.26228 | S17: 931.04266 | T17: 913.27461 | U17: 909.60538 | V17: 867.39817 | W17: 876.6797
B18: Total | C18: 6769.0462 | D18: 6777.3801 | E18: 6784.1495 | F18: 20330.576 | G18: 6512.5448 | H18: 5841.319 | I18: 6226.7991 | J18: 6177.7961 | K18: 5488.2329 | L18: 5686.4028 | M18: 5339.5594 | N18: 5076.0582 | O18: 5038.683 | P18: 4801.4181 | Q18: 5035.2184 | R18: 4981.3114 | S18: 4655.2133 | T18: 4566.373 | U18: 4548.0269 | V18: 4336.9908 | W18: 4383.3985 | X18: 109025.92
B20: Yield Rate ($/mWh)
C21: 345 | D21: 370.93685 | E21: 397.41872 | F21: 373.55299 | G21: 426.92704 | H21: 491.11736 | I21: 476.33834 | J21: 494.83153 | K21: 573.81833 | L21: 570.36323 | M21: 627.21884 | N21: 680.35238 | O21: 708.22667 | P21: 759.79857 | Q21: 747.66785 | R21: 779.24288 | S21: 860.14731 | T21: 908.61941 | U21: 939.65321 | V21: 1014.9376 | W21: 1034.3181 | X21: 630.00867
B23: Proposed Summer CP-KW Goal | C23: 972.4347 | D23: 972.4347 | E23: 968.98635 | F23: 2913.8557 | G23: 923.00835 | H23: 826.45455 | I23: 836.7996 | J23: 826.45455 | K23: 660 | L23: 752.88975 | M23: 737.9469 | N23: 649.43925 | O23: 642.54255 | P23: 627.5997 | Q23: 625.3008 | R23: 621.85245 | S23: 481.61955 | T23: 478.1712 | U23: 474.72285 | V23: 460.92945 | W23: 458.63055 | X23: 13826.734
B24: Commercial | C24: 729.32603 | D24: 729.32603 | E24: 726.73976 | G24: 692.25626 | H24: 619.84091 | I24: 627.5997 | J24: 619.84091 | K24: 366.38719 | L24: 564.66731 | M24: 553.46018 | N24: 487.07944 | O24: 481.90691 | P24: 470.69977 | Q24: 468.9756 | R24: 466.38934 | S24: 361.21466 | T24: 358.6284 | U24: 356.04214 | V24: 345.69709 | W24: 343.97291
B25: Residential | C25: 243.10868 | D25: 243.10868 | E25: 242.24659 | G25: 230.75209 | H25: 206.61364 | I25: 209.1999 | J25: 206.61364 | K25: 122.12906 | L25: 188.22244 | M25: 184.48673 | N25: 162.35981 | O25: 160.63564 | P25: 156.89992 | Q25: 156.3252 | R25: 155.46311 | S25: 120.40489 | T25: 119.5428 | U25: 118.68071 | V25: 115.23236 | W25: 114.65764
B27: Proposed Winter CP-KW | C27: 1002.3204 | D27: 1003.5544 | E27: 1004.5568 | F27: 3010.4316 | G27: 964.3392 | H27: 864.94804 | I27: 922.02765 | J27: 914.77158 | K27: 812.66513 | L27: 842.00896 | M27: 790.65044 | N27: 751.63274 | O27: 746.09843 | P27: 710.96565 | Q27: 745.58541 | R27: 737.60318 | S27: 689.3165 | T27: 676.16156 | U27: 673.44497 | V27: 642.196 | W27: 640.88075 | X27: 16135.728
B28: Commercial | C28: 751.7403 | D28: 752.66583 | E28: 753.4176 | G28: 723.2544 | H28: 648.71103 | I28: 691.52074 | J28: 686.07868 | K28: 609.49884 | L28: 631.50672 | M28: 592.98783 | N28: 563.72455 | O28: 559.57382 | P28: 533.22423 | Q28: 559.18906 | R28: 553.20239 | S28: 516.98738 | T28: 507.12117 | U28: 505.08373 | V28: 481.647 | W28: 480.66057
B29: Residential | C29: 250.5801 | D29: 250.88861 | E29: 251.1392 | G29: 241.0848 | H29: 216.23701 | I29: 230.50691 | J29: 228.69289 | K29: 203.16628 | L29: 210.50224 | M29: 197.66261 | N29: 187.90818 | O29: 186.52461 | P29: 177.74141 | Q29: 186.39635 | R29: 184.4008 | S29: 172.32913 | T29: 169.04039 | U29: 168.36124 | V29: 160.549 | W29: 160.22019
B31: Total Resource Benefits (TRB)
B32: Commercial | C32: 6015989.8 | D32: 6023396.5 | E32: 6029412.8 | G32: 6173892.5 | H32: 5537570.4 | I32: 5903005.5 | J32: 5856550.7 | K32: 5202844.8 | L32: 5390709.9 | M32: 5061902.3 | N32: 4812103.2 | O32: 4776671.4 | P32: 4551744.3 | Q32: 4773387 | R32: 4722283.2 | S32: 4413142.2 | T32: 4328921.6 | U32: 4311529.5 | V32: 4111467.3 | W32: 4155461.8
B33: Residential | C33: 1561957.4 | D33: 1563880.5 | E33: 1565442.5 | G33: 1202215.8 | H33: 1078307.5 | I33: 1149467.1 | J33: 1140421.2 | K33: 1013127.8 | L33: 1049710 | M33: 985682.67 | N33: 937040.35 | O33: 930140.87 | P33: 886341.78 | Q33: 929501.31 | R33: 919550.08 | S33: 859352.37 | T33: 842952.46 | U33: 839565.76 | V33: 800608.51 | W33: 809175.36
B34: Total TRB | C34: 7577947.2 | D34: 7587277 | E34: 7594855.3 | F34: 22760080 | G34: 7376108.3 | H34: 6615877.9 | I34: 7052472.6 | J34: 6996971.8 | K34: 6215972.6 | L34: 6440419.8 | M34: 6047585 | N34: 5749143.6 | O34: 5706812.3 | P34: 5438086.1 | Q34: 5702888.3 | R34: 5641833.3 | S34: 5272494.6 | T34: 5171874.1 | U34: 5151095.2 | V34: 4912075.8 | W34: 4964637.1 | X34: 1.2321643e+08
C36: 2015 | D36: 2016 | E36: 2017 | G36: 2018 | H36: 2019 | I36: 2020 | J36: 2021 | K36: 2022 | L36: 2023 | M36: 2024 | N36: 2025 | O36: 2026 | P36: 2027 | Q36: 2028 | R36: 2029 | S36: 2030 | T36: 2031 | U36: 2032 | V36: 2033 | W36: 2034 | X36: Total
B37: Incr. Ann. MWh Saved at gen (Net)
B38: Residential
B39: Residential New Construction | C39: 67.690462 | D39: 67.773801 | E39: 67.841495 | G39: 52.100359 | H39: 46.730552 | I39: 49.814393 | J39: 49.422369 | K39: 43.905863 | L39: 45.491222 | M39: 42.716475 | N39: 40.608466 | O39: 40.309464 | P39: 38.411345 | Q39: 40.281747 | R39: 39.850491 | S39: 37.241706 | T39: 36.530984 | U39: 36.384215 | V39: 34.695927 | W39: 35.067188
B40: Efficient Products | C40: 1286.1188 | D40: 1287.7022 | E40: 1288.9884 | G40: 989.90682 | H40: 887.88049 | I40: 946.47346 | J40: 939.025 | K40: 834.2114 | L40: 864.33323 | M40: 811.61303 | N40: 771.56085 | O40: 765.87981 | P40: 729.81555 | Q40: 765.35319 | R40: 757.15933 | S40: 707.59242 | T40: 694.0887 | U40: 691.30009 | V40: 659.22261 | W40: 666.27657
B41: Existing Homes (inc. Market Rate MF) | C41: 253.83923 | D41: 254.15175 | E41: 254.40561 | G41: 195.37635 | H41: 175.23957 | I41: 186.80397 | J41: 185.33388 | K41: 164.64699 | L41: 170.59208 | M41: 160.18678 | N41: 152.28175 | O41: 151.16049 | P41: 144.04254 | Q41: 151.05655 | R41: 149.43934 | S41: 139.6564 | T41: 136.99119 | U41: 136.44081 | V41: 130.10973 | W41: 131.50195
B42: Low Income Single & Multi Family | C42: 84.613077 | D42: 84.717251 | E42: 84.801868 | G42: 65.125448 | H42: 58.41319 | I42: 62.267991 | J42: 61.777961 | K42: 54.882329 | L42: 56.864028 | M42: 53.395594 | N42: 50.760582 | O42: 50.38683 | P42: 48.014181 | Q42: 50.352184 | R42: 49.813114 | S42: 46.552133 | T42: 45.66373 | U42: 45.480269 | V42: 43.369908 | W42: 43.833985
B43: TOTAL RES | C43: 1692.2615 | D43: 1694.345 | E43: 1696.0374 | F43: 5082.6439 | G43: 1302.509 | H43: 1168.2638 | I43: 1245.3598 | J43: 1235.5592 | K43: 1097.6466 | L43: 1137.2806 | M43: 1067.9119 | N43: 1015.2116 | O43: 1007.7366 | P43: 960.28362 | Q43: 1007.0437 | R43: 996.26228 | S43: 931.04266 | T43: 913.27461 | U43: 909.60538 | V43: 867.39817 | W43: 876.6797
B45: Commercial
B46: Business New Construction | C46: 761.5177 | D46: 762.45526 | E46: 763.21682 | G46: 781.50538 | H46: 700.95828 | I46: 747.21589 | J46: 741.33553 | K46: 658.58795 | L46: 682.36834 | M46: 640.74713 | N46: 609.12699 | O46: 604.64195 | P46: 576.17017 | Q46: 604.2262 | R46: 597.75737 | S46: 558.62559 | T46: 547.96476 | U46: 545.76323 | V46: 520.4389 | W46: 526.00782
B47: Business Existing Facilities | C47: 4315.2669 | D47: 4320.5798 | E47: 4324.8953 | G47: 4428.5305 | H47: 3972.0969 | I47: 4234.2234 | J47: 4200.9013 | K47: 3731.9984 | L47: 3866.7539 | M47: 3630.9004 | N47: 3451.7196 | O47: 3426.3044 | P47: 3264.9643 | Q47: 3423.9485 | R47: 3387.2917 | S47: 3165.545 | T47: 3105.1337 | U47: 3092.6583 | V47: 2949.1538 | W47: 2980.711
B48: TOTAL COMMERCIAL | C48: 5076.7846 | D48: 5083.0351 | E48: 5088.1121 | F48: 15247.932 | G48: 5210.0359 | H48: 4673.0552 | I48: 4981.4393 | J48: 4942.2369 | K48: 4390.5863 | L48: 4549.1222 | M48: 4271.6475 | N48: 4060.8466 | O48: 4030.9464 | P48: 3841.1345 | Q48: 4028.1747 | R48: 3985.0491 | S48: 3724.1706 | T48: 3653.0984 | U48: 3638.4215 | V48: 3469.5927 | W48: 3506.7188
B50: Total Res & Com | C50: 6769.0462 | D50: 6777.3801 | E50: 6784.1495 | F50: 20330.576 | G50: 6512.5448 | H50: 5841.319 | I50: 6226.7991 | J50: 6177.7961 | K50: 5488.2329 | L50: 5686.4028 | M50: 5339.5594 | N50: 5076.0582 | O50: 5038.683 | P50: 4801.4181 | Q50: 5035.2184 | R50: 4981.3114 | S50: 4655.2133 | T50: 4566.373 | U50: 4548.0269 | V50: 4336.9908 | W50: 4383.3985 | X50: 109025.92
B52: Incr. Ann. Summer CP-KW Saved at gen (Net)
B53: Residential
B54: Residential New Construction | C54: 9.724347 | D54: 9.724347 | E54: 9.6898635 | G54: 9.2300835 | H54: 8.2645455 | I54: 8.367996 | J54: 8.2645455 | K54: 4.8851625 | L54: 7.5288975 | M54: 7.379469 | N54: 6.4943925 | O54: 6.4254255 | P54: 6.275997 | Q54: 6.253008 | R54: 6.2185245 | S54: 4.8161955 | T54: 4.781712 | U54: 4.7472285 | V54: 4.6092945 | W54: 4.5863055
B55: Efficient Products | C55: 184.76259 | D55: 184.76259 | E55: 184.10741 | G55: 175.37159 | H55: 157.02636 | I55: 158.99192 | J55: 157.02636 | K55: 92.818088 | L55: 143.04905 | M55: 140.20991 | N55: 123.39346 | O55: 122.08308 | P55: 119.24394 | Q55: 118.80715 | R55: 118.15197 | S55: 91.507715 | T55: 90.852528 | U55: 90.197341 | V55: 87.576595 | W55: 87.139804
B56: Existing Homes (inc. Market Rate MF) | C56: 36.466301 | D56: 36.466301 | E56: 36.336988 | G56: 34.612813 | H56: 30.992046 | I56: 31.379985 | J56: 30.992046 | K56: 18.319359 | L56: 28.233366 | M56: 27.673009 | N56: 24.353972 | O56: 24.095346 | P56: 23.534989 | Q56: 23.44878 | R56: 23.319467 | S56: 18.060733 | T56: 17.93142 | U56: 17.802107 | V56: 17.284854 | W56: 17.198646
B57: Low Income Single & Multi Family | C57: 12.155434 | D57: 12.155434 | E57: 12.112329 | G57: 11.537604 | H57: 10.330682 | I57: 10.459995 | J57: 10.330682 | K57: 6.1064531 | L57: 9.4111219 | M57: 9.2243363 | N57: 8.1179906 | O57: 8.0317819 | P57: 7.8449963 | Q57: 7.81626 | R57: 7.7731556 | S57: 6.0202444 | T57: 5.97714 | U57: 5.9340356 | V57: 5.7616181 | W57: 5.7328819
B58: TOTAL RES | C58: 243.10868 | D58: 243.10868 | E58: 242.24659 | F58: 728.46394 | G58: 230.75209 | H58: 206.61364 | I58: 209.1999 | J58: 206.61364 | K58: 122.12906 | L58: 188.22244 | M58: 184.48673 | N58: 162.35981 | O58: 160.63564 | P58: 156.89993 | Q58: 156.3252 | R58: 155.46311 | S58: 120.40489 | T58: 119.5428 | U58: 118.68071 | V58: 115.23236 | W58: 114.65764
B60: Commercial
B61: Business New Construction | C61: 109.3989 | D61: 109.3989 | E61: 109.01096 | G61: 103.83844 | H61: 92.976137 | I61: 94.139955 | J61: 92.976137 | K61: 54.958078 | L61: 84.700097 | M61: 83.019026 | N61: 73.061916 | O61: 72.286037 | P61: 70.604966 | Q61: 70.34634 | R61: 69.958401 | S61: 54.182199 | T61: 53.79426 | U61: 53.406321 | V61: 51.854563 | W61: 51.595937
B62: Business Existing Facilities | C62: 619.92712 | D62: 619.92712 | E62: 617.7288 | G62: 588.41782 | H62: 526.86478 | I62: 533.45974 | J62: 526.86478 | K62: 311.42911 | L62: 479.96722 | M62: 470.44115 | N62: 414.01752 | O62: 409.62088 | P62: 400.09481 | Q62: 398.62926 | R62: 396.43094 | S62: 307.03246 | T62: 304.83414 | U62: 302.63582 | V62: 293.84252 | W62: 292.37698
B63: TOTAL COMMERCIAL | C63: 729.32603 | D63: 729.32603 | E63: 726.73976 | F63: 2185.3918 | G63: 692.25626 | H63: 619.84091 | I63: 627.5997 | J63: 619.84091 | K63: 366.38719 | L63: 564.66731 | M63: 553.46018 | N63: 487.07944 | O63: 481.90691 | P63: 470.69977 | Q63: 468.9756 | R63: 466.38934 | S63: 361.21466 | T63: 358.6284 | U63: 356.04214 | V63: 345.69709 | W63: 343.97291
B65: =+B50 -> Total Res & Com | C65: 972.4347 | D65: 972.4347 | E65: 968.98635 | F65: 2913.8557 | G65: 923.00835 | H65: 826.45455 | I65: 836.7996 | J65: 826.45455 | K65: 488.51625 | L65: 752.88975 | M65: 737.9469 | N65: 649.43925 | O65: 642.54255 | P65: 627.5997 | Q65: 625.3008 | R65: 621.85245 | S65: 481.61955 | T65: 478.1712 | U65: 474.72285 | V65: 460.92945 | W65: 458.63055 | X65: 13826.734
B67: Incr. Ann. Winter CP-KW Saved at gen (Net)
B68: Residential
B69: Residential New Construction | C69: 10.023204 | D69: 10.035544 | E69: 10.045568 | G69: 9.643392 | H69: 8.6494804 | I69: 9.2202765 | J69: 9.1477158 | K69: 8.1266513 | L69: 8.4200896 | M69: 7.9065044 | N69: 7.5163274 | O69: 7.4609843 | P69: 7.1096565 | Q69: 7.4558541 | R69: 7.3760318 | S69: 6.893165 | T69: 6.7616156 | U69: 6.7344497 | V69: 6.42196 | W69: 6.4088075
B70: Efficient Products | C70: 190.44088 | D70: 190.67534 | E70: 190.86579 | G70: 183.22445 | H70: 164.34013 | I70: 175.18525 | J70: 173.8066 | K70: 154.40637 | L70: 159.9817 | M70: 150.22358 | N70: 142.81022 | O70: 141.7587 | P70: 135.08347 | Q70: 141.66123 | R70: 140.1446 | S70: 130.97014 | T70: 128.4707 | U70: 127.95454 | V70: 122.01724 | W70: 121.76734
B71: Existing Homes (inc. Market Rate MF) | C71: 37.587015 | D71: 37.633291 | E71: 37.67088 | G71: 36.16272 | H71: 32.435551 | I71: 34.576037 | J71: 34.303934 | K71: 30.474942 | L71: 31.575336 | M71: 29.649391 | N71: 28.186228 | O71: 27.978691 | P71: 26.661212 | Q71: 27.959453 | R71: 27.660119 | S71: 25.849369 | T71: 25.356059 | U71: 25.254186 | V71: 24.08235 | W71: 24.033028
B72: Low Income Single & Multi Family | C72: 12.529005 | D72: 12.54443 | E72: 12.55696 | G72: 12.05424 | H72: 10.81185 | I72: 11.525346 | J72: 11.434645 | K72: 10.158314 | L72: 10.525112 | M72: 9.8831304 | N72: 9.3954092 | O72: 9.3262303 | P72: 8.8870706 | Q72: 9.3198176 | R72: 9.2200398 | S72: 8.6164563 | T72: 8.4520195 | U72: 8.4180621 | V72: 8.02745 | W72: 8.0110094
B73: TOTAL RES | C73: 250.5801 | D73: 250.88861 | E73: 251.1392 | F73: 752.60791 | G73: 241.0848 | H73: 216.23701 | I73: 230.50691 | J73: 228.69289 | K73: 203.16628 | L73: 210.50224 | M73: 197.66261 | N73: 187.90818 | O73: 186.52461 | P73: 177.74141 | Q73: 186.39635 | R73: 184.4008 | S73: 172.32913 | T73: 169.04039 | U73: 168.36124 | V73: 160.549 | W73: 160.22019
B75: Commercial
B76: Business New Construction | C76: 112.76104 | D76: 112.89987 | E76: 113.01264 | G76: 108.48816 | H76: 97.306654 | I76: 103.72811 | J76: 102.9118 | K76: 91.424827 | L76: 94.726008 | M76: 88.948174 | N76: 84.558683 | O76: 83.936073 | P76: 79.983635 | Q76: 83.878359 | R76: 82.980358 | S76: 77.548107 | T76: 76.068176 | U76: 75.762559 | V76: 72.24705 | W76: 72.099085
B77: Business Existing Facilities | C77: 638.97925 | D77: 639.76595 | E77: 640.40496 | G77: 614.76624 | H77: 551.40437 | I77: 587.79263 | J77: 583.16688 | K77: 518.07402 | L77: 536.78071 | M77: 504.03965 | N77: 479.16587 | O77: 475.63775 | P77: 453.2406 | Q77: 475.3107 | R77: 470.22203 | S77: 439.43927 | T77: 431.053 | U77: 429.32117 | V77: 409.39995 | W77: 408.56148
B78: TOTAL COMMERCIAL | C78: 751.7403 | D78: 752.66583 | E78: 753.4176 | F78: 2257.8237 | G78: 723.2544 | H78: 648.71103 | I78: 691.52074 | J78: 686.07868 | K78: 609.49884 | L78: 631.50672 | M78: 592.98783 | N78: 563.72455 | O78: 559.57382 | P78: 533.22423 | Q78: 559.18906 | R78: 553.20239 | S78: 516.98738 | T78: 507.12117 | U78: 505.08373 | V78: 481.647 | W78: 480.66057
B80: =+B65 -> Total Res & Com | C80: 1002.3204 | D80: 1003.5544 | E80: 1004.5568 | F80: 3010.4316 | G80: 964.3392 | H80: 864.94804 | I80: 922.02765 | J80: 914.77158 | K80: 812.66513 | L80: 842.00896 | M80: 790.65044 | N80: 751.63274 | O80: 746.09843 | P80: 710.96565 | Q80: 745.58541 | R80: 737.60318 | S80: 689.3165 | T80: 676.16156 | U80: 673.44497 | V80: 642.196 | W80: 640.88075 | X80: 16135.728
B82: Incentive Budget:
B83: Residential
B84: Residential New Construction | C84: 42077.988 | D84: 45251.64 | E84: 48530.664 | F84: 136701.85 | G84: 50046.867 | H84: 51637.917 | I84: 53389.136 | J84: 55025.429 | K84: 56686.475 | L84: 58379.671 | M84: 60283.3 | N84: 62163.149 | O84: 64233.534 | P84: 65665.991 | Q84: 67764.076 | R84: 69869.726 | S84: 72075.046 | T84: 74683.713 | U84: 76924.225 | V84: 79231.951 | W84: 81608.91
B85: Efficient Products | C85: 167727.54 | D85: 180378.06 | E85: 193448.62 | F85: 544908.77 | G85: 199492.37 | H85: 205834.47 | I85: 212815.03 | J85: 219337.47 | K85: 225958.59 | L85: 232707.86 | M85: 240295.93 | N85: 247789.22 | O85: 256042 | P85: 261751.93 | Q85: 270115.14 | R85: 278508.49 | S85: 287299.14 | T85: 297697.58 | U85: 306628.51 | V85: 315827.36 | W85: 325302.18
B86: Existing Homes (inc. Market Rate MF) | C86: 71532.58 | D86: 96536.832 | E86: 103532.08 | F86: 291630.62 | G86: 106766.65 | H86: 110160.89 | I86: 113896.82 | J86: 117387.58 | K86: 120931.15 | L86: 124543.3 | M86: 128604.37 | N86: 132614.72 | O86: 137031.54 | P86: 140087.45 | Q86: 144563.36 | R86: 149055.42 | S86: 153760.1 | T86: 159325.26 | U86: 164105.01 | V86: 169028.16 | W86: 174099.01
B87: Low Income Single & Multi Family | C87: 42545.521 | D87: 11438.609 | E87: 12267.473 | F87: 34555.19 | G87: 12650.736 | H87: 13052.918 | I87: 13495.587 | J87: 13909.206 | K87: 14329.081 | L87: 14757.084 | M87: 15238.279 | N87: 15713.463 | O87: 16236.81 | P87: 16598.903 | Q87: 17129.253 | R87: 17661.514 | S87: 18218.97 | T87: 18878.383 | U87: 19444.735 | V87: 20028.077 | W87: 20628.919
B88: TOTAL RES | C88: 323883.62 | D88: 333605.15 | E88: 357778.84 | F88: 1007796.4 | G88: 368956.63 | H88: 380686.2 | I88: 393596.57 | J88: 405659.69 | K88: 417905.29 | L88: 430387.91 | M88: 444421.89 | N88: 458280.55 | O88: 473543.89 | P88: 484104.28 | Q88: 499571.83 | R88: 515095.15 | S88: 531353.25 | T88: 550584.93 | U88: 567102.48 | V88: 584115.55 | W88: 601639.02
B90: Commercial/Industrial
B91: Business New Construction | C91: 157792.45 | D91: 169693.65 | E91: 181989.99 | F91: 512631.94 | G91: 187675.75 | H91: 193642.19 | I91: 200209.26 | J91: 206345.36 | K91: 212574.28 | L91: 218923.77 | M91: 226062.38 | N91: 233111.81 | O91: 240875.75 | P91: 246247.46 | Q91: 254115.29 | R91: 262011.47 | S91: 270281.42 | T91: 280063.93 | U91: 288465.84 | V91: 297119.82 | W91: 306033.41
B92: Business Existing Facilities | C92: 968670.35 | D92: 1041730.5 | E92: 1117216.3 | F92: 3146990.5 | G92: 1152120.6 | H92: 1188747.9 | I92: 1229062.4 | J92: 1266731.2 | K92: 1304969.9 | L92: 1343948.7 | M92: 1387771.8 | N92: 1431047.5 | O92: 1478709.5 | P92: 1511685.8 | Q92: 1559985.5 | R92: 1608459.3 | S92: 1659227.6 | T92: 1719281.3 | U92: 1770859.8 | V92: 1823985.6 | W92: 1878705.1
B93: TOTAL COMMERCIAL | C93: 1126462.8 | D93: 1211424.1 | E93: 1299206.3 | F93: 3659622.5 | G93: 1339796.3 | H93: 1382390.1 | I93: 1429271.7 | J93: 1473076.6 | K93: 1517544.2 | L93: 1562872.4 | M93: 1613834.2 | N93: 1664159.3 | O93: 1719585.2 | P93: 1757933.3 | Q93: 1814100.8 | R93: 1870470.8 | S93: 1929509 | T93: 1999345.2 | U93: 2059325.6 | V93: 2121105.4 | W93: 2184738.5
B95: Total Res & Com Incentive Budget | C95: 1450346.4 | D95: 1545029.3 | E95: 1656985.2 | F95: 4667418.9 | G95: 1708753 | H95: 1763076.3 | I95: 1822868.2 | J95: 1878736.3 | K95: 1935449.5 | L95: 1993260.4 | M95: 2058256.1 | N95: 2122439.9 | O95: 2193129.1 | P95: 2242037.6 | Q95: 2313672.6 | R95: 2385565.9 | S95: 2460862.3 | T95: 2549930.2 | U95: 2626428.1 | V95: 2705220.9 | W95: 2786377.5
B97: Non- Incentive Budget:
B98: Residential
B99: Residential New Construction | C99: 63116.982 | D99: 67877.46 | E99: 72795.996 | F99: 205052.78 | G99: 75070.301 | H99: 77456.875 | I99: 80083.704 | J99: 82538.144 | K99: 85029.713 | L99: 87569.507 | M99: 90424.95 | N99: 93244.724 | O99: 96350.301 | P99: 98498.986 | Q99: 101646.11 | R99: 104804.59 | S99: 108112.57 | T99: 112025.57 | U99: 115386.34 | V99: 118847.93 | W99: 122413.37
B100: Efficient Products | C100: 71883.229 | D100: 77304.885 | E100: 82906.551 | F100: 233532.33 | G100: 85496.731 | H100: 88214.774 | I100: 91206.44 | J100: 94001.775 | K100: 96839.395 | L100: 99731.938 | M100: 102983.97 | N100: 106195.38 | O100: 109732.29 | P100: 112179.4 | Q100: 115763.63 | R100: 119360.78 | S100: 123128.2 | T100: 127584.68 | U100: 131412.22 | V100: 135354.58 | W100: 139415.22
B101: Existing Homes (inc. Market Rate MF) | C101: 107298.87 | D101: 144805.25 | E101: 155298.12 | F101: 437445.93 | G101: 160149.97 | H101: 165241.33 | I101: 170845.23 | J101: 176081.37 | K101: 181396.72 | L101: 186814.95 | M101: 192906.56 | N101: 198922.08 | O101: 205547.31 | P101: 210131.17 | Q101: 216845.04 | R101: 223583.12 | S101: 230640.15 | T101: 238987.88 | U101: 246157.52 | V101: 253542.24 | W101: 261148.51
B102: Low Income Single & Multi Family | C102: 18233.795 | D102: 4902.261 | E102: 5257.4886 | F102: 14809.367 | G102: 5421.7439 | H102: 5594.1076 | I102: 5783.8231 | J102: 5961.0882 | K102: 6141.0348 | L102: 6324.4644 | M102: 6530.6909 | N102: 6734.3412 | O102: 6958.6328 | P102: 7113.8156 | Q102: 7341.1083 | R102: 7569.2203 | S102: 7808.13 | T102: 8090.7356 | U102: 8333.4577 | V102: 8583.4614 | W102: 8840.9653
B103: TOTAL RES | C103: 260532.88 | D103: 294889.85 | E103: 316258.16 | F103: 890840.4 | G103: 326138.75 | H103: 336507.09 | I103: 347919.2 | J103: 358582.38 | K103: 369406.86 | L103: 380440.86 | M103: 392846.17 | N103: 405096.52 | O103: 418588.53 | P103: 427923.37 | Q103: 441595.9 | R103: 455317.71 | S103: 469689.05 | T103: 486688.87 | U103: 501289.53 | V103: 516328.22 | W103: 531818.06
B105: Commercial/Industrial
B106: Business New Construction | C106: 105194.97 | D106: 113129.1 | E106: 121326.66 | F106: 341754.63 | G106: 125117.17 | H106: 129094.79 | I106: 133472.84 | J106: 137563.57 | K106: 141716.19 | L106: 145949.18 | M106: 150708.25 | N106: 155407.87 | O106: 160583.83 | P106: 164164.98 | Q106: 169410.19 | R106: 174674.31 | S106: 180187.61 | T106: 186709.28 | U106: 192310.56 | V106: 198079.88 | W106: 204022.28
B107: Business Existing Facilities | C107: 521591.73 | D107: 560931.79 | E107: 601578.02 | F107: 1694533.4 | G107: 620372.62 | H107: 640095.01 | I107: 661802.83 | J107: 682086.05 | K107: 702676.1 | L107: 723664.67 | M107: 747261.74 | N107: 770564.04 | O107: 796228.18 | P107: 813984.67 | Q107: 839992.2 | R107: 866093.48 | S107: 893430.25 | T107: 925766.86 | U107: 953539.87 | V107: 982146.07 | W107: 1011610.4
B108: TOTAL COMMERCIAL | C108: 626786.7 | D108: 674060.89 | E108: 722904.68 | F108: 2036288 | G108: 745489.79 | H108: 769189.8 | I108: 795275.67 | J108: 819649.62 | K108: 844392.29 | L108: 869613.85 | M108: 897969.99 | N108: 925971.91 | O108: 956812.02 | P108: 978149.65 | Q108: 1009402.4 | R108: 1040767.8 | S108: 1073617.9 | T108: 1112476.1 | U108: 1145850.4 | V108: 1180225.9 | W108: 1215632.7
B110: Total Res & Com Non-Incentive Budget | C110: 887319.57 | D110: 968950.74 | E110: 1039162.8 | F110: 2927128.4 | G110: 1071628.5 | H110: 1105696.9 | I110: 1143194.9 | J110: 1178232 | K110: 1213799.2 | L110: 1250054.7 | M110: 1290816.2 | N110: 1331068.4 | O110: 1375400.5 | P110: 1406073 | Q110: 1450998.3 | R110: 1496085.5 | S110: 1543306.9 | T110: 1599165 | U110: 1647140 | V110: 1696554.2 | W110: 1747450.8
B112: Total Budget:
B113: Residential
B114: Residential New Construction | C114: 105194.97 | D114: 113129.1 | E114: 121326.66 | F114: 341754.63 | G114: 125117.17 | H114: 129094.79 | I114: 133472.84 | J114: 137563.57 | K114: 141716.19 | L114: 145949.18 | M114: 150708.25 | N114: 155407.87 | O114: 160583.83 | P114: 164164.98 | Q114: 169410.19 | R114: 174674.31 | S114: 180187.61 | T114: 186709.28 | U114: 192310.56 | V114: 198079.88 | W114: 204022.28
B115: Efficient Products | C115: 239610.76 | D115: 257682.95 | E115: 276355.17 | F115: 778441.1 | G115: 284989.1 | H115: 294049.25 | I115: 304021.47 | J115: 313339.25 | K115: 322797.98 | L115: 332439.79 | M115: 343279.9 | N115: 353984.6 | O115: 365774.29 | P115: 373931.34 | Q115: 385878.77 | R115: 397869.27 | S115: 410427.34 | T115: 425282.26 | U115: 438040.72 | V115: 451181.95 | W115: 464717.4
B116: Existing Homes (inc. Market Rate MF) | C116: 178831.45 | D116: 192319.47 | E116: 206255.32 | F116: 580982.87 | G116: 212699.19 | H116: 219461.15 | I116: 226903.83 | J116: 233858.07 | K116: 240917.52 | L116: 248113.6 | M116: 256204.03 | N116: 264193.38 | O116: 272992.52 | P116: 279080.46 | Q116: 287997.32 | R116: 296946.34 | S116: 306318.94 | T116: 317405.78 | U116: 326927.96 | V116: 336735.79 | W116: 346837.87
B117: Low Income Single & Multi Family | C117: 60779.316 | D117: 65363.48 | E117: 70099.848 | F117: 197458.23 | G117: 72289.919 | H117: 74588.102 | I117: 77117.641 | J117: 79481.175 | K117: 81880.464 | L117: 84326.192 | M117: 87075.878 | N117: 89791.216 | O117: 92781.771 | P117: 94850.875 | Q117: 97881.444 | R117: 100922.94 | S117: 104108.4 | T117: 107876.47 | U117: 111112.77 | V117: 114446.15 | W117: 117879.54
B118: TOTAL RES | C118: 584416.5 | D118: 628495 | E118: 674037 | F118: 1898636.8 | G118: 695095.38 | H118: 717193.29 | I118: 741515.78 | J118: 764242.07 | K118: 787312.16 | L118: 810828.77 | M118: 837268.06 | N118: 863377.07 | O118: 892132.42 | P118: 912027.65 | Q118: 941167.73 | R118: 970412.86 | S118: 1001042.3 | T118: 1037273.8 | U118: 1068392 | V118: 1100443.8 | W118: 1133457.1
B120: Commercial/Industrial
B121: Business New Construction | C121: 262987.42 | D121: 282822.75 | E121: 303316.65 | F121: 854386.57 | G121: 312792.92 | H121: 322736.98 | I121: 333682.1 | J121: 343908.93 | K121: 354290.47 | L121: 364872.94 | M121: 376770.63 | N121: 388519.68 | O121: 401459.59 | P121: 410412.44 | Q121: 423525.48 | R121: 436685.79 | S121: 450469.04 | T121: 466773.21 | U121: 480776.4 | V121: 495199.7 | W121: 510055.69
B122: Business Existing Facilities | C122: 1490262.1 | D122: 1602662.2 | E122: 1718794.3 | F122: 4841523.9 | G122: 1772493.2 | H122: 1828842.9 | I122: 1890865.2 | J122: 1948817.3 | K122: 2007646 | L122: 2067613.4 | M122: 2135033.6 | N122: 2201611.5 | O122: 2274937.7 | P122: 2325670.5 | Q122: 2399977.7 | R122: 2474552.8 | S122: 2552657.9 | T122: 2645048.2 | U122: 2724399.6 | V122: 2806131.6 | W122: 2890315.6
B123: TOTAL COMMERCIAL | C123: 1753249.5 | D123: 1885485 | E123: 2022111 | F123: 5695910.5 | G123: 2085286.1 | H123: 2151579.9 | I123: 2224547.3 | J123: 2292726.2 | K123: 2361936.5 | L123: 2432486.3 | M123: 2511804.2 | N123: 2590131.2 | O123: 2676397.2 | P123: 2736082.9 | Q123: 2823503.2 | R123: 2911238.6 | S123: 3003126.9 | T123: 3111821.4 | U123: 3205176 | V123: 3301331.3 | W123: 3400371.3
B125: Total Res & Com Budget | C125: 2337666 | D125: 2513980 | E125: 2696148 | F125: 7594547.3 | G125: 2780381.5 | H125: 2868773.1 | I125: 2966063.1 | J125: 3056968.3 | K125: 3149248.6 | L125: 3243315.1 | M125: 3349072.2 | N125: 3453508.3 | O125: 3568529.7 | P125: 3648110.6 | Q125: 3764670.9 | R125: 3881651.4 | S125: 4004169.2 | T125: 4149095.2 | U125: 4273568 | V125: 4401775.1 | W125: 4533828.3 | X125: 68687276

Sheet BED EEC RA Table
B2: Annual BED Budgets (nominal) and Modeled Savings
C3: RA Budget | D3: MWh | E3: Summer KW | F3: Winter KW
B4: 2015 | C4: ='BED Scen 2'!C7+'DPS Recommendation'!C10 -> 2419484.3 | D4: 6769.0462 | E4: ='BED Scen 2'!C23 -> 972.4347 | F4: ='BED Scen 2'!C27 -> 1002.3204
B5: 2016 | C5: ='BED Scen 2'!D7+'DPS Recommendation'!D10 -> 2620824.1 | D5: 6777.3801 | E5: ='BED Scen 2'!D23 -> 972.4347 | F5: ='BED Scen 2'!D27 -> 1003.5544
B6: 2017 | C6: ='BED Scen 2'!E7+'DPS Recommendation'!E10 -> 2803993.9 | D6: 6784.1495 | E6: ='BED Scen 2'!E23 -> 968.98635 | F6: ='BED Scen 2'!E27 -> 1004.5568
B7: 2018 | C7: ='BED Scen 2'!G7 -> 2780381.5 | D7: 6512.5448 | E7: ='BED Scen 2'!G23 -> 923.00835 | F7: ='BED Scen 2'!G27 -> 964.3392
B8: 2019 | C8: ='BED Scen 2'!H7 -> 2868773.1 | D8: 5841.319 | E8: ='BED Scen 2'!H23 -> 826.45455 | F8: ='BED Scen 2'!H27 -> 864.94804
B9: 2020 | C9: ='BED Scen 2'!I7 -> 2966063.1 | D9: 6226.7991 | E9: ='BED Scen 2'!I23 -> 836.7996 | F9: ='BED Scen 2'!I27 -> 922.02765
B10: 2021 | C10: ='BED Scen 2'!J7 -> 3056968.3 | D10: 6177.7961 | E10: ='BED Scen 2'!J23 -> 826.45455 | F10: ='BED Scen 2'!J27 -> 914.77158
B11: 2022 | C11: ='BED Scen 2'!K7 -> 3149248.6 | D11: 5488.2329 | E11: ='BED Scen 2'!K23 -> 660 | F11: ='BED Scen 2'!K27 -> 812.66513
B12: 2023 | C12: ='BED Scen 2'!L7 -> 3243315.1 | D12: 5686.4028 | E12: ='BED Scen 2'!L23 -> 752.88975 | F12: ='BED Scen 2'!L27 -> 842.00896
B13: 2024 | C13: ='BED Scen 2'!M7 -> 3349072.2 | D13: 5339.5594 | E13: ='BED Scen 2'!M23 -> 737.9469 | F13: ='BED Scen 2'!M27 -> 790.65044
B14: 2025 | C14: ='BED Scen 2'!N7 -> 3453508.3 | D14: 5076.0582 | E14: ='BED Scen 2'!N23 -> 649.43925 | F14: ='BED Scen 2'!N27 -> 751.63274
B15: 2026 | C15: ='BED Scen 2'!O7 -> 3568529.7 | D15: 5038.683 | E15: ='BED Scen 2'!O23 -> 642.54255 | F15: ='BED Scen 2'!O27 -> 746.09843
B16: 2027 | C16: ='BED Scen 2'!P7 -> 3648110.6 | D16: 4801.4181 | E16: ='BED Scen 2'!P23 -> 627.5997 | F16: ='BED Scen 2'!P27 -> 710.96565
B17: 2028 | C17: ='BED Scen 2'!Q7 -> 3764670.9 | D17: 5035.2184 | E17: ='BED Scen 2'!Q23 -> 625.3008 | F17: ='BED Scen 2'!Q27 -> 745.58541
B18: 2029 | C18: ='BED Scen 2'!R7 -> 3881651.4 | D18: 4981.3114 | E18: ='BED Scen 2'!R23 -> 621.85245 | F18: ='BED Scen 2'!R27 -> 737.60318
B19: 2030 | C19: ='BED Scen 2'!S7 -> 4004169.2 | D19: 4655.2133 | E19: ='BED Scen 2'!S23 -> 481.61955 | F19: ='BED Scen 2'!S27 -> 689.3165
B20: 2031 | C20: ='BED Scen 2'!T7 -> 4149095.2 | D20: 4566.373 | E20: ='BED Scen 2'!T23 -> 478.1712 | F20: ='BED Scen 2'!T27 -> 676.16156
B21: 2032 | C21: ='BED Scen 2'!U7 -> 4273568 | D21: 4548.0269 | E21: ='BED Scen 2'!U23 -> 474.72285 | F21: ='BED Scen 2'!U27 -> 673.44497
B22: 2033 | C22: ='BED Scen 2'!V7 -> 4401775.1 | D22: 4336.9908 | E22: ='BED Scen 2'!V23 -> 460.92945 | F22: ='BED Scen 2'!V27 -> 642.196
B23: 2034 | C23: ='BED Scen 2'!W7 -> 4533828.3 | D23: 4383.3985 | E23: ='BED Scen 2'!W23 -> 458.63055 | F23: ='BED Scen 2'!W27 -> 640.88075

Sheet BED TEPF RA
A2: BED EEU DRP Thermal Energy Process Fuels Program Budgets and Savings Recommendations for 2015-2034
A3: (no natural gas customers are included in these figures)
A5: Years | B5: 2015 | C5: 2016 | D5: 2017 | E5: 3 Yr. Total | F5: 2018 | G5: 2019 | H5: 2020 | I5: 2021 | J5: 2022 | K5: 2023 | L5: 2024
A6: RA and NRA per DPS 1/10/2014 Filing | B6: 107100 | C6: 109242 | D6: 111426.84 | E6: 327768.84 | F6: 113655.38 | G6: 115928.48 | H6: 118247.05 | I6: 120612 | J6: 123024.24 | K6: 125484.72 | L6: 127994.41
A8: Total BED TEPF RA Implementation Budget | B8: 96390 | C8: 98317.8 | D8: 100284.16 | E8: 294991.96 | F8: 102289.84 | G8: 104335.64 | H8: 106422.35 | I8: 108550.8 | J8: 110721.81 | K8: 112936.25 | L8: 115194.97
A9: Residential (95%) | B9: 91570.5 | C9: 93401.91 | D9: 95269.948 | E9: 280242.36 | F9: 97175.347 | G9: 99118.854 | H9: 101101.23 | I9: 103123.26 | J9: 105185.72 | K9: 107289.44 | L9: 109435.22
A10: Commercial (5%) | B10: 4819.5 | C10: 4915.89 | D10: 5014.2078 | E10: 14749.598 | F10: 5114.492 | G10: 5216.7818 | H10: 5321.1174 | I10: 5427.5398 | J10: 5536.0906 | K10: 5646.8124 | L10: 5759.7486
A12: Residential Services
A13: Number of Projects
A14: Single-Family | B14: 20 | C14: 18 | D14: 16 | E14: =SUM(B14:D14) -> 54 | F14: 15 | G14: 15 | H14: 15 | I14: 15 | J14: 15 | K14: 15 | L14: 15
A16: Average MMBTU per Project
A17: Single-Family | B17: 25 | C17: 25 | D17: 25 | F17: 25 | G17: 25 | H17: 25 | I17: 25 | J17: 25 | K17: 25 | L17: 25
A19: MMBTU
A20: RES Total | B20: 500 | C20: 450 | D20: 400 | E20: =SUM(B20:D20) -> 1350 | F20: 375 | G20: 375 | H20: 375 | I20: 375 | J20: 375 | K20: 375 | L20: 375
A22: Yield (MMBTU/$1000)
A23: Single-Family HPwES | B23: 5.4602738 | C23: 4.8178886 | D23: 4.1985958 | E23: 4.8294348 | F23: 3.8590035 | G23: 3.7833367 | H23: 3.7091536 | I23: 3.6364251 | J23: 3.5651227 | K23: 3.4952183 | L23: 3.4266846
A26: Commercial Services
A27: Number of Projects
A28: Commercial Heating | B28: 1 | C28: 0 | D28: 1 | E28: 2 | F28: 0 | G28: 1 | H28: 0 | I28: 1 | J28: 0 | K28: 1 | L28: 0
A29: Building Performance - Small Business | B29: 0 | C29: 1 | D29: 0 | E29: 1 | F29: 1 | G29: 0 | H29: 1 | I29: 0 | J29: 1 | K29: 0 | L29: 1
A30: Commercial Subtotal | B30: 1 | C30: 1 | D30: 1 | E30: 3 | F30: 1 | G30: 1 | H30: 1 | I30: 1 | J30: 1 | K30: 1 | L30: 1
A32: Average MMBTU per Project
A33: Commercial Heating | B33: 42 | C33: 42 | D33: 42 | F33: 42 | G33: 42 | H33: 42 | I33: 42 | J33: 42 | K33: 42 | L33: 42
A34: Building Performance - Small Business | B34: 36 | C34: 36 | D34: 36 | F34: 36 | G34: 36 | H34: 36 | I34: 36 | J34: 36 | K34: 36 | L34: 36
A36: MMBTU
A37: Commercial Heating | B37: 42 | C37: 0 | D37: 42 | E37: 84 | F37: 0 | G37: 42 | H37: 0 | I37: 42 | J37: 0 | K37: 42 | L37: 0
A38: Building Performance - Small Business | B38: 0 | C38: 36 | D38: 0 | E38: 36 | F38: 36 | G38: 0 | H38: 36 | I38: 0 | J38: 36 | K38: 0 | L38: 36
A39: Commercial Total | B39: 42 | C39: 36 | D39: 42 | E39: 120 | F39: 36 | G39: 42 | H39: 36 | I39: 42 | J39: 36 | K39: 42 | L39: 36
A41: Yield (MMBTU/$1000)
A42: Commercial Heating | B42: 31.111111 | C42: 31.111111 | D42: 31.111111 | E42: 31.111111 | F42: 31.111111 | G42: 31.111111 | H42: 31.111111 | I42: 31.111111 | J42: 31.111111 | K42: 31.111111 | L42: 31.111111
A43: Building Performance - Small Business | B43: 8 | C43: 8 | D43: 8 | E43: 8 | F43: 8 | G43: 8 | H43: 8 | I43: 8 | J43: 8 | K43: 8 | L43: 8
A47: Res. and Com TEPF Services MMBTU Total | B47: 542 | C47: 486 | D47: 442 | E47: 1470 | F47: 411 | G47: 417 | H47: 411 | I47: 417 | J47: 411 | K47: 417 | L47: 411
A49: BED TEPF Budget Total
A50: Residential Implementation Budget | B50: 82413.45 | C50: 84061.719 | D50: 85742.953 | E50: 252218.12 | F50: 87457.812 | G50: 89206.969 | H50: 90991.108 | I50: 92810.93 | J50: 94667.149 | K50: 96560.492 | L50: 98491.702
A51: Residential Support Services | B51: 9157.05 | C51: 9340.191 | D51: 9526.9948 | E51: 28024.236 | F51: 9717.5347 | G51: 9911.8854 | H51: 10110.123 | I51: 10312.326 | J51: 10518.572 | K51: 10728.944 | L51: 10943.522
A52: Total Residential Budget | B52: 91570.5 | C52: 93401.91 | D52: 95269.948 | E52: 280242.36 | F52: 97175.347 | G52: 99118.854 | H52: 101101.23 | I52: 103123.26 | J52: 105185.72 | K52: 107289.44 | L52: 109435.22
A54: Commercial Implementation Budget | B54: 4337.55 | C54: 4424.301 | D54: 4512.787 | E54: 13274.638 | F54: 4603.0428 | G54: 4695.1036 | H54: 4789.0057 | I54: 4884.7858 | J54: 4982.4815 | K54: 5082.1311 | L54: 5183.7738
A55: Commercial Support Services | B55: 481.95 | C55: 491.589 | D55: 501.42078 | E55: 1474.9598 | F55: 511.4492 | G55: 521.67818 | H55: 532.11174 | I55: 542.75398 | J55: 553.60906 | K55: 564.68124 | L55: 575.97486
A56: Total Commercial Budget | B56: 4819.5 | C56: 4915.89 | D56: 5014.2078 | E56: 14749.598 | F56: 5114.492 | G56: 5216.7818 | H56: 5321.1174 | I56: 5427.5398 | J56: 5536.0906 | K56: 5646.8124 | L56: 5759.7486
A58: BED's Total TEPF RA Budget | B58: 96390 | C58: 98317.8 | D58: 100284.16 | E58: =SUM(B58:D58) -> 294991.96 | F58: 102289.84 | G58: 104335.64 | H58: 106422.35 | I58: 108550.8 | J58: 110721.81 | K58: 112936.25 | L58: 115194.97

Sheet BED TEPF RA Table
B3: BED TEPF Budget and Modeled Savings
C4: RA Budget | D4: MMBtu
B5: 2015 | C5: ='BED TEPF RA'!B8 -> 96390 | D5: ='BED TEPF RA'!B47 -> 542
B6: 2016 | C6: ='BED TEPF RA'!C8 -> 98317.8 | D6: ='BED TEPF RA'!C47 -> 486
B7: 2017 | C7: ='BED TEPF RA'!D8 -> 100284.16 | D7: ='BED TEPF RA'!D47 -> 442
B8: 2018 | C8: ='BED TEPF RA'!F8 -> 102289.84 | D8: ='BED TEPF RA'!F47 -> 411
B9: 2019 | C9: ='BED TEPF RA'!G8 -> 104335.64 | D9: ='BED TEPF RA'!G47 -> 417
B10: 2020 | C10: ='BED TEPF RA'!H8 -> 106422.35 | D10: ='BED TEPF RA'!H47 -> 411
B11: 2021 | C11: ='BED TEPF RA'!I8 -> 108550.8 | D11: ='BED TEPF RA'!I47 -> 417
B12: 2022 | C12: ='BED TEPF RA'!J8 -> 110721.81 | D12: ='BED TEPF RA'!J47 -> 411
B13: 2023 | C13: ='BED TEPF RA'!K8 -> 112936.25 | D13: ='BED TEPF RA'!K47 -> 417
B14: 2024 | C14: ='BED TEPF RA'!L8 -> 115194.97 | D14: ='BED TEPF RA'!L47 -> 411

Sheet BED EEC NRA
A1: BED EEU DRP Electric NRA Budgets Recommendations for 2015-2034
C4: 2015 | D4: 2016 | E4: 2017 | F4: 3 Year Total | G4: 2018 | H4: =+G4+1 -> 2019 | I4: =+H4+1 -> 2020 | J4: =+I4+1 -> 2021 | K4: =+J4+1 -> 2022 | L4: =+K4+1 -> 2023 | M4: =+L4+1 -> 2024 | N4: =+M4+1 -> 2025 | O4: =+N4+1 -> 2026 | ... W4: =+V4+1 -> 2034
A5: 1. Education & Training
A6: 1 | B6: Energy Code and Standards Support | C6: 2100 | D6: =+ROUND(C6*1.02,-2) -> 2100 | E6: =+ROUND(D6*1.02,-2) -> 2100 | F6: =SUM(C6:E6) -> 6300 | G6: =+ROUND(E6*1.02,-2) -> 2100 | H6: =+ROUND(G6*1.02,-2) -> 2100 | I6: =+ROUND(H6*1.02,-2) -> 2100 | J6: =+ROUND(I6*1.02,-2) -> 2100 | K6: =+ROUND(J6*1.02,-2) -> 2100 | L6: =+ROUND(K6*1.02,-2) -> 2100 | M6: =+ROUND(L6*1.02,-2) -> 2100 | N6: =+ROUND(M6*1.02,-2) -> 2100 | O6: =+ROUND(N6*1.02,-2) -> 2100 | ... W6: =+ROUND(V6*1.02,-2) -> 2100
A7: 2 | B7: Energy Literacy Project | C7: 15176 | D7: =+ROUND(C7*1.02,-2) -> 15500 | E7: =+ROUND(D7*1.02,-2) -> 15800 | F7: =SUM(C7:E7) -> 46476 | G7: =+ROUND(E7*1.02,-2) -> 16100 | H7: =+ROUND(G7*1.02,-2) -> 16400 | I7: =+ROUND(H7*1.02,-2) -> 16700 | J7: =+ROUND(I7*1.02,-2) -> 17000 | K7: =+ROUND(J7*1.02,-2) -> 17300 | L7: =+ROUND(K7*1.02,-2) -> 17600 | M7: =+ROUND(L7*1.02,-2) -> 18000 | N7: =+ROUND(M7*1.02,-2) -> 18400 | O7: =+ROUND(N7*1.02,-2) -> 18800 | ... W7: =+ROUND(V7*1.02,-2) -> 22000
A8: 3 | B8: General Public Energy Efficiency Education | C8: 20400 | D8: =+ROUND(C8*1.02,-2) -> 20800 | E8: =+ROUND(D8*1.02,-2) -> 21200 | F8: =SUM(C8:E8) -> 62400 | G8: =+ROUND(E8*1.02,-2) -> 21600 | H8: =+ROUND(G8*1.02,-2) -> 22000 | I8: =+ROUND(H8*1.02,-2) -> 22400 | J8: =+ROUND(I8*1.02,-2) -> 22800 | K8: =+ROUND(J8*1.02,-2) -> 23300 | L8: =+ROUND(K8*1.02,-2) -> 23800 | M8: =+ROUND(L8*1.02,-2) -> 24300 | N8: =+ROUND(M8*1.02,-2) -> 24800 | O8: =+ROUND(N8*1.02,-2) -> 25300 | ... W8: =+ROUND(V8*1.02,-2) -> 29600
A9: 4 | B9: Better Buildings by Design Conference | C9: 3800 | D9: =+ROUND(C9*1.02,-2) -> 3900 | E9: =+ROUND(D9*1.02,-2) -> 4000 | F9: =SUM(C9:E9) -> 11700 | G9: =+ROUND(E9*1.02,-2) -> 4100 | H9: =+ROUND(G9*1.02,-2) -> 4200 | I9: =+ROUND(H9*1.02,-2) -> 4300 | J9: =+ROUND(I9*1.02,-2) -> 4400 | K9: =+ROUND(J9*1.02,-2) -> 4500 | L9: =+ROUND(K9*1.02,-2) -> 4600 | M9: =+ROUND(L9*1.02,-2) -> 4700 | N9: =+ROUND(M9*1.02,-2) -> 4800 | O9: =+ROUND(N9*1.02,-2) -> 4900 | ... W9: =+ROUND(V9*1.02,-2) -> 5700
B10: Annual Total | C10: =SUM(C6:C9) -> 41476 | D10: =SUM(D6:D9) -> 42300 | E10: =SUM(E6:E9) -> 43100 | F10: =SUM(F6:F9) -> 126876 | G10: =SUM(G6:G9) -> 43900 | H10: =SUM(H6:H9) -> 44700 | I10: =SUM(I6:I9) -> 45500 | J10: =SUM(J6:J9) -> 46300 | ... W10: =SUM(W6:W9) -> 59400
A12: 2. Smart Grid & AMI
A13: 1 | B13: UVM/BED Testing In-Home Devices with Students Living Off-campus | C13: 15500 | D13: =+ROUND(C13*1.02,-2) -> 15800 | E13: =+ROUND(D13*1.02,-2) -> 16100 | F13: =SUM(C13:E13) -> 47400 | G13: 0 | H13: =+ROUND(G13*1.02,-2) -> 0 | I13: =+ROUND(H13*1.02,-2) -> 0 | J13: =+ROUND(I13*1.02,-2) -> 0 | K13: =+ROUND(J13*1.02,-2) -> 0 | L13: =+ROUND(K13*1.02,-2) -> 0 | M13: =+ROUND(L13*1.02,-2) -> 0 | N13: =+ROUND(M13*1.02,-2) -> 0 | O13: =+ROUND(N13*1.02,-2) -> 0 | ... W13: =+ROUND(V13*1.02,-2) -> 0
A14: 2 | B14: UVM Energy Minder Study/Peer Exchange Platforms | C14: 20500 | D14: =+ROUND(C14*1.02,-2) -> 20900 | E14: =+ROUND(D14*1.02,-2) -> 21300 | F14: =SUM(C14:E14) -> 62700 | G14: =+ROUND(E14*1.02,-2) -> 21700 | H14: =+ROUND(G14*1.02,-2) -> 22100 | I14: =+ROUND(H14*1.02,-2) -> 22500 | J14: =+ROUND(I14*1.02,-2) -> 23000 | K14: =+ROUND(J14*1.02,-2) -> 23500 | L14: =+ROUND(K14*1.02,-2) -> 24000 | M14: =+ROUND(L14*1.02,-2) -> 24500 | N14: =+ROUND(M14*1.02,-2) -> 25000 | O14: =+ROUND(N14*1.02,-2) -> 25500 | ... W14: =+ROUND(V14*1.02,-2) -> 29900
B15: =+B20 -> Annual Total | C15: =SUM(C13:C14) -> 36000 | D15: =SUM(D13:D14) -> 36700 | E15: =SUM(E13:E14) -> 37400 | F15: =SUM(F13:F14) -> 110100 | G15: =SUM(G13:G14) -> 21700 | H15: =SUM(H13:H14) -> 22100 | I15: =SUM(I13:I14) -> 22500 | J15: =SUM(J13:J14) -> 23000 | ... W15: =SUM(W13:W14) -> 29900
A17: 3. Applied Research &Demonstration
A18: 1 | B18: Technology Demonstrations | C18: 18500 | D18: =+ROUND(C18*1.02,-2) -> 18900 | E18: =+ROUND(D18*1.02,-2) -> 19300 | F18: =SUM(C18:E18) -> 56700 | G18: =+ROUND(E18*1.02,-2) -> 19700 | H18: =+ROUND(G18*1.02,-2) -> 20100 | I18: =+ROUND(H18*1.02,-2) -> 20500 | J18: =+ROUND(I18*1.02,-2) -> 20900 | K18: =+ROUND(J18*1.02,-2) -> 21300 | L18: =+ROUND(K18*1.02,-2) -> 21700 | M18: =+ROUND(L18*1.02,-2) -> 22100 | N18: =+ROUND(M18*1.02,-2) -> 22500 | O18: =+ROUND(N18*1.02,-2) -> 23000 | ... W18: =+ROUND(V18*1.02,-2) -> 27000
A19: 2 | B19: Emerging Data Services and Analytics | C19: 10500 | D19: =+ROUND(C19*1.02,-2) -> 10700 | E19: =+ROUND(D19*1.02,-2) -> 10900 | F19: =SUM(C19:E19) -> 32100 | G19: =+ROUND(E19*1.02,-2) -> 11100 | H19: =+ROUND(G19*1.02,-2) -> 11300 | I19: =+ROUND(H19*1.02,-2) -> 11500 | J19: =+ROUND(I19*1.02,-2) -> 11700 | K19: =+ROUND(J19*1.02,-2) -> 11900 | L19: =+ROUND(K19*1.02,-2) -> 12100 | M19: =+ROUND(L19*1.02,-2) -> 12300 | N19: =+ROUND(M19*1.02,-2) -> 12500 | O19: =+ROUND(N19*1.02,-2) -> 12800 | ... W19: =+ROUND(V19*1.02,-2) -> 15200
B20: Annual Total | C20: =SUM(C18:C19) -> 29000 | D20: =SUM(D18:D19) -> 29600 | E20: =SUM(E18:E19) -> 30200 | F20: =SUM(F18:F19) -> 88800 | G20: =SUM(G18:G19) -> 30800 | H20: =SUM(H18:H19) -> 31400 | I20: =SUM(I18:I19) -> 32000 | J20: =SUM(J18:J19) -> 32600 | ... W20: =SUM(W18:W19) -> 42200
A22: 4. Planning and Reporting Related to BED EEU Matters
A23: 1 | B23: Annual Plan | C23: 2800 | D23: =+ROUND(C23*1.02,-2) -> 2900 | E23: =+ROUND(D23*1.02,-2) -> 3000 | F23: =SUM(C23:E23) -> 8700 | G23: =+ROUND(E23*1.02,-2) -> 3100 | H23: =+ROUND(G23*1.02,-2) -> 3200 | I23: =+ROUND(H23*1.02,-2) -> 3300 | J23: =+ROUND(I23*1.02,-2) -> 3400 | K23: =+ROUND(J23*1.02,-2) -> 3500 | L23: =+ROUND(K23*1.02,-2) -> 3600 | M23: =+ROUND(L23*1.02,-2) -> 3700 | N23: =+ROUND(M23*1.02,-2) -> 3800 | O23: =+ROUND(N23*1.02,-2) -> 3900 | ... W23: =+ROUND(V23*1.02,-2) -> 4700
A24: 2 | B24: Demand Resource Plan | C24: 5500 | D24: =+ROUND(C24*1.02,-2) -> 5600 | E24: =+ROUND(D24*1.02,-2) -> 5700 | F24: =SUM(C24:E24) -> 16800 | G24: =+ROUND(E24*1.02,-2) -> 5800 | H24: =+ROUND(G24*1.02,-2) -> 5900 | I24: =+ROUND(H24*1.02,-2) -> 6000 | J24: =+ROUND(I24*1.02,-2) -> 6100 | K24: =+ROUND(J24*1.02,-2) -> 6200 | L24: =+ROUND(K24*1.02,-2) -> 6300 | M24: =+ROUND(L24*1.02,-2) -> 6400 | N24: =+ROUND(M24*1.02,-2) -> 6500 | O24: =+ROUND(N24*1.02,-2) -> 6600 | ... W24: =+ROUND(V24*1.02,-2) -> 7400
A25: 3 | B25: VSPC Participation (related strictly to energy efficiency matters) | C25: 1500 | D25: =+ROUND(C25*1.02,-2) -> 1500 | E25: =+ROUND(D25*1.02,-2) -> 1500 | F25: =SUM(C25:E25) -> 4500 | G25: =+ROUND(E25*1.02,-2) -> 1500 | H25: =+ROUND(G25*1.02,-2) -> 1500 | I25: =+ROUND(H25*1.02,-2) -> 1500 | J25: =+ROUND(I25*1.02,-2) -> 1500 | K25: =+ROUND(J25*1.02,-2) -> 1500 | L25: =+ROUND(K25*1.02,-2) -> 1500 | M25: =+ROUND(L25*1.02,-2) -> 1500 | N25: =+ROUND(M25*1.02,-2) -> 1500 | O25: =+ROUND(N25*1.02,-2) -> 1500 | ... W25: =+ROUND(V25*1.02,-2) -> 1500
B26: ISO-NE's FCM Administration & Coordination (FCM related work only) | C26: 23300 | D26: =+ROUND(C26*1.02,-2) -> 23800 | E26: =+ROUND(D26*1.02,-2) -> 24300 | F26: =SUM(C26:E26) -> 71400 | G26: =+ROUND(E26*1.02,-2) -> 24800 | H26: =+ROUND(G26*1.02,-2) -> 25300 | I26: =+ROUND(H26*1.02,-2) -> 25800 | J26: =+ROUND(I26*1.02,-2) -> 26300 | K26: =+ROUND(J26*1.02,-2) -> 26800 | L26: =+ROUND(K26*1.02,-2) -> 27300 | M26: =+ROUND(L26*1.02,-2) -> 27800 | N26: =+ROUND(M26*1.02,-2) -> 28400 | O26: =+ROUND(N26*1.02,-2) -> 29000 | ... W26: =+ROUND(V26*1.02,-2) -> 34000
A27: 5 | B27: Reporting | C27: 8200 | D27: =+ROUND(C27*1.02,-2) -> 8400 | E27: =+ROUND(D27*1.02,-2) -> 8600 | F27: =SUM(C27:E27) -> 25200 | G27: =+ROUND(E27*1.02,-2) -> 8800 | H27: =+ROUND(G27*1.02,-2) -> 9000 | I27: =+ROUND(H27*1.02,-2) -> 9200 | J27: =+ROUND(I27*1.02,-2) -> 9400 | K27: =+ROUND(J27*1.02,-2) -> 9600 | L27: =+ROUND(K27*1.02,-2) -> 9800 | M27: =+ROUND(L27*1.02,-2) -> 10000 | N27: =+ROUND(M27*1.02,-2) -> 10200 | O27: =+ROUND(N27*1.02,-2) -> 10400 | ... W27: =+ROUND(V27*1.02,-2) -> 12000
B28: =+B20 -> Annual Total | C28: =SUM(C23:C27) -> 41300 | D28: =SUM(D23:D27) -> 42200 | E28: =SUM(E23:E27) -> 43100 | F28: =SUM(F23:F27) -> 126600 | G28: =SUM(G23:G27) -> 44000 | H28: =SUM(H23:H27) -> 44900 | I28: =SUM(I23:I27) -> 45800 | J28: =SUM(J23:J27) -> 46700 | ... W28: =SUM(W23:W27) -> 59600
A30: 5. Evaluation
A31: 1 | B31: Annual Savings Verification | C31: 4000 | D31: =+ROUND(C31*1.02,-2) -> 4100 | E31: =+ROUND(D31*1.02,-2) -> 4200 | F31: =SUM(C31:E31) -> 12300 | G31: =+ROUND(E31*1.02,-2) -> 4300 | H31: =+ROUND(G31*1.02,-2) -> 4400 | I31: =+ROUND(H31*1.02,-2) -> 4500 | J31: =+ROUND(I31*1.02,-2) -> 4600 | K31: =+ROUND(J31*1.02,-2) -> 4700 | L31: =+ROUND(K31*1.02,-2) -> 4800 | M31: =+ROUND(L31*1.02,-2) -> 4900 | N31: =+ROUND(M31*1.02,-2) -> 5000 | O31: =+ROUND(N31*1.02,-2) -> 5100 | ... W31: =+ROUND(V31*1.02,-2) -> 5900
A32: 2 | B32: Technical Advisory Group | C32: 2200 | D32: =+ROUND(C32*1.02,-2) -> 2200 | E32: =+ROUND(D32*1.02,-2) -> 2200 | F32: =SUM(C32:E32) -> 6600 | G32: =+ROUND(E32*1.02,-2) -> 2200 | H32: =+ROUND(G32*1.02,-2) -> 2200 | I32: =+ROUND(H32*1.02,-2) -> 2200 | J32: =+ROUND(I32*1.02,-2) -> 2200 | K32: =+ROUND(J32*1.02,-2) -> 2200 | L32: =+ROUND(K32*1.02,-2) -> 2200 | M32: =+ROUND(L32*1.02,-2) -> 2200 | N32: =+ROUND(M32*1.02,-2) -> 2200 | O32: =+ROUND(N32*1.02,-2) -> 2200 | ... W32: =+ROUND(V32*1.02,-2) -> 2200
A33: 3 | B33: Technical Resource Manual | C33: 11600 | D33: =+ROUND(C33*1.02,-2) -> 11800 | E33: =+ROUND(D33*1.02,-2) -> 12000 | F33: =SUM(C33:E33) -> 35400 | G33: =+ROUND(E33*1.02,-2) -> 12200 | H33: =+ROUND(G33*1.02,-2) -> 12400 | I33: =+ROUND(H33*1.02,-2) -> 12600 | J33: =+ROUND(I33*1.02,-2) -> 12900 | K33: =+ROUND(J33*1.02,-2) -> 13200 | L33: =+ROUND(K33*1.02,-2) -> 13500 | M33: =+ROUND(L33*1.02,-2) -> 13800 | N33: =+ROUND(M33*1.02,-2) -> 14100 | O33: =+ROUND(N33*1.02,-2) -> 14400 | ... W33: =+ROUND(V33*1.02,-2) -> 16800
B34: Annual Total | C34: =SUM(C31:C33) -> 17800 | D34: =SUM(D31:D33) -> 18100 | E34: =SUM(E31:E33) -> 18400 | F34: =SUM(C34:E34) -> 54300 | G34: =SUM(G31:G33) -> 18700 | H34: =SUM(H31:H33) -> 19000 | I34: =SUM(I31:I33) -> 19300 | J34: =SUM(J31:J33) -> 19700 | K34: =SUM(K31:K33) -> 20100 | L34: =SUM(L31:L33) -> 20500 | M34: =SUM(M31:M33) -> 20900 | N34: =SUM(N31:N33) -> 21300 | ... W34: =SUM(W31:W33) -> 24900
A36: 6. Policy and Public Affairs (Related to BED EEU Matters Only)
A37: 1 | B37: Public Affairs | C37: 5700 | D37: =+ROUND(C37*1.02,-2) -> 5800 | E37: =+ROUND(D37*1.02,-2) -> 5900 | F37: =SUM(C37:E37) -> 17400 | G37: =+ROUND(E37*1.02,-2) -> 6000 | H37: =+ROUND(G37*1.02,-2) -> 6100 | I37: =+ROUND(H37*1.02,-2) -> 6200 | J37: =+ROUND(I37*1.02,-2) -> 6300 | K37: =+ROUND(J37*1.02,-2) -> 6400 | L37: =+ROUND(K37*1.02,-2) -> 6500 | M37: =+ROUND(L37*1.02,-2) -> 6600 | N37: =+ROUND(M37*1.02,-2) -> 6700 | O37: =+ROUND(N37*1.02,-2) -> 6800 | ... W37: =+ROUND(V37*1.02,-2) -> 7700
A38: 2 | B38: Regulatory Affairs (non-DRPP) | C38: 8800 | D38: =+ROUND(C38*1.02,-2) -> 9000 | E38: =+ROUND(D38*1.02,-2) -> 9200 | F38: =SUM(C38:E38) -> 27000 | G38: =+ROUND(E38*1.02,-2) -> 9400 | H38: =+ROUND(G38*1.02,-2) -> 9600 | I38: =+ROUND(H38*1.02,-2) -> 9800 | J38: =+ROUND(I38*1.02,-2) -> 10000 | K38: =+ROUND(J38*1.02,-2) -> 10200 | L38: =+ROUND(K38*1.02,-2) -> 10400 | M38: =+ROUND(L38*1.02,-2) -> 10600 | N38: =+ROUND(M38*1.02,-2) -> 10800 | O38: =+ROUND(N38*1.02,-2) -> 11000 | ... W38: =+ROUND(V38*1.02,-2) -> 12600
B39: Annual Total | C39: =SUM(C37:C38) -> 14500 | D39: =SUM(D37:D38) -> 14800 | E39: =SUM(E37:E38) -> 15100 | F39: =SUM(F37:F38) -> 44400 | G39: =SUM(G37:G38) -> 15400 | H39: =SUM(H37:H38) -> 15700 | I39: =SUM(I37:I38) -> 16000 | J39: =SUM(J37:J38) -> 16300 | ... W39: =SUM(W37:W38) -> 20300
A41: 7. Information Technology | C41: 24500 | D41: =+ROUND(C41*1.02,-2) -> 25000 | E41: =+ROUND(D41*1.02,-2) -> 25500 | F41: =SUM(C41:E41) -> 75000 | G41: =+ROUND(E41*1.02,-2) -> 26000 | H41: =+ROUND(G41*1.02,-2) -> 26500 | I41: =+ROUND(H41*1.02,-2) -> 27000 | J41: =+ROUND(I41*1.02,-2) -> 27500 | K41: =+ROUND(J41*1.02,-2) -> 28100 | L41: =+ROUND(K41*1.02,-2) -> 28700 | M41: =+ROUND(L41*1.02,-2) -> 29300 | N41: =+ROUND(M41*1.02,-2) -> 29900 | O41: =+ROUND(N41*1.02,-2) -> 30500 | ... W41: =+ROUND(V41*1.02,-2) -> 35700
B42: Annual Total | C42: =SUM(C41) -> 24500 | D42: =SUM(D41) -> 25000 | E42: =SUM(E41) -> 25500 | F42: =SUM(C42:E42) -> 75000 | G42: =SUM(G41) -> 26000 | H42: =SUM(H41) -> 26500 | I42: =SUM(I41) -> 27000 | J42: =SUM(J41) -> 27500 | K42: =SUM(K41) -> 28100 | L42: =SUM(L41) -> 28700 | M42: =SUM(M41) -> 29300 | N42: =SUM(N41) -> 29900 | ... W42: =SUM(W41) -> 35700
A44: 8. Administration - Non-Program Specific | C44: 25500 | D44: =+ROUND(C44*1.02,-2) -> 26000 | E44: =+ROUND(D44*1.02,-2) -> 26500 | F44: =SUM(C44:E44) -> 78000 | G44: =+ROUND(E44*1.02,-2) -> 27000 | H44: =+ROUND(G44*1.02,-2) -> 27500 | I44: =+ROUND(H44*1.02,-2) -> 28100 | J44: =+ROUND(I44*1.02,-2) -> 28700 | K44: =+ROUND(J44*1.02,-2) -> 29300 | L44: =+ROUND(K44*1.02,-2) -> 29900 | M44: =+ROUND(L44*1.02,-2) -> 30500 | N44: =+ROUND(M44*1.02,-2) -> 31100 | O44: =+ROUND(N44*1.02,-2) -> 31700 | ... W44: =+ROUND(V44*1.02,-2) -> 37100
A45: 2 | B45: External Reporting | C45: 0 | D45: 0 | E45: 0 | F45: 0 | G45: =+ROUND(E45*1.02,-2) -> 0 | H45: =+ROUND(G45*1.02,-2) -> 0 | I45: =+ROUND(H45*1.02,-2) -> 0 | J45: =+ROUND(I45*1.02,-2) -> 0 | K45: =+ROUND(J45*1.02,-2) -> 0 | L45: =+ROUND(K45*1.02,-2) -> 0 | M45: =+ROUND(L45*1.02,-2) -> 0
B46: Annual Total | C46: =SUM(C44:C45) -> 25500 | D46: =SUM(D44:D45) -> 26000 | E46: =SUM(E44:E45) -> 26500 | F46: =SUM(C46:E46) -> 78000 | G46: =SUM(G44:G45) -> 27000 | H46: =SUM(H44:H45) -> 27500 | I46: =SUM(I44:I45) -> 28100 | J46: =SUM(J44:J45) -> 28700 | K46: =SUM(K44:K45) -> 29300 | L46: =SUM(L44:L45) -> 29900 | M46: =SUM(M44:M45) -> 30500 | N46: =SUM(N44:N45) -> 31100 | ... W46: =SUM(W44:W45) -> 37100
A48: Total | C48: =+C46+C42+C39+C34+C28+C20+C10+C15 -> 230076 | D48: =+D46+D42+D39+D34+D28+D20+D10+D15 -> 234700 | E48: =+E46+E42+E39+E34+E28+E20+E10+E15 -> 239300 | F48: =SUM(C48:E48) -> 704076 | G48: =+G46+G42+G39+G34+G28+G20+G10+G15 -> 227500 | H48: =+H46+H42+H39+H34+H28+H20+H10+H15 -> 231800 | I48: =+I46+I42+I39+I34+I28+I20+I10+I15 -> 236200 | J48: =+J46+J42+J39+J34+J28+J20+J10+J15 -> 240800 | K48: =+K46+K42+K39+K34+K28+K20+K10+K15 -> 245600 | L48: =+L46+L42+L39+L34+L28+L20+L10+L15 -> 250400 | M48: =+M46+M42+M39+M34+M28+M20+M10+M15 -> 255300 | N48: =+N46+N42+N39+N34+N28+N20+N10+N15 -> 260300 | ... W48: =+W46+W42+W39+W34+W28+W20+W10+W15 -> 309100
H49: `
A50: BED EEU Delivery Budget | C50: 2337666 | D50: 2513980 | E50: 2696148 | F50: 7594547.3 | G50: 2780381.5 | H50: 2868773.1 | I50: 2966063.1 | J50: 3056968.3 | K50: 3149248.6 | L50: 3243315.1 | M50: 3349072.2 | N50: 3453508.3 | O50: 3568529.7 | P50: 3648110.6 | Q50: 3764670.9 | R50: 3881651.4 | S50: 4004169.2 | T50: 4149095.2 | U50: 4273568 | V50: 4401775.1 | W50: 4533828.3
A51: NRA % of EEU Delivery Budget | C51: =+C48/C50 -> 0.098421246 | D51: =+D48/D50 -> 0.093357942 | E51: =+E48/E50 -> 0.088756255 | F51: =+F48/F50 -> 0.092708093 | G51: =+G48/G50 -> 0.081823303 | H51: =+H48/H50 -> 0.080801091 | I51: =+I48/I50 -> 0.079634179 | J51: =+J48/J50 -> 0.078770853 | ... W51: =+W48/W50 -> 0.068176379
F54: =F48+'BED TEPF NRA'!E12 -> 736976

Sheet BED TEPF NRA
A1: BED EEU DRP Thermal Energy Process Fuels Program NRA Budgets Recommendations for 2015-2034
A3: Years | B3: 2015 | C3: 2016 | D3: 2017 | E3: 3 Yr. Total | F3: =+D3+1 -> 2018 | G3: =+F3+1 -> 2019 | H3: =+G3+1 -> 2020 | I3: =+H3+1 -> 2021 | J3: =+I3+1 -> 2022 | K3: =+J3+1 -> 2023 | L3: =+K3+1 -> 2024
A5: Education | B5: 2500 | C5: =+ROUND(B5*1.02,-2) -> 2600 | D5: =+ROUND(C5*1.02,-2) -> 2700 | E5: =SUM(B5:D5) -> 7800 | F5: =+ROUND(D5*1.02,-2) -> 2800 | G5: =+ROUND(F5*1.02,-2) -> 2900 | H5: =+ROUND(G5*1.02,-2) -> 3000 | I5: =+ROUND(H5*1.02,-2) -> 3100 | J5: =+ROUND(I5*1.02,-2) -> 3200 | K5: =+ROUND(J5*1.02,-2) -> 3300 | L5: =+ROUND(K5*1.02,-2) -> 3400
A6: Applied R&D | B6: 1000 | C6: =+ROUND(B6*1.02,-2) -> 1000 | D6: =+ROUND(C6*1.02,-2) -> 1000 | E6: =SUM(B6:D6) -> 3000 | F6: =+ROUND(D6*1.02,-2) -> 1000 | G6: =+ROUND(F6*1.02,-2) -> 1000 | H6: =+ROUND(G6*1.02,-2) -> 1000 | I6: =+ROUND(H6*1.02,-2) -> 1000 | J6: =+ROUND(I6*1.02,-2) -> 1000 | K6: =+ROUND(J6*1.02,-2) -> 1000 | L6: =+ROUND(K6*1.02,-2) -> 1000
A7: Planning and Reporting | B7: 1250 | C7: =+ROUND(B7*1.02,-2) -> 1300 | D7: =+ROUND(C7*1.02,-2) -> 1300 | E7: =SUM(B7:D7) -> 3850 | F7: =+ROUND(D7*1.02,-2) -> 1300 | G7: =+ROUND(F7*1.02,-2) -> 1300 | H7: =+ROUND(G7*1.02,-2) -> 1300 | I7: =+ROUND(H7*1.02,-2) -> 1300 | J7: =+ROUND(I7*1.02,-2) -> 1300 | K7: =+ROUND(J7*1.02,-2) -> 1300 | L7: =+ROUND(K7*1.02,-2) -> 1300
A8: Evaluation | B8: 750 | C8: =+ROUND(B8*1.02,-2) -> 800 | D8: =+ROUND(C8*1.02,-2) -> 800 | E8: =SUM(B8:D8) -> 2350 | F8: =+ROUND(D8*1.02,-2) -> 800 | G8: =+ROUND(F8*1.02,-2) -> 800 | H8: =+ROUND(G8*1.02,-2) -> 800 | I8: =+ROUND(H8*1.02,-2) -> 800 | J8: =+ROUND(I8*1.02,-2) -> 800 | K8: =+ROUND(J8*1.02,-2) -> 800 | L8: =+ROUND(K8*1.02,-2) -> 800
A9: Policy and Public Affairs | B9: 1000 | C9: =+ROUND(B9*1.02,-2) -> 1000 | D9: =+ROUND(C9*1.02,-2) -> 1000 | E9: =SUM(B9:D9) -> 3000 | F9: =+ROUND(D9*1.02,-2) -> 1000 | G9: =+ROUND(F9*1.02,-2) -> 1000 | H9: =+ROUND(G9*1.02,-2) -> 1000 | I9: =+ROUND(H9*1.02,-2) -> 1000 | J9: =+ROUND(I9*1.02,-2) -> 1000 | K9: =+ROUND(J9*1.02,-2) -> 1000 | L9: =+ROUND(K9*1.02,-2) -> 1000
A10: IT | B10: 750 | C10: =+ROUND(B10*1.02,-2) -> 800 | D10: =+ROUND(C10*1.02,-2) -> 800 | E10: =SUM(B10:D10) -> 2350 | F10: =+ROUND(D10*1.02,-2) -> 800 | G10: =+ROUND(F10*1.02,-2) -> 800 | H10: =+ROUND(G10*1.02,-2) -> 800 | I10: =+ROUND(H10*1.02,-2) -> 800 | J10: =+ROUND(I10*1.02,-2) -> 800 | K10: =+ROUND(J10*1.02,-2) -> 800 | L10: =+ROUND(K10*1.02,-2) -> 800
A11: General Administration | B11: 3450 | C11: =+ROUND(B11*1.02,-2) -> 3500 | D11: =+ROUND(C11*1.02,-2) -> 3600 | E11: =SUM(B11:D11) -> 10550 | F11: =+ROUND(D11*1.02,-2) -> 3700 | G11: =+ROUND(F11*1.02,-2) -> 3800 | H11: =+ROUND(G11*1.02,-2) -> 3900 | I11: =+ROUND(H11*1.02,-2) -> 4000 | J11: =+ROUND(I11*1.02,-2) -> 4100 | K11: =+ROUND(J11*1.02,-2) -> 4200 | L11: =+ROUND(K11*1.02,-2) -> 4300
A12: Total | B12: =SUM(B4:B11) -> 10700 | C12: =SUM(C4:C11) -> 11000 | D12: =SUM(D4:D11) -> 11200 | E12: =SUM(B12:D12) -> 32900 | F12: =SUM(F4:F11) -> 11400 | G12: =SUM(G4:G11) -> 11600 | H12: =SUM(H4:H11) -> 11800 | I12: =SUM(I4:I11) -> 12000 | J12: =SUM(J4:J11) -> 12200 | K12: =SUM(K4:K11) -> 12400 | L12: =SUM(L4:L11) -> 12600
A15: RA and NRA per DPS 1/10/2014 Filing | B15: 107100 | C15: =B15*1.02 -> 109242 | D15: =C15*1.02 -> 111426.84 | E15: =SUM(B15:D15) -> 327768.84 | F15: =D15*1.02 -> 113655.38 | G15: =F15*1.02 -> 115928.48 | H15: =G15*1.02 -> 118247.05 | I15: =H15*1.02 -> 120612 | J15: =I15*1.02 -> 123024.24 | K15: =J15*1.02 -> 125484.72 | L15: =K15*1.02 -> 127994.41
A16: NRA % of TEPF Budget | B16: =+B12/B15 -> 0.099906629 | C16: =+C12/C15 -> 0.10069387 | D16: =+D12/D15 -> 0.10051438 | E16: =+E12/E15 -> 0.10037562 | F16: =+F12/F15 -> 0.10030322 | G16: =+G12/G15 -> 0.10006169 | H16: =+H12/H15 -> 0.09979107 | I16: =+I12/I15 -> 0.099492592 | ... L16: =+L12/L15 -> 0.098441796

Sheet VEIC RA Supplemental
A1: Scenario #2: Sustained Growth
A2: inflation adjustment: | B2: =B4/B14 -> 1.0246313 | C2: =C4/C14 -> 1.0437548 | D2: =D4/D14 -> 1.0634341 | E2: =E4/E14 -> 1.0844614 | F2: =F4/F14 -> 1.1058211 | G2: =G4/G14 -> 1.127634 | H2: =H4/H14 -> 1.1499487 | I2: =I4/I14 -> 1.1726376 | ... U2: =U4/U14 -> 1.4391162
A3: Appendix A: EEU Program Electric Budgets - 2012-2031 DRPP | B3: 2015 | C3: 2016 | D3: 2017 | E3: 2018 | F3: 2019 | G3: 2020 | H3: 2021 | I3: 2022 | J3: 2023 | K3: 2024 | L3: 2025 | M3: 2026 | N3: 2027 | O3: 2028 | P3: 2029 | Q3: 2030 | R3: 2031 | S3: 2032 | T3: 2033 | U3: 2034
A4: EVT Electric Resource Acquistion Budgets (Nominal Dollars) | B4: 40340759 | C4: 43469256 | D4: 46584795 | E4: 48034051 | F4: 49645840 | G4: 51279154 | H4: 52828643 | I4: 54549928 | J4: 56254913 | K4: 58069805 | L4: 59920919 | M4: 61707337 | N4: 63157477 | O4: 65086641 | P4: 66982240 | Q4: 69058751 | R4: 71418979 | S4: 72426971 | T4: 74198237 | U4: 75969503
A6: Dec 6, 2013 filing (Real 2015 $) | B6: 2015 | C6: 2016 | D6: 2017 | E6: 2018 | F6: 2019 | G6: 2020 | H6: 2021 | I6: 2022 | J6: 2023 | K6: 2024 | L6: 2025 | M6: 2026 | N6: 2027 | O6: 2028 | P6: 2029 | Q6: 2030 | R6: 2031 | S6: 2032 | T6: 2033 | U6: 2034
A7: C&I | B7: 27610000 | C7: 28248000 | D7: 29290000 | E7: 28168000 | F7: 28525000 | G7: 28859000 | H7: 29199000 | I7: 29540000 | J7: 28465000 | K7: 28811000 | L7: 29144000 | M7: 29441000 | N7: 29540000 | O7: 28270000 | P7: 28524000 | Q7: 28830000 | R7: 29232000 | S7: 29549000 | T7: 28757000 | U7: 29072000
A8: RES | B8: 14228000 | C8: 15932000 | D8: 17221000 | E8: 18825000 | F8: 19080000 | G8: 19326000 | H8: 19524000 | I8: 19769000 | J8: 21491000 | K8: 21755000 | L8: 22013000 | M8: 22228000 | N8: 22306000 | O8: 24114000 | P8: 24334000 | Q8: 24601000 | R8: 24949000 | S8: 25228000 | T8: 26618000 | U8: 26915000
A9: TOTAL RA Budget | B9: =SUM(B7:B8) -> 41838000 | C9: =SUM(C7:C8) -> 44180000 | D9: =SUM(D7:D8) -> 46511000 | E9: =SUM(E7:E8) -> 46993000 | F9: =SUM(F7:F8) -> 47605000 | G9: =SUM(G7:G8) -> 48185000 | H9: =SUM(H7:H8) -> 48723000 | I9: =SUM(I7:I8) -> 49309000 | ... U9: =SUM(U7:U8) -> 55987000
A11: April 8, 2014 Budget Revision (Real 2015 $) | B11: 2015 | C11: 2016 | D11: 2017 | E11: 2018 | F11: 2019 | G11: 2020 | H11: 2021 | I11: 2022 | J11: 2023 | K11: 2024 | L11: 2025 | M11: 2026 | N11: 2027 | O11: 2028 | P11: 2029 | Q11: 2030 | R11: 2031 | S11: 2032 | T11: 2033 | U11: 2034
A12: C&I | B12: 25985000 | C12: 26654000 | D12: 27598000 | E12: 26576000 | F12: 26937000 | G12: 27285000 | H12: 27564000 | I12: 27911000 | J12: 26815000 | K12: 27144000 | L12: 27466000 | M12: 27736000 | N12: 27833000 | O12: 26646000 | P12: 26889000 | Q12: 27185000 | R12: 27570000 | S12: 27878000 | T12: 27146000 | U12: 27450000
A13: RES | B13: 13386000 | C13: 14993000 | D13: 16208000 | E13: 17717000 | F13: 17958000 | G13: 18190000 | H13: 18376000 | I13: 18608000 | J13: 20229000 | K13: 20477000 | L13: 20720000 | M13: 20923000 | N13: 20997000 | O13: 22698000 | P13: 22905000 | Q13: 23157000 | R13: 23485000 | S13: 23748000 | T13: 25058000 | U13: 25339000
A14: Total RA Budget | B14: =SUM(B12:B13) -> 39371000 | C14: =SUM(C12:C13) -> 41647000 | D14: =SUM(D12:D13) -> 43806000 | E14: =SUM(E12:E13) -> 44293000 | F14: =SUM(F12:F13) -> 44895000 | G14: =SUM(G12:G13) -> 45475000 | H14: =SUM(H12:H13) -> 45940000 | I14: =SUM(I12:I13) -> 46519000 | ... U14: =SUM(U12:U13) -> 52789000
B15: =B13/B14 -> 0.33999644 | C15: =C13/C14 -> 0.36000192 | D15: =D13/D14 -> 0.36999498 | E15: =E13/E14 -> 0.39999548 | F15: =F13/F14 -> 0.4 | G15: =G13/G14 -> 0.4 | H15: =H13/H14 -> 0.4 | I15: =I13/I14 -> 0.4000086 | ... U15: =U13/U14 -> 0.4800053
A16: Variance: April 8, 2014 vs Dec 6, 2013 filing (Real 2015 $) | B16: 2015 | C16: 2016 | D16: 2017 | E16: 2018 | F16: 2019 | G16: 2020 | H16: 2021 | I16: 2022 | J16: 2023 | K16: 2024 | L16: 2025 | M16: 2026 | N16: 2027 | O16: 2028 | P16: 2029 | Q16: 2030 | R16: 2031 | S16: 2032 | T16: 2033 | U16: 2034
A17: C&I | B17: =B12-B7 -> -1625000 | C17: =C12-C7 -> -1594000 | D17: =D12-D7 -> -1692000 | E17: =E12-E7 -> -1592000 | F17: =F12-F7 -> -1588000 | G17: =G12-G7 -> -1574000 | H17: =H12-H7 -> -1635000 | I17: =I12-I7 -> -1629000 | ... U17: =U12-U7 -> -1622000
A18: RES | B18: =B13-B8 -> -842000 | C18: =C13-C8 -> -939000 | D18: =D13-D8 -> -1013000 | E18: =E13-E8 -> -1108000 | F18: =F13-F8 -> -1122000 | G18: =G13-G8 -> -1136000 | H18: =H13-H8 -> -1148000 | I18: =I13-I8 -> -1161000 | ... U18: =U13-U8 -> -1576000
A19: TOTAL RA Budget | B19: =SUM(B17:B18) -> -2467000 | C19: =SUM(C17:C18) -> -2533000 | D19: =SUM(D17:D18) -> -2705000 | E19: =SUM(E17:E18) -> -2700000 | F19: =SUM(F17:F18) -> -2710000 | G19: =SUM(G17:G18) -> -2710000 | H19: =SUM(H17:H18) -> -2783000 | I19: =SUM(I17:I18) -> -2790000 | ... U19: =SUM(U17:U18) -> -3198000
A20: % Difference | B20: =B19/B9 -> -0.058965534 | C20: =C19/C9 -> -0.057333635 | D20: =D19/D9 -> -0.058158285 | E20: =E19/E9 -> -0.057455366 | F20: =F19/F9 -> -0.056926793 | G20: =G19/G9 -> -0.056241569 | H20: =H19/H9 -> -0.057118815 | I20: =I19/I9 -> -0.056581963 | ... U20: =U19/U9 -> -0.057120403
A22: Dec 6, 2013 filing Savings | B22: 2015 | C22: 2016 | D22: 2017 | E22: 2018 | F22: 2019 | G22: 2020 | H22: 2021 | I22: 2022 | J22: 2023 | K22: 2024 | L22: 2025 | M22: 2026 | N22: 2027 | O22: 2028 | P22: 2029 | Q22: 2030 | R22: 2031 | S22: 2032 | T22: 2033 | U22: 2034
A23: C&I | B23: 65759.879 | C23: 64059.684 | D23: 62398.826 | E23: 58566.981 | F23: 58798.648 | G23: 58336.905 | H23: 56617.241 | I23: 55973.206 | J23: 52823.29 | K23: 54015.261 | L23: 53402.922 | M23: 53092.717 | N23: 52019.422 | O23: 48556.051 | P23: 49510.231 | Q23: 49025.457 | R23: 48678.305 | S23: 48034.054 | T23: 45491.266 | U23: 45786.676
A24: RES | B24: 41478.738 | C24: 45600.943 | D24: 48704.41 | E24: 48064.316 | F24: 51069.386 | G24: 40785.902 | H24: 38044.614 | I24: 37194.376 | J24: 38792.405 | K24: 39528.508 | L24: 40269.164 | M24: 40939.999 | N24: 41170.419 | O24: 43054.922 | P24: 43153.095 | Q24: 43589.915 | R24: 44143.377 | S24: 44533.361 | T24: 45715.804 | U24: 46109.821
A25: TOTAL | B25: =SUM(B23:B24) -> 107238.62 | C25: =SUM(C23:C24) -> 109660.63 | D25: =SUM(D23:D24) -> 111103.24 | E25: =SUM(E23:E24) -> 106631.3 | F25: =SUM(F23:F24) -> 109868.03 | G25: =SUM(G23:G24) -> 99122.807 | H25: =SUM(H23:H24) -> 94661.855 | I25: =SUM(I23:I24) -> 93167.582 | ... U25: =SUM(U23:U24) -> 91896.498
A27: PROXY YIELD: $/MWh Savings (from Dec 6, 2013 filing) | B27: 2015 | C27: 2016 | D27: 2017 | E27: 2018 | F27: 2019 | G27: 2020 | H27: 2021 | I27: 2022 | J27: 2023 | K27: 2024 | L27: 2025 | M27: 2026 | N27: 2027 | O27: 2028 | P27: 2029 | Q27: 2030 | R27: 2031 | S27: 2032 | T27: 2033 | U27: 2034
A28: C&I | B28: =B7/B23 -> 419.86087 | C28: =C7/C23 -> 440.96377 | D28: =D7/D23 -> 469.39986 | E28: =E7/E23 -> 480.95359 | F28: =F7/F23 -> 485.13021 | G28: =G7/G23 -> 494.69542 | H28: =H7/H23 -> 515.7263 | I28: =I7/I23 -> 527.75251 | ... U28: =U7/U23 -> 634.94454
A29: RES | B29: =B8/B24 -> 343.01911 | C29: =C8/C24 -> 349.37874 | D29: =D8/D24 -> 353.58194 | E29: =E8/E24 -> 391.66271 | F29: =F8/F24 -> 373.60935 | G29: =G8/G24 -> 473.8402 | H29: =H8/H24 -> 513.18696 | I29: =I8/I24 -> 531.50508 | ... U29: =U8/U24 -> 583.71513
A31: April 8, 2014 MWh Savings Revision | B31: 2015 | C31: 2016 | D31: 2017 | E31: 2018 | F31: 2019 | G31: 2020 | H31: 2021 | I31: 2022 | J31: 2023 | K31: 2024 | L31: 2025 | M31: 2026 | N31: 2027 | O31: 2028 | P31: 2029 | Q31: 2030 | R31: 2031 | S31: 2032 | T31: 2033 | U31: 2034
A32: C&I | B32: =B12/B28 -> 61889.549 | C32: =C12/C28 -> 60444.875 | D32: =D12/D28 -> 58794.223 | E32: =E12/E28 -> 55256.891 | F32: =F12/F28 -> 55525.3 | G32: =G12/G28 -> 55155.149 | H32: =H12/H28 -> 53446.954 | I32: =I12/I28 -> 52886.532 | ... U32: =U12/U28 -> 43232.123
A33: RES | B33: =B13/B29 -> 39024.065 | C33: =C13/C29 -> 42913.316 | D33: =D13/D29 -> 45839.445 | E33: =E13/E29 -> 45235.351 | F33: =F13/F29 -> 48066.249 | G33: =G13/G29 -> 38388.47 | H33: =H13/H29 -> 35807.613 | I33: =I13/I29 -> 35010.013 | ... U33: =U13/U29 -> 43409.874
A34: TOTAL MWh savings | B34: =SUM(B32:B33) -> 100913.61 | C34: =SUM(C32:C33) -> 103358.19 | D34: =SUM(D32:D33) -> 104633.67 | E34: =SUM(E32:E33) -> 100492.24 | F34: =SUM(F32:F33) -> 103591.55 | G34: =SUM(G32:G33) -> 93543.619 | H34: =SUM(H32:H33) -> 89254.567 | I34: =SUM(I32:I33) -> 87896.545 | ... U34: =SUM(U32:U33) -> 86641.997
A36: Variance: April 8, 2014 vs Dec 6, 2013 filing | B36: 2015 | C36: 2016 | D36: 2017 | E36: 2018 | F36: 2019 | G36: 2020 | H36: 2021 | I36: 2022 | J36: 2023 | K36: 2024 | L36: 2025 | M36: 2026 | N36: 2027 | O36: 2028 | P36: 2029 | Q36: 2030 | R36: 2031 | S36: 2032 | T36: 2033 | U36: 2034
A37: C&I | B37: =B32-B23 -> -3870.3297 | C37: =C32-C23 -> -3614.8094 | D37: =D32-D23 -> -3604.6027 | E37: =E32-E23 -> -3310.0907 | F37: =F32-F23 -> -3273.348 | G37: =G32-G23 -> -3181.7557 | H37: =H32-H23 -> -3170.2863 | I37: =I32-I23 -> -3086.6741 | ... U37: =U32-U23 -> -2554.5538
A38: RES | B38: =B33-B24 -> -2454.6737 | C38: =C33-C24 -> -2687.6278 | D38: =D33-D24 -> -2864.9653 | E38: =E33-E24 -> -2828.9648 | F38: =F33-F24 -> -3003.1368 | G38: =G33-G24 -> -2397.4327 | H38: =H33-H24 -> -2237.0015 | I38: =I33-I24 -> -2184.3629 | ... U38: =U33-U24 -> -2699.9472
A39: TOTAL | B39: =SUM(B37:B38) -> -6325.0034 | C39: =SUM(C37:C38) -> -6302.4372 | D39: =SUM(D37:D38) -> -6469.568 | E39: =SUM(E37:E38) -> -6139.0554 | F39: =SUM(F37:F38) -> -6276.4849 | G39: =SUM(G37:G38) -> -5579.1885 | H39: =SUM(H37:H38) -> -5407.2877 | I39: =SUM(I37:I38) -> -5271.037 | ... U39: =SUM(U37:U38) -> -5254.501
A40: % Difference | B40: =B39/B25 -> -0.058980651 | C40: =C39/C25 -> -0.057472197 | D40: =D39/D25 -> -0.058230239 | E40: =E39/E25 -> -0.057572735 | F40: =F39/F25 -> -0.057127489 | G40: =G39/G25 -> -0.056285618 | H40: =H39/H25 -> -0.05712214 | I40: =I39/I25 -> -0.05657587 | ... U40: =U39/U25 -> -0.057178469

Sheet VEIC Est RA Yields
B2: ='Scen 2 Budgets'!B4 -> 2015 | C2: ='Scen 2 Budgets'!C4 -> 2016 | D2: ='Scen 2 Budgets'!D4 -> 2017 | E2: ='Scen 2 Budgets'!E4 -> 2018 | F2: ='Scen 2 Budgets'!F4 -> 2019 | G2: ='Scen 2 Budgets'!G4 -> 2020 | H2: ='Scen 2 Budgets'!H4 -> 2021 | I2: ='Scen 2 Budgets'!I4 -> 2022 | ... U2: ='Scen 2 Budgets'!U4 -> 2034
A3: DPS Recommendation
A4: C/I | B4: =B6*B44 -> 25972037 | C4: =C6*C44 -> 27174362 | D4: =D6*D44 -> 28700145 | E4: =E6*E44 -> 28820647 | F4: =F6*F44 -> 29787504 | G4: =G6*G44 -> 30767492 | H4: =H6*H44 -> 31697186 | I4: =I6*I44 -> 32729488 | ... U4: =U6*U44 -> 39503739
A5: Res | B5: =B6*B43 -> 13379322 | C5: =C6*C43 -> 15285706 | D5: =D6*D43 -> 16855278 | E5: =E6*E43 -> 19213403 | F5: =F6*F43 -> 19858336 | G5: =G6*G43 -> 20511662 | H5: =H6*H43 -> 21131457 | I5: =I6*I43 -> 21820440 | ... U5: =U6*U43 -> 36465764
A6: EVT RA (nominal) | B6: ='DPS Recommendation'!C7 -> 39351359 | C6: ='DPS Recommendation'!D7 -> 42460068 | D6: ='DPS Recommendation'!E7 -> 45555423 | E6: ='DPS Recommendation'!G7 -> 48034051 | F6: ='DPS Recommendation'!H7 -> 49645840 | G6: ='DPS Recommendation'!I7 -> 51279154 | H6: ='DPS Recommendation'!J7 -> 52828643 | I6: ='DPS Recommendation'!K7 -> 54549928 | J6: ='DPS Recommendation'!L7 -> 56254913 | K6: ='DPS Recommendation'!M7 -> 58069805 | L6: ='DPS Recommendation'!N7 -> 59920919 | ... U6: ='DPS Recommendation'!W7 -> 75969503
A8: Estimated (Modeled) MWh Savings
A9: C/I | B9: =B4/B23 -> 59673.685 | C9: =C4/C23 -> 57636.172 | D9: =D4/D23 -> 55407.103 | E9: =E4/E23 -> 52647.221 | F9: =F4/F23 -> 52782.606 | G9: =G4/G23 -> 52348.849 | H9: =H4/H23 -> 50497.53 | I9: =I4/I23 -> 49837.456 | ... U9: =U4/U23 -> 38826.971
A10: RES | B10: =B5/B24 -> 30854.388 | C10: =C5/C24 -> 34338.147 | D10: =D5/D24 -> 36890.953 | E10: =E5/E24 -> 36637.257 | F10: =F5/F24 -> 39449.627 | G10: =G5/G24 -> 28780.544 | H10: =H5/H24 -> 25643.76 | I10: =I5/I24 -> 24381.08 | ... U10: =U5/U24 -> 29480.064
A11: Total | B11: =SUM(B9:B10) -> 90528.073 | C11: =SUM(C9:C10) -> 91974.319 | D11: =SUM(D9:D10) -> 92298.056 | E11: =SUM(E9:E10) -> 89284.478 | F11: =SUM(F9:F10) -> 92232.233 | G11: =SUM(G9:G10) -> 81129.392 | H11: =SUM(H9:H10) -> 76141.29 | I11: =SUM(I9:I10) -> 74218.536 | ... U11: =SUM(U9:U10) -> 68307.035
A13: Estimated MW
A14: Estimated Summer MW | B14: =B6/B32 -> 14.239203 | C14: =C6/C32 -> 14.03851 | D14: =D6/D32 -> 13.431664 | E14: =E6/E32 -> 13.245179 | F14: =F6/F32 -> 13.503468 | G14: =G6/G32 -> 11.664322 | H14: =H6/H32 -> 11.109057 | I14: =I6/I32 -> 10.660704 | ... U14: =U6/U32 -> 7.574222
A15: Estimated Winter MW | B15: =B6/B33 -> 14.593177 | C15: =C6/C33 -> 14.598694 | D15: =D6/D33 -> 14.333005 | E15: =E6/E33 -> 15.192664 | F15: =F6/F33 -> 15.544562 | G15: =G6/G33 -> 11.698716 | H15: =H6/H33 -> 11.050468 | I15: =I6/I33 -> 10.293302 | ... U15: =U6/U33 -> 7.4570014
A17: Estimated TRB
A18: C&I | B18: =B4/B36 -> 66048252 | C18: =C4/C71 -> 66624426 | D18: =D4/D71 -> 66316696 | E18: =E4/E71 -> 64610267 | F18: =F4/F71 -> 67256761 | G18: =G4/G71 -> 68451487 | H18: =H4/H71 -> 64851813 | I18: =I4/I71 -> 64591452 | J18: =J4/J71 -> 61055057 | ... U18: =U4/U71 -> 55006627
A19: RES | B19: =B5/B37 -> 46637115 | C19: =C5/C75 -> 50510654 | D19: =D5/D75 -> 53958817 | E19: =E5/E75 -> 55460429 | F19: =F5/F75 -> 57753353 | G19: =G5/G75 -> 61535110 | H19: =H5/H75 -> 58967937 | I19: =I5/I75 -> 57616631 | J19: =J5/J75 -> 59487990 | ... U19: =U5/U75 -> 67923417
A20: Total | B20: =SUM(B18:B19) -> 1.1268537e+08 | C20: =SUM(C18:C19) -> 1.1713508e+08 | D20: =SUM(D18:D19) -> 1.2027551e+08 | E20: =SUM(E18:E19) -> 1.200707e+08 | F20: =SUM(F18:F19) -> 1.2501011e+08 | G20: =SUM(G18:G19) -> 1.299866e+08 | H20: =SUM(H18:H19) -> 1.2381975e+08 | I20: =SUM(I18:I19) -> 1.2220808e+08 | ... U20: =SUM(U18:U19) -> 1.2293004e+08
A22: EQUIPMENT PROXY YIELD: $/MWh Savings (nominal dollars)
A23: C&I | B23: =B51*'VEIC RA Supplemental'!B2 -> 435.23434 | C23: =C51*'VEIC RA Supplemental'!C2 -> 471.48103 | D23: =D51*'VEIC RA Supplemental'!D2 -> 517.98675 | E23: =E51*'VEIC RA Supplemental'!E2 -> 547.4296 | F23: =F51*'VEIC RA Supplemental'!F2 -> 564.34319 | G23: =G51*'VEIC RA Supplemental'!G2 -> 587.73962 | H23: =H51*'VEIC RA Supplemental'!H2 -> 627.69775 | I23: =I51*'VEIC RA Supplemental'!I2 -> 656.7247 | ... U23: =U51*'VEIC RA Supplemental'!U2 -> 1017.4303
A24: RES | B24: =B55*'VEIC RA Supplemental'!B2 -> 433.62786 | C24: =C55*'VEIC RA Supplemental'!C2 -> 445.15233 | D24: =D55*'VEIC RA Supplemental'!D2 -> 456.89461 | E24: =E55*'VEIC RA Supplemental'!E2 -> 524.42254 | F24: =F55*'VEIC RA Supplemental'!F2 -> 503.38463 | G24: =G55*'VEIC RA Supplemental'!G2 -> 712.69194 | H24: =H55*'VEIC RA Supplemental'!H2 -> 824.03897 | I24: =I55*'VEIC RA Supplemental'!I2 -> 894.97431 | ... U24: =U55*'VEIC RA Supplemental'!U2 -> 1236.9635
A26: EQUIPMENT PROXY YIELD: $/MW (nominal dollars)
A27: VEIC Modeled RA Budget S2 | B27: ='Scen 2 Budgets'!B56 -> 41837369 | C27: ='Scen 2 Budgets'!C56 -> 44179417 | D27: ='Scen 2 Budgets'!D56 -> 46511269 | E27: ='Scen 2 Budgets'!E56 -> 46993743 | F27: ='Scen 2 Budgets'!F56 -> 47604968 | G27: ='Scen 2 Budgets'!G56 -> 48185145 | H27: ='Scen 2 Budgets'!H56 -> 48722853 | I27: ='Scen 2 Budgets'!I56 -> 49308828 | ... U27: ='Scen 2 Budgets'!U56 -> 55987830
A28: VEIC Modeled Summer KW | B28: ='Scen 2 Summer & Winter MW'!B20 -> 16.817236 | C28: ='Scen 2 Summer & Winter MW'!C20 -> 17.040639 | D28: ='Scen 2 Summer & Winter MW'!D20 -> 16.848531 | E28: ='Scen 2 Summer & Winter MW'!E20 -> 16.711088 | F28: ='Scen 2 Summer & Winter MW'!F20 -> 17.334167 | G28: ='Scen 2 Summer & Winter MW'!G20 -> 15.605116 | H28: ='Scen 2 Summer & Winter MW'!H20 -> 15.30318 | I28: ='Scen 2 Summer & Winter MW'!I20 -> 15.094695 | ... U28: ='Scen 2 Summer & Winter MW'!U20 -> 14.254063
A29: VEIC Modeled Winter KW | B29: ='Scen 2 Summer & Winter MW'!B38 -> 17.169039 | C29: ='Scen 2 Summer & Winter MW'!C38 -> 17.596811 | D29: ='Scen 2 Summer & Winter MW'!D38 -> 17.769953 | E29: ='Scen 2 Summer & Winter MW'!E38 -> 18.742523 | F29: ='Scen 2 Summer & Winter MW'!F38 -> 19.516014 | G29: ='Scen 2 Summer & Winter MW'!G38 -> 15.580969 | H29: ='Scen 2 Summer & Winter MW'!H38 -> 15.177556 | I29: ='Scen 2 Summer & Winter MW'!I38 -> 14.611172 | ... U29: ='Scen 2 Summer & Winter MW'!U38 -> 14.087132
A30: Summer $/KW from VEIC with Behavior measures | B30: =B27/B28*'VEIC RA Supplemental'!B2 -> 2549044.3 | C30: =C27/C28*'VEIC RA Supplemental'!C2 -> 2706029.9 | D30: =D27/D28*'VEIC RA Supplemental'!D2 -> 2935666.6 | E30: =E27/E28*'VEIC RA Supplemental'!E2 -> 3049645.9 | F30: =F27/F28*'VEIC RA Supplemental'!F2 -> 3036925.8 | G30: =G27/G28*'VEIC RA Supplemental'!G2 -> 3481884.1 | H30: =H27/H28*'VEIC RA Supplemental'!H2 -> 3661250.9 | I30: =I27/I28*'VEIC RA Supplemental'!I2 -> 3830576.7 | ... U30: =U27/U28*'VEIC RA Supplemental'!U2 -> 5652633.1
A31: Winter $/KW from VEIC with Behavior measures | B31: =B27/B29*'VEIC RA Supplemental'!B2 -> 2496812.9 | C31: =C27/C29*'VEIC RA Supplemental'!C2 -> 2620502.1 | D31: =D27/D29*'VEIC RA Supplemental'!D2 -> 2783444.1 | E31: =E27/E29*'VEIC RA Supplemental'!E2 -> 2719105.7 | F31: =F27/F29*'VEIC RA Supplemental'!F2 -> 2697404.3 | G31: =G27/G29*'VEIC RA Supplemental'!G2 -> 3487280.1 | H31: =H27/H29*'VEIC RA Supplemental'!H2 -> 3691555 | I31: =I27/I29*'VEIC RA Supplemental'!I2 -> 3957340.6 | ... U31: =U27/U29*'VEIC RA Supplemental'!U2 -> 5719616.5
A32: Modeled Summer $/KW Equipment measures only | B32: =B61*'VEIC RA Supplemental'!B2 -> 2763592.8 | C32: =C61*'VEIC RA Supplemental'!C2 -> 3024542.4 | D32: =D61*'VEIC RA Supplemental'!D2 -> 3391644 | E32: =E61*'VEIC RA Supplemental'!E2 -> 3626530.9 | F32: =F61*'VEIC RA Supplemental'!F2 -> 3676525.1 | G32: =G61*'VEIC RA Supplemental'!G2 -> 4396239.6 | H32: =H61*'VEIC RA Supplemental'!H2 -> 4755457.1 | I32: =I61*'VEIC RA Supplemental'!I2 -> 5116916.1 | ... U32: =U61*'VEIC RA Supplemental'!U2 -> 10030007
A33: Modeled Winter $/KW Equipment measures only | B33: =B65*'VEIC RA Supplemental'!B2 -> 2696558.7 | C33: =C65*'VEIC RA Supplemental'!C2 -> 2908484 | D33: =D65*'VEIC RA Supplemental'!D2 -> 3178358.2 | E33: =E65*'VEIC RA Supplemental'!E2 -> 3161660.9 | F33: =F65*'VEIC RA Supplemental'!F2 -> 3193775.4 | G33: =G65*'VEIC RA Supplemental'!G2 -> 4383314.7 | H33: =H65*'VEIC RA Supplemental'!H2 -> 4780670.4 | I33: =I65*'VEIC RA Supplemental'!I2 -> 5299555.7 | ... U33: =U65*'VEIC RA Supplemental'!U2 -> 10187675
A35: EQUIPMENT PROXY YIELD: $/TRB $
A36: C&I | B36: =B71 -> 0.39322822 | C36: =C71 -> 0.40787386 | D36: =D71 -> 0.43277405 | E36: =E71 -> 0.44606915 | F36: =F71 -> 0.44289234 | G36: =G71 -> 0.4494788 | H36: =H71 -> 0.4887633 | I36: =I71 -> 0.50671547 | ... U36: =U71 -> 0.71816326
A37: RES | B37: =B75 -> 0.28688143 | C37: =C75 -> 0.3026234 | D37: =D75 -> 0.312373 | E37: =E75 -> 0.34643446 | F37: =F75 -> 0.34384733 | G37: =G75 -> 0.33333266 | H37: =H75 -> 0.35835504 | I37: =I75 -> 0.37871774 | ... U37: =U75 -> 0.53686587
A39: Inaugural DRP (nominal) | B39: 40340759 | C39: 43469256 | D39: 46584795 | E39: 48034051 | F39: 49645840 | G39: 51279154 | H39: 52828643 | I39: 54549928 | J39: 56254913 | K39: 58069805 | L39: 59920919 | M39: 61707337 | N39: 63157477 | O39: 65086641 | P39: 66982240 | Q39: 69058751 | R39: 71418979 | S39: 72664868 | T39: 74474758 | U39: 76284649
A40: Less CCP | B40: 970000 | C40: 970000 | D40: 970000
B41: =B39-B40 -> 39370759 | C41: =C39-C40 -> 42499256 | D41: =D39-D40 -> 45614795
A43: Res | B43: 0.33999644 | C43: 0.36000192 | D43: 0.36999498 | E43: 0.39999548 | F43: 0.4 | G43: 0.4 | H43: 0.4 | I43: 0.4000086 | J43: 0.4300017 | K43: 0.42999937 | L43: 0.43000042 | M43: 0.4299924 | N43: 0.43000205 | O43: 0.45999514 | P43: 0.45999518 | Q43: 0.45999364 | R43: 0.45999412 | S43: 0.46000077 | T43: 0.48000153 | U43: 0.4800053
A44: C/I | B44: =1-B43 -> 0.66000356 | C44: =1-C43 -> 0.63999808 | D44: =1-D43 -> 0.63000502 | E44: =1-E43 -> 0.60000452 | F44: =1-F43 -> 0.6 | G44: =1-G43 -> 0.6 | H44: =1-H43 -> 0.6 | I44: =1-I43 -> 0.5999914 | ... U44: =1-U43 -> 0.5199947
A47: EVT Scenario 2 $/MWh Yields (from Dec 6, 2013 filing)
A48: COMMERCIAL AND INDUSTRIAL
A49: All measures | B49: ='Scen 2 Yields'!B36 -> 419.85425 | C49: ='Scen 2 Yields'!C36 -> 440.95845 | D49: ='Scen 2 Yields'!D36 -> 469.39636 | E49: ='Scen 2 Yields'!E36 -> 480.95844 | F49: ='Scen 2 Yields'!F36 -> 485.12301 | G49: ='Scen 2 Yields'!G36 -> 494.69174 | H49: ='Scen 2 Yields'!H36 -> 515.71773 | I49: ='Scen 2 Yields'!I36 -> 527.74409 | ... U49: ='Scen 2 Yields'!U36 -> 634.95516
A50: Behavior Measures | B50: ='Scen 2 Yields'!B85 -> 264.02985 | C50: ='Scen 2 Yields'!C85 -> 267.99674 | D50: ='Scen 2 Yields'!D85 -> 276.05965 | E50: ='Scen 2 Yields'!E85 -> 286.54459 | F50: ='Scen 2 Yields'!F85 -> 284.13066 | G50: ='Scen 2 Yields'!G85 -> 290.72808 | H50: ='Scen 2 Yields'!H85 -> 297.41277 | I50: ='Scen 2 Yields'!I85 -> 303.82127 | ... U50: ='Scen 2 Yields'!U85 -> 364.34562
A51: Equipment measures | B51: =(B49-('Scen 2 MWh Savings'!B25/'Scen 2 MWh Savings'!B18)*B50)/(1-('Scen 2 MWh Savings'!B25/'Scen 2 MWh Savings'!B18)) -> 424.77166 | C51: =(C49-('Scen 2 MWh Savings'!C25/'Scen 2 MWh Savings'!C18)*C50)/(1-('Scen 2 MWh Savings'!C25/'Scen 2 MWh Savings'!C18)) -> 451.71628 | D51: =(D49-('Scen 2 MWh Savings'!D25/'Scen 2 MWh Savings'!D18)*D50)/(1-('Scen 2 MWh Savings'!D25/'Scen 2 MWh Savings'!D18)) -> 487.08871 | E51: =(E49-('Scen 2 MWh Savings'!E25/'Scen 2 MWh Savings'!E18)*E50)/(1-('Scen 2 MWh Savings'!E25/'Scen 2 MWh Savings'!E18)) -> 504.79398 | F51: =(F49-('Scen 2 MWh Savings'!F25/'Scen 2 MWh Savings'!F18)*F50)/(1-('Scen 2 MWh Savings'!F25/'Scen 2 MWh Savings'!F18)) -> 510.33858 | G51: =(G49-('Scen 2 MWh Savings'!G25/'Scen 2 MWh Savings'!G18)*G50)/(1-('Scen 2 MWh Savings'!G25/'Scen 2 MWh Savings'!G18)) -> 521.2149 | H51: =(H49-('Scen 2 MWh Savings'!H25/'Scen 2 MWh Savings'!H18)*H50)/(1-('Scen 2 MWh Savings'!H25/'Scen 2 MWh Savings'!H18)) -> 545.84848 | I51: =(I49-('Scen 2 MWh Savings'!I25/'Scen 2 MWh Savings'!I18)*I50)/(1-('Scen 2 MWh Savings'!I25/'Scen 2 MWh Savings'!I18)) -> 560.04063 | ... U51: =(U49-('Scen 2 MWh Savings'!U25/'Scen 2 MWh Savings'!U18)*U50)/(1-('Scen 2 MWh Savings'!U25/'Scen 2 MWh Savings'!U18)) -> 706.98278
A52: RESIDENTIAL
A53: All measures | B53: ='Scen 2 Yields'!B30 -> 343.01441 | C53: ='Scen 2 Yields'!C30 -> 349.37343 | D53: ='Scen 2 Yields'!D30 -> 353.59195 | E53: ='Scen 2 Yields'!E30 -> 391.67226 | F53: ='Scen 2 Yields'!F30 -> 373.61702 | G53: ='Scen 2 Yields'!G30 -> 473.84901 | H53: ='Scen 2 Yields'!H30 -> 513.19586 | I53: ='Scen 2 Yields'!I30 -> 531.51313 | ... U53: ='Scen 2 Yields'!U30 -> 583.72258
A54: Behavior Measures | B54: ='Scen 2 Yields'!B84 -> 112.24408 | C54: ='Scen 2 Yields'!C84 -> 111.91193 | D54: ='Scen 2 Yields'!D84 -> 111.32637 | E54: ='Scen 2 Yields'!E84 -> 110.54375 | F54: ='Scen 2 Yields'!F84 -> 109.26009 | G54: ='Scen 2 Yields'!G84 -> 107.40227 | H54: ='Scen 2 Yields'!H84 -> 105.12719 | I54: ='Scen 2 Yields'!I84 -> 102.72262 | ... U54: ='Scen 2 Yields'!U84 -> 87.336371
A55: Equipment measures | B55: =(B53-('Scen 2 MWh Savings'!B24/'Scen 2 MWh Savings'!B12)*B54)/(1-('Scen 2 MWh Savings'!B24/'Scen 2 MWh Savings'!B12)) -> 423.2038 | C55: =(C53-('Scen 2 MWh Savings'!C24/'Scen 2 MWh Savings'!C12)*C54)/(1-('Scen 2 MWh Savings'!C24/'Scen 2 MWh Savings'!C12)) -> 426.49129 | D55: =(D53-('Scen 2 MWh Savings'!D24/'Scen 2 MWh Savings'!D12)*D54)/(1-('Scen 2 MWh Savings'!D24/'Scen 2 MWh Savings'!D12)) -> 429.64074 | E55: =(E53-('Scen 2 MWh Savings'!E24/'Scen 2 MWh Savings'!E12)*E54)/(1-('Scen 2 MWh Savings'!E24/'Scen 2 MWh Savings'!E12)) -> 483.57878 | F55: =(F53-('Scen 2 MWh Savings'!F24/'Scen 2 MWh Savings'!F12)*F54)/(1-('Scen 2 MWh Savings'!F24/'Scen 2 MWh Savings'!F12)) -> 455.21343 | G55: =(G53-('Scen 2 MWh Savings'!G24/'Scen 2 MWh Savings'!G12)*G54)/(1-('Scen 2 MWh Savings'!G24/'Scen 2 MWh Savings'!G12)) -> 632.02419 | H55: =(H53-('Scen 2 MWh Savings'!H24/'Scen 2 MWh Savings'!H12)*H54)/(1-('Scen 2 MWh Savings'!H24/'Scen 2 MWh Savings'!H12)) -> 716.58759 | I55: =(I53-('Scen 2 MWh Savings'!I24/'Scen 2 MWh Savings'!I12)*I54)/(1-('Scen 2 MWh Savings'!I24/'Scen 2 MWh Savings'!I12)) -> 763.21475 | ... U55: =(U53-('Scen 2 MWh Savings'!U24/'Scen 2 MWh Savings'!U12)*U54)/(1-('Scen 2 MWh Savings'!U24/'Scen 2 MWh Savings'!U12)) -> 859.53002
A57: EVT Scenario 2 $/MW Yields (from Dec 6, 2013 filing)
A58: SUMMER
A59: All measures | B59: =B30 -> 2549044.3 | C59: =C30 -> 2706029.9 | D59: =D30 -> 2935666.6 | E59: =E30 -> 3049645.9 | F59: =F30 -> 3036925.8 | G59: =G30 -> 3481884.1 | H59: =H30 -> 3661250.9 | I59: =I30 -> 3830576.7 | ... U59: =U30 -> 5652633.1
A60: Behavior Measures | B60: ='Scen 2 Yields'!B86*'Scen 2 Yields'!B91*1000 -> 1106144.8 | C60: ='Scen 2 Yields'!C86*'Scen 2 Yields'!C91*1000 -> 1183741.4 | D60: ='Scen 2 Yields'!D86*'Scen 2 Yields'!D91*1000 -> 1245808 | E60: ='Scen 2 Yields'!E86*'Scen 2 Yields'!E91*1000 -> 1303187.4 | F60: ='Scen 2 Yields'!F86*'Scen 2 Yields'!F91*1000 -> 1293920.1 | G60: ='Scen 2 Yields'!G86*'Scen 2 Yields'!G91*1000 -> 1305037.2 | H60: ='Scen 2 Yields'!H86*'Scen 2 Yields'!H91*1000 -> 1312276 | I60: ='Scen 2 Yields'!I86*'Scen 2 Yields'!I91*1000 -> 1318542.1 | ... U60: ='Scen 2 Yields'!U86*'Scen 2 Yields'!U91*1000 -> 1453231
A61: Equipment measures | B61: =(B59-('Scen 2 Summer & Winter MW'!B45/'Scen 2 Summer & Winter MW'!B20)*B60)/(1-('Scen 2 Summer & Winter MW'!B45/'Scen 2 Summer & Winter MW'!B20)) -> 2697158.3 | C61: =(C59-('Scen 2 Summer & Winter MW'!C45/'Scen 2 Summer & Winter MW'!C20)*C60)/(1-('Scen 2 Summer & Winter MW'!C45/'Scen 2 Summer & Winter MW'!C20)) -> 2897751.9 | D61: =(D59-('Scen 2 Summer & Winter MW'!D45/'Scen 2 Summer & Winter MW'!D20)*D60)/(1-('Scen 2 Summer & Winter MW'!D45/'Scen 2 Summer & Winter MW'!D20)) -> 3189331.6 | E61: =(E59-('Scen 2 Summer & Winter MW'!E45/'Scen 2 Summer & Winter MW'!E20)*E60)/(1-('Scen 2 Summer & Winter MW'!E45/'Scen 2 Summer & Winter MW'!E20)) -> 3344084.7 | F61: =(F59-('Scen 2 Summer & Winter MW'!F45/'Scen 2 Summer & Winter MW'!F20)*F60)/(1-('Scen 2 Summer & Winter MW'!F45/'Scen 2 Summer & Winter MW'!F20)) -> 3324701.4 | G61: =(G59-('Scen 2 Summer & Winter MW'!G45/'Scen 2 Summer & Winter MW'!G20)*G60)/(1-('Scen 2 Summer & Winter MW'!G45/'Scen 2 Summer & Winter MW'!G20)) -> 3898640.7 | H61: =(H59-('Scen 2 Summer & Winter MW'!H45/'Scen 2 Summer & Winter MW'!H20)*H60)/(1-('Scen 2 Summer & Winter MW'!H45/'Scen 2 Summer & Winter MW'!H20)) -> 4135364.6 | I61: =(I59-('Scen 2 Summer & Winter MW'!I45/'Scen 2 Summer & Winter MW'!I20)*I60)/(1-('Scen 2 Summer & Winter MW'!I45/'Scen 2 Summer & Winter MW'!I20)) -> 4363595.4 | ... U61: =(U59-('Scen 2 Summer & Winter MW'!U45/'Scen 2 Summer & Winter MW'!U20)*U60)/(1-('Scen 2 Summer & Winter MW'!U45/'Scen 2 Summer & Winter MW'!U20)) -> 6969560.7
A62: WINTER
A63: All measures | B63: =B31 -> 2496812.9 | C63: =C31 -> 2620502.1 | D63: =D31 -> 2783444.1 | E63: =E31 -> 2719105.7 | F63: =F31 -> 2697404.3 | G63: =G31 -> 3487280.1 | H63: =H31 -> 3691555 | I63: =I31 -> 3957340.6 | ... U63: =U31 -> 5719616.5
A64: Behavior Measures | B64: ='Scen 2 Yields'!B86*'Scen 2 Yields'!B96*1000 -> 1125804.5 | C64: ='Scen 2 Yields'!C86*'Scen 2 Yields'!C96*1000 -> 1214156.8 | D64: ='Scen 2 Yields'!D86*'Scen 2 Yields'!D96*1000 -> 1281736.9 | E64: ='Scen 2 Yields'!E86*'Scen 2 Yields'!E96*1000 -> 1342829.2 | F64: ='Scen 2 Yields'!F86*'Scen 2 Yields'!F96*1000 -> 1330192.3 | G64: ='Scen 2 Yields'!G86*'Scen 2 Yields'!G96*1000 -> 1338542.8 | H64: ='Scen 2 Yields'!H86*'Scen 2 Yields'!H96*1000 -> 1342825.9 | I64: ='Scen 2 Yields'!I86*'Scen 2 Yields'!I96*1000 -> 1346244.6 | ... U64: ='Scen 2 Yields'!U86*'Scen 2 Yields'!U96*1000 -> 1452802.5
A65: Equipment measures | B65: =(B63-('Scen 2 Summer & Winter MW'!B50/'Scen 2 Summer & Winter MW'!B38)*B64)/(1-('Scen 2 Summer & Winter MW'!B50/'Scen 2 Summer & Winter MW'!B38)) -> 2631735.6 | C65: =(C63-('Scen 2 Summer & Winter MW'!C50/'Scen 2 Summer & Winter MW'!C38)*C64)/(1-('Scen 2 Summer & Winter MW'!C50/'Scen 2 Summer & Winter MW'!C38)) -> 2786558.6 | D65: =(D63-('Scen 2 Summer & Winter MW'!D50/'Scen 2 Summer & Winter MW'!D38)*D64)/(1-('Scen 2 Summer & Winter MW'!D50/'Scen 2 Summer & Winter MW'!D38)) -> 2988768.3 | E65: =(E63-('Scen 2 Summer & Winter MW'!E50/'Scen 2 Summer & Winter MW'!E38)*E64)/(1-('Scen 2 Summer & Winter MW'!E50/'Scen 2 Summer & Winter MW'!E38)) -> 2915420.2 | F65: =(F63-('Scen 2 Summer & Winter MW'!F50/'Scen 2 Summer & Winter MW'!F38)*F64)/(1-('Scen 2 Summer & Winter MW'!F50/'Scen 2 Summer & Winter MW'!F38)) -> 2888148.3 | G65: =(G63-('Scen 2 Summer & Winter MW'!G50/'Scen 2 Summer & Winter MW'!G38)*G64)/(1-('Scen 2 Summer & Winter MW'!G50/'Scen 2 Summer & Winter MW'!G38)) -> 3887178.7 | H65: =(H63-('Scen 2 Summer & Winter MW'!H50/'Scen 2 Summer & Winter MW'!H38)*H64)/(1-('Scen 2 Summer & Winter MW'!H50/'Scen 2 Summer & Winter MW'!H38)) -> 4157290.2 | I65: =(I63-('Scen 2 Summer & Winter MW'!I50/'Scen 2 Summer & Winter MW'!I38)*I64)/(1-('Scen 2 Summer & Winter MW'!I50/'Scen 2 Summer & Winter MW'!I38)) -> 4519346.6 | ... U65: =(U63-('Scen 2 Summer & Winter MW'!U50/'Scen 2 Summer & Winter MW'!U38)*U64)/(1-('Scen 2 Summer & Winter MW'!U50/'Scen 2 Summer & Winter MW'!U38)) -> 7079119
A67: EVT Scenario 2 $/TRB Yields (from Dec 6, 2013 filing)
A68: COMMERCIAL AND INDUSTRIAL
A69: All measures | B69: ='Scen 2 Budgets'!B54/'Scen 2 TRB'!B18 -> 0.39995557 | C69: ='Scen 2 Budgets'!C54/'Scen 2 TRB'!C18 -> 0.42103366 | D69: ='Scen 2 Budgets'!D54/'Scen 2 TRB'!D18 -> 0.45231791 | E69: ='Scen 2 Budgets'!E54/'Scen 2 TRB'!E18 -> 0.47301232 | F69: ='Scen 2 Budgets'!F54/'Scen 2 TRB'!F18 -> 0.46963192 | G69: ='Scen 2 Budgets'!G54/'Scen 2 TRB'!G18 -> 0.47716885 | H69: ='Scen 2 Budgets'!H54/'Scen 2 TRB'!H18 -> 0.51956352 | I69: ='Scen 2 Budgets'!I54/'Scen 2 TRB'!I18 -> 0.53991923 | ... U69: ='Scen 2 Budgets'!U54/'Scen 2 TRB'!U18 -> 0.79894514
A70: Behavior measures | B70: ='Scen 2 Budgets'!B71/'Scen 2 TRB'!B27 -> 3.1287717 | C70: ='Scen 2 Budgets'!C71/'Scen 2 TRB'!C27 -> 3.3508201 | D70: ='Scen 2 Budgets'!D71/'Scen 2 TRB'!D27 -> 3.4989872 | E70: ='Scen 2 Budgets'!E71/'Scen 2 TRB'!E27 -> 3.5807699 | F70: ='Scen 2 Budgets'!F71/'Scen 2 TRB'!F27 -> 3.4629925 | G70: ='Scen 2 Budgets'!G71/'Scen 2 TRB'!G27 -> 3.166794 | H70: ='Scen 2 Budgets'!H71/'Scen 2 TRB'!H27 -> 3.2063192 | I70: ='Scen 2 Budgets'!I71/'Scen 2 TRB'!I27 -> 3.3218672 | ... U70: ='Scen 2 Budgets'!U71/'Scen 2 TRB'!U27 -> 4.4393393
A71: Equipment measures | B71: =(B69-('Scen 2 TRB'!B27/'Scen 2 TRB'!B18)*B70)/(1-('Scen 2 TRB'!B27/'Scen 2 TRB'!B18)) -> 0.39322822 | C71: =(C69-('Scen 2 TRB'!C27/'Scen 2 TRB'!C18)*C70)/(1-('Scen 2 TRB'!C27/'Scen 2 TRB'!C18)) -> 0.40787386 | D71: =(D69-('Scen 2 TRB'!D27/'Scen 2 TRB'!D18)*D70)/(1-('Scen 2 TRB'!D27/'Scen 2 TRB'!D18)) -> 0.43277405 | E71: =(E69-('Scen 2 TRB'!E27/'Scen 2 TRB'!E18)*E70)/(1-('Scen 2 TRB'!E27/'Scen 2 TRB'!E18)) -> 0.44606915 | F71: =(F69-('Scen 2 TRB'!F27/'Scen 2 TRB'!F18)*F70)/(1-('Scen 2 TRB'!F27/'Scen 2 TRB'!F18)) -> 0.44289234 | G71: =(G69-('Scen 2 TRB'!G27/'Scen 2 TRB'!G18)*G70)/(1-('Scen 2 TRB'!G27/'Scen 2 TRB'!G18)) -> 0.4494788 | H71: =(H69-('Scen 2 TRB'!H27/'Scen 2 TRB'!H18)*H70)/(1-('Scen 2 TRB'!H27/'Scen 2 TRB'!H18)) -> 0.4887633 | I71: =(I69-('Scen 2 TRB'!I27/'Scen 2 TRB'!I18)*I70)/(1-('Scen 2 TRB'!I27/'Scen 2 TRB'!I18)) -> 0.50671547 | ... U71: =(U69-('Scen 2 TRB'!U27/'Scen 2 TRB'!U18)*U70)/(1-('Scen 2 TRB'!U27/'Scen 2 TRB'!U18)) -> 0.71816326
A72: RESIDENTIAL
A73: All measures | B73: ='Scen 2 Budgets'!B48/'Scen 2 TRB'!B12 -> 0.36337435 | C73: ='Scen 2 Budgets'!C48/'Scen 2 TRB'!C12 -> 0.37526492 | D73: ='Scen 2 Budgets'!D48/'Scen 2 TRB'!D12 -> 0.3829358 | E73: ='Scen 2 Budgets'!E48/'Scen 2 TRB'!E12 -> 0.41513072 | F73: ='Scen 2 Budgets'!F48/'Scen 2 TRB'!F12 -> 0.4118704 | G73: ='Scen 2 Budgets'!G48/'Scen 2 TRB'!G12 -> 0.39907025 | H73: ='Scen 2 Budgets'!H48/'Scen 2 TRB'!H12 -> 0.4273656 | I73: ='Scen 2 Budgets'!I48/'Scen 2 TRB'!I12 -> 0.45038923 | ... U73: ='Scen 2 Budgets'!U48/'Scen 2 TRB'!U12 -> 0.61168928
A74: Behavior measures (electric savings only) | B74: ='Scen 2 Budgets'!B70/'Scen 2 TRB'!B26*$B$79 -> 1.3037274 | C74: ='Scen 2 Budgets'!C70/'Scen 2 TRB'!C26*$B$79 -> 1.31993 | D74: ='Scen 2 Budgets'!D70/'Scen 2 TRB'!D26*$B$79 -> 1.3344708 | E74: ='Scen 2 Budgets'!E70/'Scen 2 TRB'!E26*$B$79 -> 1.3535537 | F74: ='Scen 2 Budgets'!F70/'Scen 2 TRB'!F26*$B$79 -> 1.3679426 | G74: ='Scen 2 Budgets'!G70/'Scen 2 TRB'!G26*$B$79 -> 1.3530344 | H74: ='Scen 2 Budgets'!H70/'Scen 2 TRB'!H26*$B$79 -> 1.383302 | I74: ='Scen 2 Budgets'!I70/'Scen 2 TRB'!I26*$B$79 -> 1.4229749 | ... U74: ='Scen 2 Budgets'!U70/'Scen 2 TRB'!U26*$B$79 -> 1.8880767
A75: Equipment measures | B75: =(B73-('Scen 2 TRB'!B26/'Scen 2 TRB'!B12)*B74)/(1-('Scen 2 TRB'!B26/'Scen 2 TRB'!B12)) -> 0.28688143 | C75: =(C73-('Scen 2 TRB'!C26/'Scen 2 TRB'!C12)*C74)/(1-('Scen 2 TRB'!C26/'Scen 2 TRB'!C12)) -> 0.3026234 | D75: =(D73-('Scen 2 TRB'!D26/'Scen 2 TRB'!D12)*D74)/(1-('Scen 2 TRB'!D26/'Scen 2 TRB'!D12)) -> 0.312373 | E75: =(E73-('Scen 2 TRB'!E26/'Scen 2 TRB'!E12)*E74)/(1-('Scen 2 TRB'!E26/'Scen 2 TRB'!E12)) -> 0.34643446 | F75: =(F73-('Scen 2 TRB'!F26/'Scen 2 TRB'!F12)*F74)/(1-('Scen 2 TRB'!F26/'Scen 2 TRB'!F12)) -> 0.34384733 | G75: =(G73-('Scen 2 TRB'!G26/'Scen 2 TRB'!G12)*G74)/(1-('Scen 2 TRB'!G26/'Scen 2 TRB'!G12)) -> 0.33333266 | H75: =(H73-('Scen 2 TRB'!H26/'Scen 2 TRB'!H12)*H74)/(1-('Scen 2 TRB'!H26/'Scen 2 TRB'!H12)) -> 0.35835504 | I75: =(I73-('Scen 2 TRB'!I26/'Scen 2 TRB'!I12)*I74)/(1-('Scen 2 TRB'!I26/'Scen 2 TRB'!I12)) -> 0.37871774 | ... U75: =(U73-('Scen 2 TRB'!U26/'Scen 2 TRB'!U12)*U74)/(1-('Scen 2 TRB'!U26/'Scen 2 TRB'!U12)) -> 0.53686587
A77: AMI behavior TRB (PSD - elec only) - for scaling | B77: 855909.23
A78: AMI behavior TRB (VEIC - all fuels) - for scaling | B78: 2737552.4
B79: =B78/B77 -> 3.1984144

Sheet VEIC RA Table
B3: Annual VEIC Budgets (nominal) and Modeled Savings
C4: RA Budget | D4: MWh | E4: Summer MW | F4: Winter MW
B5: 2015 | C5: ='VEIC Est RA Yields'!B6+'DPS Recommendation'!C8 -> 40728656 | D5: ='VEIC Est RA Yields'!B11 -> 90528.073 | E5: ='VEIC Est RA Yields'!B14 -> 14.239203 | F5: ='VEIC Est RA Yields'!B15 -> 14.593177
B6: 2016 | C6: ='VEIC Est RA Yields'!C6+'DPS Recommendation'!D8 -> 44264621 | D6: ='VEIC Est RA Yields'!C11 -> 91974.319 | E6: ='VEIC Est RA Yields'!C14 -> 14.03851 | F6: ='VEIC Est RA Yields'!C15 -> 14.598694
B7: 2017 | C7: ='VEIC Est RA Yields'!D6+'DPS Recommendation'!E8 -> 47377640 | D7: ='VEIC Est RA Yields'!D11 -> 92298.056 | E7: ='VEIC Est RA Yields'!D14 -> 13.431664 | F7: ='VEIC Est RA Yields'!D15 -> 14.333005
B8: 2018 | C8: ='VEIC Est RA Yields'!E6 -> 48034051 | D8: ='VEIC Est RA Yields'!E11 -> 89284.478 | E8: ='VEIC Est RA Yields'!E14 -> 13.245179 | F8: ='VEIC Est RA Yields'!E15 -> 15.192664
B9: 2019 | C9: ='VEIC Est RA Yields'!F6 -> 49645840 | D9: ='VEIC Est RA Yields'!F11 -> 92232.233 | E9: ='VEIC Est RA Yields'!F14 -> 13.503468 | F9: ='VEIC Est RA Yields'!F15 -> 15.544562
B10: 2020 | C10: ='VEIC Est RA Yields'!G6 -> 51279154 | D10: ='VEIC Est RA Yields'!G11 -> 81129.392 | E10: ='VEIC Est RA Yields'!G14 -> 11.664322 | F10: ='VEIC Est RA Yields'!G15 -> 11.698716
B11: 2021 | C11: ='VEIC Est RA Yields'!H6 -> 52828643 | D11: ='VEIC Est RA Yields'!H11 -> 76141.29 | E11: ='VEIC Est RA Yields'!H14 -> 11.109057 | F11: ='VEIC Est RA Yields'!H15 -> 11.050468
B12: 2022 | C12: ='VEIC Est RA Yields'!I6 -> 54549928 | D12: ='VEIC Est RA Yields'!I11 -> 74218.536 | E12: ='VEIC Est RA Yields'!I14 -> 10.660704 | F12: ='VEIC Est RA Yields'!I15 -> 10.293302
B13: 2023 | C13: ='VEIC Est RA Yields'!J6 -> 56254913 | D13: ='VEIC Est RA Yields'!J11 -> 72126.314 | E13: ='VEIC Est RA Yields'!J14 -> 10.017088 | F13: ='VEIC Est RA Yields'!J15 -> 9.6142125
B14: 2024 | C14: ='VEIC Est RA Yields'!K6 -> 58069805 | D14: ='VEIC Est RA Yields'!K11 -> 73637.49 | E14: ='VEIC Est RA Yields'!K14 -> 9.9505804 | F14: ='VEIC Est RA Yields'!K15 -> 9.4622977
B15: 2025 | C15: ='VEIC Est RA Yields'!L6 -> 59920919 | D15: ='VEIC Est RA Yields'!L11 -> 73448.9 | E15: ='VEIC Est RA Yields'!L14 -> 9.6702825 | F15: ='VEIC Est RA Yields'!L15 -> 9.1170915
B16: 2026 | C16: ='VEIC Est RA Yields'!M6 -> 61707337 | D16: ='VEIC Est RA Yields'!M11 -> 73485.391 | E16: ='VEIC Est RA Yields'!M14 -> 9.4278024 | F16: ='VEIC Est RA Yields'!M15 -> 8.9306374
B17: 2027 | C17: ='VEIC Est RA Yields'!N6 -> 63157477 | D17: ='VEIC Est RA Yields'!N11 -> 72286.408 | E17: ='VEIC Est RA Yields'!N14 -> 9.0777467 | F17: ='VEIC Est RA Yields'!N15 -> 8.6324198
B18: 2028 | C18: ='VEIC Est RA Yields'!O6 -> 65086641 | D18: ='VEIC Est RA Yields'!O11 -> 70396.325 | E18: ='VEIC Est RA Yields'!O14 -> 8.5816335 | F18: ='VEIC Est RA Yields'!O15 -> 8.3012911
B19: 2029 | C19: ='VEIC Est RA Yields'!P6 -> 66982240 | D19: ='VEIC Est RA Yields'!P11 -> 71062.384 | E19: ='VEIC Est RA Yields'!P14 -> 8.5506324 | F19: ='VEIC Est RA Yields'!P15 -> 8.2169875
B20: 2030 | C20: ='VEIC Est RA Yields'!Q6 -> 69058751 | D20: ='VEIC Est RA Yields'!Q11 -> 70667.064 | E20: ='VEIC Est RA Yields'!Q14 -> 8.3095219 | F20: ='VEIC Est RA Yields'!Q15 -> 7.9916038
B21: 2031 | C21: ='VEIC Est RA Yields'!R6 -> 71418979 | D21: ='VEIC Est RA Yields'!R11 -> 70318.536 | E21: ='VEIC Est RA Yields'!R14 -> 8.0987533 | F21: ='VEIC Est RA Yields'!R15 -> 7.7703126
B22: 2032 | C22: ='VEIC Est RA Yields'!S6 -> 72426971 | D22: ='VEIC Est RA Yields'!S11 -> 69780.354 | E22: ='VEIC Est RA Yields'!S14 -> 7.9967421 | F22: ='VEIC Est RA Yields'!S15 -> 7.7147157
B23: 2033 | C23: ='VEIC Est RA Yields'!T6 -> 74198237 | D23: ='VEIC Est RA Yields'!T11 -> 68050.201 | E23: ='VEIC Est RA Yields'!T14 -> 7.6561429 | F23: ='VEIC Est RA Yields'!T15 -> 7.4869395
B24: 2034 | C24: ='VEIC Est RA Yields'!U6 -> 75969503 | D24: ='VEIC Est RA Yields'!U11 -> 68307.035 | E24: ='VEIC Est RA Yields'!U14 -> 7.574222 | F24: ='VEIC Est RA Yields'!U15 -> 7.4570014

Sheet Draft VEIC NRA
A1: Non-Resource Acquisition Initiatives Budgets: 2015-2034
C2: 2015 | D2: 2016 | E2: 2017 | F2: 2015-2017 Total | G2: 2018 | H2: 2019 | I2: 2020 | J2: 2021 | K2: 2022 | L2: 2023 | M2: 2024 | N2: 2025 | O2: 2026 | P2: 2027 | Q2: 2028 | R2: 2029 | S2: 2030 | T2: 2031 | U2: 2032 | V2: 2033 | W2: 2034
A3: Education & Training
B4: Codes & Standards Support - Residential | C4: 49000 | D4: =C4*(1+$C$51) -> 49980 | E4: =D4*(1+$C$51) -> 50979.6 | F4: =SUM(C4:E4) -> 149959.6 | G4: =E4*(1+$C$51) -> 51999.192 | H4: =G4*(1+$C$51) -> 53039.176 | I4: =H4*(1+$C$51) -> 54099.959 | J4: =I4*(1+$C$51) -> 55181.959 | K4: =J4*(1+$C$51) -> 56285.598 | L4: =K4*(1+$C$51) -> 57411.31 | M4: =L4*(1+$C$51) -> 58559.536 | N4: =M4*(1+$C$51) -> 59730.727 | O4: =N4*(1+$C$51) -> 60925.341 | ... W4: =V4*(1+$C$51) -> 71383.747
B5: Codes & Standards Support - Commercial & Industrial | C5: 19600 | D5: =C5*(1+$C$51) -> 19992 | E5: =D5*(1+$C$51) -> 20391.84 | F5: =SUM(C5:E5) -> 59983.84 | G5: =E5*(1+$C$51) -> 20799.677 | H5: =G5*(1+$C$51) -> 21215.67 | I5: =H5*(1+$C$51) -> 21639.984 | J5: =I5*(1+$C$51) -> 22072.783 | K5: =J5*(1+$C$51) -> 22514.239 | L5: =K5*(1+$C$51) -> 22964.524 | M5: =L5*(1+$C$51) -> 23423.814 | N5: =M5*(1+$C$51) -> 23892.291 | O5: =N5*(1+$C$51) -> 24370.136 | ... W5: =V5*(1+$C$51) -> 28553.499
B6: Energy Literacy Project | C6: =205000*1.05 -> 215250 | D6: =C6*(1+$C$51) -> 219555 | E6: =D6*(1+$C$51) -> 223946.1 | F6: =SUM(C6:E6) -> 658751.1 | G6: =E6*(1+$C$51) -> 228425.02 | H6: =G6*(1+$C$51) -> 232993.52 | I6: =H6*(1+$C$51) -> 237653.39 | J6: =I6*(1+$C$51) -> 242406.46 | K6: =J6*(1+$C$51) -> 247254.59 | L6: =K6*(1+$C$51) -> 252199.68 | M6: =L6*(1+$C$51) -> 257243.68 | N6: =M6*(1+$C$51) -> 262388.55 | O6: =N6*(1+$C$51) -> 267636.32 | ... W6: =V6*(1+$C$51) -> 313578.6
B7: General Public Education | C7: 134650 | D7: =C7*(1+$C$51) -> 137343 | E7: =D7*(1+$C$51) -> 140089.86 | F7: =SUM(C7:E7) -> 412082.86 | G7: =E7*(1+$C$51) -> 142891.66 | H7: =G7*(1+$C$51) -> 145749.49 | I7: =H7*(1+$C$51) -> 148664.48 | J7: =I7*(1+$C$51) -> 151637.77 | K7: =J7*(1+$C$51) -> 154670.53 | L7: =K7*(1+$C$51) -> 157763.94 | M7: =L7*(1+$C$51) -> 160919.21 | N7: =M7*(1+$C$51) -> 164137.6 | O7: =N7*(1+$C$51) -> 167420.35 | ... W7: =V7*(1+$C$51) -> 196159.62
B8: BBD Conference | C8: 169450 | D8: =C8*(1+$C$51) -> 172839 | E8: =D8*(1+$C$51) -> 176295.78 | F8: =SUM(C8:E8) -> 518584.78 | G8: =E8*(1+$C$51) -> 179821.7 | H8: =G8*(1+$C$51) -> 183418.13 | I8: =H8*(1+$C$51) -> 187086.49 | J8: =I8*(1+$C$51) -> 190828.22 | K8: =J8*(1+$C$51) -> 194644.79 | L8: =K8*(1+$C$51) -> 198537.68 | M8: =L8*(1+$C$51) -> 202508.44 | N8: =M8*(1+$C$51) -> 206558.6 | O8: =N8*(1+$C$51) -> 210689.78 | ... W8: =V8*(1+$C$51) -> 246856.65
B9: Customer Support | C9: 250000 | D9: =C9*(1+$C$51) -> 255000 | E9: =D9*(1+$C$51) -> 260100 | F9: =SUM(C9:E9) -> 765100 | G9: =E9*(1+$C$51) -> 265302 | H9: =G9*(1+$C$51) -> 270608.04 | I9: =H9*(1+$C$51) -> 276020.2 | J9: =I9*(1+$C$51) -> 281540.6 | K9: =J9*(1+$C$51) -> 287171.42 | L9: =K9*(1+$C$51) -> 292914.85 | M9: =L9*(1+$C$51) -> 298773.14 | N9: =M9*(1+$C$51) -> 304748.6 | O9: =N9*(1+$C$51) -> 310843.58 | ... W9: =V9*(1+$C$51) -> 364202.79
B10: Sub-Total | C10: =SUM(C4:C9) -> 837950 | D10: =SUM(D4:D9) -> 854709 | E10: =SUM(E4:E9) -> 871803.18 | F10: =SUM(F4:F9) -> 2564462.2 | G10: =SUM(G4:G9) -> 889239.24 | H10: =SUM(H4:H9) -> 907024.03 | I10: =SUM(I4:I9) -> 925164.51 | J10: =SUM(J4:J9) -> 943667.8 | ... W10: =SUM(W4:W9) -> 1220734.9
A12: Applied Research & Development
B13: Emerging Data Services | C13: 228725 | D13: =C13*(1+$C$51) -> 233299.5 | E13: =D13*(1+$C$51) -> 237965.49 | F13: =SUM(C13:E13) -> 699989.99 | G13: =E13*(1+$C$51) -> 242724.8 | H13: =G13*(1+$C$51) -> 247579.3 | I13: =H13*(1+$C$51) -> 252530.88 | J13: =I13*(1+$C$51) -> 257581.5 | K13: =J13*(1+$C$51) -> 262733.13 | L13: =K13*(1+$C$51) -> 267987.79 | M13: =L13*(1+$C$51) -> 273347.55 | N13: =M13*(1+$C$51) -> 278814.5 | O13: =N13*(1+$C$51) -> 284390.79 | ... W13: =V13*(1+$C$51) -> 333209.14
B14: Technology Demonstrations | C14: 175000 | D14: =C14*(1+$C$51) -> 178500 | E14: =D14*(1+$C$51) -> 182070 | F14: =SUM(C14:E14) -> 535570 | G14: =E14*(1+$C$51) -> 185711.4 | H14: =G14*(1+$C$51) -> 189425.63 | I14: =H14*(1+$C$51) -> 193214.14 | J14: =I14*(1+$C$51) -> 197078.42 | K14: =J14*(1+$C$51) -> 201019.99 | L14: =K14*(1+$C$51) -> 205040.39 | M14: =L14*(1+$C$51) -> 209141.2 | N14: =M14*(1+$C$51) -> 213324.02 | O14: =N14*(1+$C$51) -> 217590.5 | ... W14: =V14*(1+$C$51) -> 254941.96
B15: Sub-Total | C15: =SUM(C13:C14) -> 403725 | D15: =SUM(D13:D14) -> 411799.5 | E15: =SUM(E13:E14) -> 420035.49 | F15: =SUM(F13:F14) -> 1235560 | G15: =SUM(G13:G14) -> 428436.2 | H15: =SUM(H13:H14) -> 437004.92 | I15: =SUM(I13:I14) -> 445745.02 | J15: =SUM(J13:J14) -> 454659.92 | ... W15: =SUM(W13:W14) -> 588151.09
A17: Planning and Reporting
B18: Annual Plan | C18: 50000 | D18: =C18*(1+$C$51) -> 51000 | E18: =D18*(1+$C$51) -> 52020 | F18: =SUM(C18:E18) -> 153020 | G18: =E18*(1+$C$51) -> 53060.4 | H18: =G18*(1+$C$51) -> 54121.608 | I18: =H18*(1+$C$51) -> 55204.04 | J18: =I18*(1+$C$51) -> 56308.121 | K18: =J18*(1+$C$51) -> 57434.283 | L18: =K18*(1+$C$51) -> 58582.969 | M18: =L18*(1+$C$51) -> 59754.628 | N18: =M18*(1+$C$51) -> 60949.721 | O18: =N18*(1+$C$51) -> 62168.715 | ... W18: =V18*(1+$C$51) -> 72840.559
B19: Demand Resources Plan | C19: 70000 | D19: 262376 | E19: =D19*(1+$C$51) -> 267623.52 | F19: =SUM(C19:E19) -> 599999.52 | G19: =C19*(1+C51) -> 71400 | H19: =D19*(1+$C$51) -> 267623.52 | I19: =H19*(1+$C$51) -> 272975.99 | J19: =G19*(1+$C$51) -> 72828 | K19: =H19*(1+$C$51) -> 272975.99 | L19: =K19*(1+$C$51) -> 278435.51 | M19: =J19*(1+$C$51) -> 74284.56 | N19: =K19*(1+$C$51) -> 278435.51 | O19: =N19*(1+$C$51) -> 284004.22 | P19: =M19*(1+$C$51) -> 75770.251 | Q19: =N19*(1+$C$51) -> 284004.22 | R19: =Q19*(1+$C$51) -> 289684.3 | S19: =P19*(1+$C$51) -> 77285.656 | T19: =Q19*(1+$C$51) -> 289684.3 | U19: =T19*(1+$C$51) -> 295477.99 | V19: =S19*(1+$C$51) -> 78831.369 | W19: =T19*(1+$C$51) -> 295477.99
B20: VSPC Participation | C20: 45000 | D20: =C20*(1+$C$51) -> 45900 | E20: =D20*(1+$C$51) -> 46818 | F20: =SUM(C20:E20) -> 137718 | G20: =E20*(1+$C$51) -> 47754.36 | H20: =G20*(1+$C$51) -> 48709.447 | I20: =H20*(1+$C$51) -> 49683.636 | J20: =I20*(1+$C$51) -> 50677.309 | K20: =J20*(1+$C$51) -> 51690.855 | L20: =K20*(1+$C$51) -> 52724.672 | M20: =L20*(1+$C$51) -> 53779.166 | N20: =M20*(1+$C$51) -> 54854.749 | O20: =N20*(1+$C$51) -> 55951.844 | ... W20: =V20*(1+$C$51) -> 65556.503
B21: ISO NE FCM Administration | C21: 130000 | D21: =C21*(1+$C$51) -> 132600 | E21: =D21*(1+$C$51) -> 135252 | F21: =SUM(C21:E21) -> 397852 | G21: =E21*(1+$C$51) -> 137957.04 | H21: =G21*(1+$C$51) -> 140716.18 | I21: =H21*(1+$C$51) -> 143530.5 | J21: =I21*(1+$C$51) -> 146401.11 | K21: =J21*(1+$C$51) -> 149329.14 | L21: =K21*(1+$C$51) -> 152315.72 | M21: =L21*(1+$C$51) -> 155362.03 | N21: =M21*(1+$C$51) -> 158469.27 | O21: =N21*(1+$C$51) -> 161638.66 | ... W21: =V21*(1+$C$51) -> 189385.45
B22: External Reporting | C22: 120000 | D22: =C22*(1+$C$51) -> 122400 | E22: =D22*(1+$C$51) -> 124848 | F22: =SUM(C22:E22) -> 367248 | G22: =E22*(1+$C$51) -> 127344.96 | H22: =G22*(1+$C$51) -> 129891.86 | I22: =H22*(1+$C$51) -> 132489.7 | J22: =I22*(1+$C$51) -> 135139.49 | K22: =J22*(1+$C$51) -> 137842.28 | L22: =K22*(1+$C$51) -> 140599.13 | M22: =L22*(1+$C$51) -> 143411.11 | N22: =M22*(1+$C$51) -> 146279.33 | O22: =N22*(1+$C$51) -> 149204.92 | ... W22: =V22*(1+$C$51) -> 174817.34
B23: Sub-Total | C23: =SUM(C18:C22) -> 415000 | D23: =SUM(D18:D22) -> 614276 | E23: =SUM(E18:E22) -> 626561.52 | F23: =SUM(F18:F22) -> 1655837.5 | G23: =SUM(G18:G22) -> 437516.76 | H23: =SUM(H18:H22) -> 641062.62 | I23: =SUM(I18:I22) -> 653883.87 | J23: =SUM(J18:J22) -> 461354.03 | ... W23: =SUM(W18:W22) -> 798077.85
A25: Evaluation
B26: Annual Savings Verification | C26: 50000 | D26: =C26*(1+$C$51) -> 51000 | E26: =D26*(1+$C$51) -> 52020 | F26: =SUM(C26:E26) -> 153020 | G26: =E26*(1+$C$51) -> 53060.4 | H26: =G26*(1+$C$51) -> 54121.608 | I26: =H26*(1+$C$51) -> 55204.04 | J26: =I26*(1+$C$51) -> 56308.121 | K26: =J26*(1+$C$51) -> 57434.283 | L26: =K26*(1+$C$51) -> 58582.969 | M26: =L26*(1+$C$51) -> 59754.628 | N26: =M26*(1+$C$51) -> 60949.721 | O26: =N26*(1+$C$51) -> 62168.715 | ... W26: =V26*(1+$C$51) -> 72840.559
B27: Technical Advisory Group | C27: 137000 | D27: =C27*(1+$C$51) -> 139740 | E27: =D27*(1+$C$51) -> 142534.8 | F27: =SUM(C27:E27) -> 419274.8 | G27: =E27*(1+$C$51) -> 145385.5 | H27: =G27*(1+$C$51) -> 148293.21 | I27: =H27*(1+$C$51) -> 151259.07 | J27: =I27*(1+$C$51) -> 154284.25 | K27: =J27*(1+$C$51) -> 157369.94 | L27: =K27*(1+$C$51) -> 160517.34 | M27: =L27*(1+$C$51) -> 163727.68 | N27: =M27*(1+$C$51) -> 167002.24 | O27: =N27*(1+$C$51) -> 170342.28 | ... W27: =V27*(1+$C$51) -> 199583.13
B28: Technical Resource Manual | C28: 330000 | D28: =C28*(1+$C$51) -> 336600 | E28: =D28*(1+$C$51) -> 343332 | F28: =SUM(C28:E28) -> 1009932 | G28: =E28*(1+$C$51) -> 350198.64 | H28: =G28*(1+$C$51) -> 357202.61 | I28: =H28*(1+$C$51) -> 364346.67 | J28: =I28*(1+$C$51) -> 371633.6 | K28: =J28*(1+$C$51) -> 379066.27 | L28: =K28*(1+$C$51) -> 386647.6 | M28: =L28*(1+$C$51) -> 394380.55 | N28: =M28*(1+$C$51) -> 402268.16 | O28: =N28*(1+$C$51) -> 410313.52 | ... W28: =V28*(1+$C$51) -> 480747.69
B29: ISO-NE FCM Metering and M&E | C29: 265000 | D29: =C29*(1+$C$51) -> 270300 | E29: =D29*(1+$C$51) -> 275706 | F29: =SUM(C29:E29) -> 811006 | G29: =E29*(1+$C$51) -> 281220.12 | H29: =G29*(1+$C$51) -> 286844.52 | I29: =H29*(1+$C$51) -> 292581.41 | J29: =I29*(1+$C$51) -> 298433.04 | K29: =J29*(1+$C$51) -> 304401.7 | L29: =K29*(1+$C$51) -> 310489.74 | M29: =L29*(1+$C$51) -> 316699.53 | N29: =M29*(1+$C$51) -> 323033.52 | O29: =N29*(1+$C$51) -> 329494.19 | ... W29: =V29*(1+$C$51) -> 386054.96
B30: Quality Management Program | C30: 98000 | D30: =C30*(1+$C$51) -> 99960 | E30: =D30*(1+$C$51) -> 101959.2 | F30: =SUM(C30:E30) -> 299919.2 | G30: =E30*(1+$C$51) -> 103998.38 | H30: =G30*(1+$C$51) -> 106078.35 | I30: =H30*(1+$C$51) -> 108199.92 | J30: =I30*(1+$C$51) -> 110363.92 | K30: =J30*(1+$C$51) -> 112571.2 | L30: =K30*(1+$C$51) -> 114822.62 | M30: =L30*(1+$C$51) -> 117119.07 | N30: =M30*(1+$C$51) -> 119461.45 | O30: =N30*(1+$C$51) -> 121850.68 | ... W30: =V30*(1+$C$51) -> 142767.49
B31: Sub-Total | C31: =SUM(C26:C30) -> 880000 | D31: =SUM(D26:D30) -> 897600 | E31: =SUM(E26:E30) -> 915552 | F31: =SUM(F26:F30) -> 2693152 | G31: =SUM(G26:G30) -> 933863.04 | H31: =SUM(H26:H30) -> 952540.3 | I31: =SUM(I26:I30) -> 971591.11 | J31: =SUM(J26:J30) -> 991022.93 | ... W31: =SUM(W26:W30) -> 1281993.8
A33: Policy and Public Affairs
B34: Public Affairs | C34: 200000 | D34: =C34*(1+$C$51) -> 204000 | E34: =D34*(1+$C$51) -> 208080 | F34: =SUM(C34:E34) -> 612080 | G34: =E34*(1+$C$51) -> 212241.6 | H34: =G34*(1+$C$51) -> 216486.43 | I34: =H34*(1+$C$51) -> 220816.16 | J34: =I34*(1+$C$51) -> 225232.48 | K34: =J34*(1+$C$51) -> 229737.13 | L34: =K34*(1+$C$51) -> 234331.88 | M34: =L34*(1+$C$51) -> 239018.51 | N34: =M34*(1+$C$51) -> 243798.88 | O34: =N34*(1+$C$51) -> 248674.86 | ... W34: =V34*(1+$C$51) -> 291362.23
B35: Regulatory Affairs (non-DRPP) | C35: 195000 | D35: =C35*(1+$C$51) -> 198900 | E35: =D35*(1+$C$51) -> 202878 | F35: =SUM(C35:E35) -> 596778 | G35: =E35*(1+$C$51) -> 206935.56 | H35: =G35*(1+$C$51) -> 211074.27 | I35: =H35*(1+$C$51) -> 215295.76 | J35: =I35*(1+$C$51) -> 219601.67 | K35: =J35*(1+$C$51) -> 223993.71 | L35: =K35*(1+$C$51) -> 228473.58 | M35: =L35*(1+$C$51) -> 233043.05 | N35: =M35*(1+$C$51) -> 237703.91 | O35: =N35*(1+$C$51) -> 242457.99 | ... W35: =V35*(1+$C$51) -> 284078.18
B36: Financial and Leveraged Product Development | C36: 98025 | D36: =C36*(1+$C$51) -> 99985.5 | E36: =D36*(1+$C$51) -> 101985.21 | F36: =SUM(C36:E36) -> 299995.71 | G36: =E36*(1+$C$51) -> 104024.91 | H36: =G36*(1+$C$51) -> 106105.41 | I36: =H36*(1+$C$51) -> 108227.52 | J36: =I36*(1+$C$51) -> 110392.07 | K36: =J36*(1+$C$51) -> 112599.91 | L36: =K36*(1+$C$51) -> 114851.91 | M36: =L36*(1+$C$51) -> 117148.95 | N36: =M36*(1+$C$51) -> 119491.93 | O36: =N36*(1+$C$51) -> 121881.77 | ... W36: =V36*(1+$C$51) -> 142803.92
B37: Sub-Total | C37: =SUM(C34:C36) -> 493025 | D37: =SUM(D34:D36) -> 502885.5 | E37: =SUM(E34:E36) -> 512943.21 | F37: =SUM(F34:F36) -> 1508853.7 | G37: =SUM(G34:G36) -> 523202.07 | H37: =SUM(H34:H36) -> 533666.12 | I37: =SUM(I34:I36) -> 544339.44 | J37: =SUM(J34:J36) -> 555226.23 | ... W37: =SUM(W34:W36) -> 718244.33
A39: Information Technology
B40: Strategic Technology Services, Analytics and Reporting | C40: =1151000 -> 1151000 | D40: =C40*(1+$C$51) -> 1174020 | E40: =D40*(1+$C$51) -> 1197500.4 | F40: =SUM(C40:E40) -> 3522520.4 | G40: =E40*(1+$C$51) -> 1221450.4 | H40: =G40*(1+$C$51) -> 1245879.4 | I40: =H40*(1+$C$51) -> 1270797 | J40: =I40*(1+$C$51) -> 1296212.9 | K40: =J40*(1+$C$51) -> 1322137.2 | L40: =K40*(1+$C$51) -> 1348579.9 | M40: =L40*(1+$C$51) -> 1375551.5 | N40: =M40*(1+$C$51) -> 1403062.6 | O40: =N40*(1+$C$51) -> 1431123.8 | ... W40: =V40*(1+$C$51) -> 1676789.7
B41: Portfolio Screening Tool | C41: 350000 | D41: 25000 | E41: 25000 | F41: =SUM(C41:E41) -> 400000 | G41: 10000 | H41: 10000 | I41: 10000 | J41: 10000 | K41: 10000 | L41: 10000 | M41: 10000 | N41: 10000 | O41: 10000 | P41: 10000 | Q41: 10000 | R41: 10000 | S41: 10000 | T41: 10000 | U41: 10000 | V41: 10000 | W41: 10000
B42: Sub-Total | C42: =SUM(C40:C41) -> 1501000 | D42: =SUM(D40:D41) -> 1199020 | E42: =SUM(E40:E41) -> 1222500.4 | F42: =SUM(F40:F41) -> 3922520.4 | G42: =SUM(G40:G41) -> 1231450.4 | H42: =SUM(H40:H41) -> 1255879.4 | I42: =SUM(I40:I41) -> 1280797 | J42: =SUM(J40:J41) -> 1306212.9 | ... W42: =SUM(W40:W41) -> 1686789.7
A44: Administration
B45: General Administration | C45: 261400 | D45: =C45*(1+$C$51) -> 266628 | E45: =D45*(1+$C$51) -> 271960.56 | F45: =SUM(C45:E45) -> 799988.56 | G45: =E45*(1+$C$51) -> 277399.77 | H45: =G45*(1+$C$51) -> 282947.77 | I45: =H45*(1+$C$51) -> 288606.72 | J45: =I45*(1+$C$51) -> 294378.86 | K45: =J45*(1+$C$51) -> 300266.43 | L45: =K45*(1+$C$51) -> 306271.76 | M45: =L45*(1+$C$51) -> 312397.2 | N45: =M45*(1+$C$51) -> 318645.14 | O45: =N45*(1+$C$51) -> 325018.04 | ... W45: =V45*(1+$C$51) -> 380810.44
B46: Sub-Total | C46: =SUM(C45:C45) -> 261400 | D46: =SUM(D45:D45) -> 266628 | E46: =SUM(E45:E45) -> 271960.56 | F46: =F45 -> 799988.56 | G46: =SUM(G45:G45) -> 277399.77 | H46: =SUM(H45:H45) -> 282947.77 | I46: =SUM(I45:I45) -> 288606.72 | J46: =SUM(J45:J45) -> 294378.86 | K46: =SUM(K45:K45) -> 300266.43 | L46: =SUM(L45:L45) -> 306271.76 | M46: =SUM(M45:M45) -> 312397.2 | N46: =SUM(N45:N45) -> 318645.14 | ... W46: =SUM(W45:W45) -> 380810.44
A49: VEIC TOTAL NRA BUDGET | C49: =ROUND(C10+C15+C23+C31+C37+C42+C46,-2) -> 4792100 | D49: =ROUND(D10+D15+D23+D31+D37+D42+D46,-2) -> 4746900 | E49: =ROUND(E10+E15+E23+E31+E37+E42+E46,-2) -> 4841400 | F49: =ROUND(F10+F15+F23+F31+F37+F42+F46,-2) -> 14380400 | G49: =ROUND(G10+G15+G23+G31+G37+G42+G46,-2) -> 4721100 | H49: =ROUND(H10+H15+H23+H31+H37+H42+H46,-2) -> 5010100 | I49: =ROUND(I10+I15+I23+I31+I37+I42+I46,-2) -> 5110100 | J49: =ROUND(J10+J15+J23+J31+J37+J42+J46,-2) -> 5006500 | ... W49: =ROUND(W10+W15+W23+W31+W37+W42+W46,-2) -> 6674800
B51: Inflation | C51: 0.02
A53: Estimated VEIC NRA Split
A54: EEC Share 88% | C54: =C49*0.88 -> 4217048 | D54: =D49*0.88 -> 4177272 | E54: =E49*0.88 -> 4260432 | F54: =F49*0.88 -> 12654752 | G54: =G49*0.88 -> 4154568 | H54: =H49*0.88 -> 4408888 | I54: =I49*0.88 -> 4496888 | J54: =J49*0.88 -> 4405720 | ... W54: =W49*0.88 -> 5873824
A55: TEPF Share 12% | C55: =C49*0.12 -> 575052 | D55: =D49*0.12 -> 569628 | E55: =E49*0.12 -> 580968 | F55: =F49*0.12 -> 1725648 | G55: =G49*0.12 -> 566532 | H55: =H49*0.12 -> 601212 | I55: =I49*0.12 -> 613212 | J55: =J49*0.12 -> 600780 | ... W55: =W49*0.12 -> 800976

Sheet VEIC TEPF
A1: 2015 - 2024 TEPF DRP Summary Budget
A2: DRAFT v.3.2
A3: 41705 | E3: =20-4.1 -> 15.9
A4: INPUT CELLS
A6: BUDGET - NOMINAL $ | C6: 2015 | D6: 2016 | E6: 2017 | F6: 2018 | G6: 2019 | H6: 2020 | I6: 2021 | J6: 2022 | K6: 2023 | L6: 2024 | M6: Total
A7: Revenue projection - VEIC participation in FCM | C7: =C46-C55 -> 4065147.2 | D7: =D46-D55 -> 4205952.3 | E7: =E46-E55 -> 4467150.5 | F7: =F46-F55 -> 4657389.4 | G7: =G46-G55 -> 5156820 | H7: =H46-H55 -> 5193150.4 | I7: =I46-I55 -> 5072695.8 | J7: =J46-J55 -> 5567995.6 | ... L7: =L46-L55 -> 6636518.7 | M7: =SUM(C7:L7) -> 50731499
A8: Revenue projection - RGGI funds directed to EVT | C8: =C47-C56 -> 2104796.9 | D8: =D47-D56 -> 2630946.8 | E8: =E47-E56 -> 2922432.8 | F8: =F47-F56 -> 3252896.3 | G8: =G47-G56 -> 3531216.7 | H8: =H47-H56 -> 3947710.1 | I8: =I47-I56 -> 4385109.5 | J8: =J47-J56 -> 4436805.6 | ... L8: =L47-L56 -> 4384537.5 | M8: =SUM(C8:L8) -> 35994129
A9: TEPF Budget, nominal dollars | C9: =SUM(C7:C8) -> 6169944.1 | D9: =SUM(D7:D8) -> 6836899.1 | E9: =SUM(E7:E8) -> 7389583.3 | F9: =SUM(F7:F8) -> 7910285.7 | G9: =SUM(G7:G8) -> 8688036.7 | H9: =SUM(H7:H8) -> 9140860.5 | I9: =SUM(I7:I8) -> 9457805.3 | J9: =SUM(J7:J8) -> 10004801 | ... M9: =SUM(M7:M8) -> 86725628
A11: BUDGET - 2015 $ | C11: 2015 | D11: 2016 | E11: 2017 | F11: 2018 | G11: 2019 | H11: 2020 | I11: 2021 | J11: 2022 | K11: 2023 | L11: 2024 | M11: Total
A12: Revenue projection - VEIC participation in FCM | C12: =C7 -> 4065147.2 | D12: =D7/(1+$B$14) -> 4123482.6 | E12: =E7/(1+$B$14)^2 -> 4293685.6 | F12: =F7/(1+$B$14)^3 -> 4388762 | G12: =G7/(1+$B$14)^4 -> 4764104.6 | H12: =H7/(1+$B$14)^5 -> 4703596.3 | I12: =I7/(1+$B$14)^6 -> 4504408.7 | J12: =J7/(1+$B$14)^7 -> 4847275.2 | K12: =K7/(1+$B$14)^8 -> 4872303 | L12: =L7/(1+$B$14)^9 -> 5553142 | M12: =SUM(C12:L12) -> 46115907
A13: Revenue projection - RGGI funds directed to EVT | C13: =C8 -> 2104796.9 | D13: =D8 -> 2630946.8 | E13: =E8 -> 2922432.8 | F13: =F8 -> 3252896.3 | G13: =G8 -> 3531216.7 | H13: =H8 -> 3947710.1 | I13: =I8 -> 4385109.5 | J13: =J8 -> 4436805.6 | ... L13: =L8 -> 4384537.5 | M13: =SUM(C13:L13) -> 35994129
A14: TEPF Budget, 2015$ | B14: 0.02 | C14: =SUM(C12:C13) -> 6169944.1 | D14: =SUM(D12:D13) -> 6754429.5 | E14: =SUM(E12:E13) -> 7216118.4 | F14: =SUM(F12:F13) -> 7641658.3 | G14: =SUM(G12:G13) -> 8295321.3 | H14: =SUM(H12:H13) -> 8651306.4 | I14: =SUM(I12:I13) -> 8889518.2 | J14: =SUM(J12:J13) -> 9284080.8 | ... M14: =SUM(M12:M13) -> 82110036
A16: Non Reource Acquisition | B16: 0.09 | C16: =C14*$B$16 -> 555294.97 | D16: =D14*$B$16 -> 607898.65 | E16: =E14*$B$16 -> 649450.66 | F16: =F14*$B$16 -> 687749.25 | G16: =G14*$B$16 -> 746578.91 | H16: =H14*$B$16 -> 778617.57 | I16: =I14*$B$16 -> 800056.64 | J16: =J14*$B$16 -> 835567.28 | ... L16: =L14*$B$16 -> 894391.15 | M16: =SUM(C16:L16) -> 7389903.2
A17: Operations | B17: 0.019 | C17: =C14*$B$17 -> 117228.94 | D17: =D14*$B$17 -> 128334.16 | E17: =E14*$B$17 -> 137106.25 | F17: =F14*$B$17 -> 145191.51 | G17: =G14*$B$17 -> 157611.1 | H17: =H14*$B$17 -> 164374.82 | I17: =I14*$B$17 -> 168900.85 | J17: =J14*$B$17 -> 176397.54 | ... L17: =L14*$B$17 -> 188815.91 | M17: =SUM(C17:L17) -> 1560090.7
A18: Compensation | B18: 0.024 | C18: =C14*$B$18 -> 148078.66 | D18: =D14*$B$18 -> 162106.31 | E18: =E14*$B$18 -> 173186.84 | F18: =F14*$B$18 -> 183399.8 | G18: =G14*$B$18 -> 199087.71 | H18: =H14*$B$18 -> 207631.35 | I18: =I14*$B$18 -> 213348.44 | J18: =J14*$B$18 -> 222817.94 | ... L18: =L14*$B$18 -> 238504.31 | M18: =SUM(C18:L18) -> 1970640.9
A19: Resource Acquisition | C19: =C14-C16-C17-C18 -> 5349341.5 | D19: =D14-D16-D17-D18 -> 5856090.4 | E19: =E14-E16-E17-E18 -> 6256374.7 | F19: =F14-F16-F17-F18 -> 6625317.8 | G19: =G14-G16-G17-G18 -> 7192043.5 | H19: =H14-H16-H17-H18 -> 7500682.6 | I19: =I14-I16-I17-I18 -> 7707212.3 | J19: =J14-J16-J17-J18 -> 8049298.1 | ... L19: =L14-L16-L17-L18 -> 8615968.1 | M19: =SUM(C19:L19) -> 71189401
A20: EVT Residential | B20: 0.75 | C20: =C19*$B$20 -> 4012006.1 | D20: =D19*$B$20 -> 4392067.8 | E20: =E19*$B$20 -> 4692281 | F20: =F19*$B$20 -> 4968988.3 | G20: =G19*$B$20 -> 5394032.7 | H20: =H19*$B$20 -> 5625512 | I20: =I19*$B$20 -> 5780409.2 | J20: =J19*$B$20 -> 6036973.6 | ... L20: =L19*$B$20 -> 6461976.1 | M20: =SUM(C20:L20) -> 53392051
A21: EVT Commercial | B21: 0.25 | C21: =C19*$B$21 -> 1337335.4 | D21: =D19*$B$21 -> 1464022.6 | E21: =E19*$B$21 -> 1564093.7 | F21: =F19*$B$21 -> 1656329.4 | G21: =G19*$B$21 -> 1798010.9 | H21: =H19*$B$21 -> 1875170.7 | I21: =I19*$B$21 -> 1926803.1 | J21: =J19*$B$21 -> 2012324.5 | ... L21: =L19*$B$21 -> 2153992 | M21: =SUM(C21:L21) -> 17797350
A22: Low Income | B22: 0.21 | C22: =C19*$B$22 -> 1123361.7 | D22: =D19*$B$22 -> 1229779 | E22: =E19*$B$22 -> 1313838.7 | F22: =F19*$B$22 -> 1391316.7 | G22: =G19*$B$22 -> 1510329.1 | H22: =H19*$B$22 -> 1575143.4 | I22: =I19*$B$22 -> 1618514.6 | J22: =J19*$B$22 -> 1690352.6 | ... L22: =L19*$B$22 -> 1809353.3 | M22: =SUM(C22:L22) -> 14949774
A24: Year over year change | D24: =(D14-C14)/C14 -> 0.094731066 | E24: =(E14-D14)/D14 -> 0.068353512 | F24: =(F14-E14)/E14 -> 0.058970746 | G24: =(G14-F14)/F14 -> 0.085539409 | H24: =(H14-G14)/G14 -> 0.042913963 | I24: =(I14-H14)/H14 -> 0.027534784 | J24: =(J14-I14)/I14 -> 0.04438515 | K24: =(K14-J14)/J14 -> -0.001518871 | L24: =(L14-K14)/K14 -> 0.072028203
A26: FORECAST
A27: SAVINGS (MMBtu) | C27: 2015 | D27: 2016 | E27: 2017 | F27: 2018 | G27: 2019 | H27: 2020 | I27: 2021 | J27: 2022 | K27: 2023 | L27: 2024 | M27: Total
A28: Residential Existing | C28: =[2]Residential!D13 -> 24972.176 | D28: =[2]Residential!E13 -> 28900.676 | E28: =[2]Residential!F13 -> 31794.34 | F28: =[2]Residential!G13 -> 33750.268 | G28: =[2]Residential!H13 -> 36726.841 | H28: =[2]Residential!I13 -> 38398.156 | I28: =[2]Residential!J13 -> 39555.15 | J28: =[2]Residential!K13 -> 41416.932 | ... L28: =[2]Residential!M13 -> 44566.413 | M28: =SUM(C28:L28) -> 361542.96
A29: Residential New Construction | C29: =[2]Residential!D14 -> 0 | D29: =[2]Residential!E14 -> 0 | E29: =[2]Residential!F14 -> 0 | F29: =[2]Residential!G14 -> 0 | G29: =[2]Residential!H14 -> 0 | H29: =[2]Residential!I14 -> 0 | I29: =[2]Residential!J14 -> 0 | J29: =[2]Residential!K14 -> 0 | ... L29: =[2]Residential!M14 -> 0 | M29: =SUM(C29:L29) -> 0
A30: Commercial Existing | C30: =[2]Commercial!D13 -> 31898.124 | D30: =[2]Commercial!E13 -> 40380.961 | E30: =[2]Commercial!F13 -> 41433.54 | F30: =[2]Commercial!G13 -> 42305.493 | G30: =[2]Commercial!H13 -> 44237.017 | H30: =[2]Commercial!I13 -> 44550.592 | I30: =[2]Commercial!J13 -> 44835.716 | J30: =[2]Commercial!K13 -> 45899.161 | ... L30: =[2]Commercial!M13 -> 47891.726 | M30: =SUM(C30:L30) -> 428654.6
A31: Commercial New Construction | C31: =[2]Commercial!D14 -> 7038.0552 | D31: =[2]Commercial!E14 -> 7704.7777 | E31: =[2]Commercial!F14 -> 8231.4263 | F31: =[2]Commercial!G14 -> 8716.8397 | G31: =[2]Commercial!H14 -> 9462.473 | H31: =[2]Commercial!I14 -> 9868.5452 | I31: =[2]Commercial!J14 -> 10140.273 | J31: =[2]Commercial!K14 -> 10590.351 | ... L31: =[2]Commercial!M14 -> 11335.911 | M31: =SUM(C31:L31) -> 93662.918
A32: Total Savings | C32: =SUM(C28:C31) -> 63908.355 | D32: =SUM(D28:D31) -> 76986.415 | E32: =SUM(E28:E31) -> 81459.306 | F32: =SUM(F28:F31) -> 84772.6 | G32: =SUM(G28:G31) -> 90426.331 | H32: =SUM(H28:H31) -> 92817.293 | I32: =SUM(I28:I31) -> 94531.139 | J32: =SUM(J28:J31) -> 97906.445 | ... L32: =SUM(L28:L31) -> 103794.05 | M32: =SUM(C32:L32) -> 883860.47
A34: PROJECTS (units) | C34: 2015 | D34: 2016 | E34: 2017 | F34: 2018 | G34: 2019 | H34: 2020 | I34: 2021 | J34: 2022 | K34: 2023 | L34: 2024 | M34: Total
A35: Residential Existing | C35: =[2]Residential!D18 -> 1333.8555 | D35: =[2]Residential!E18 -> 1485.9702 | E35: =[2]Residential!F18 -> 1589.261 | F35: =[2]Residential!G18 -> 1713.7055 | G35: =[2]Residential!H18 -> 1862.3114 | H35: =[2]Residential!I18 -> 1944.3545 | I35: =[2]Residential!J18 -> 2000.0962 | J35: =[2]Residential!K18 -> 2126.2898 | ... L35: =[2]Residential!M18 -> 2281.0332 | M35: =SUM(C35:L35) -> 18462.282
A36: Residential New Construction | C36: =[2]Residential!D19 -> 0 | D36: =[2]Residential!E19 -> 0 | E36: =[2]Residential!F19 -> 0 | F36: =[2]Residential!G19 -> 0 | G36: =[2]Residential!H19 -> 0 | H36: =[2]Residential!I19 -> 0 | I36: =[2]Residential!J19 -> 0 | J36: =[2]Residential!K19 -> 0 | ... L36: =[2]Residential!M19 -> 0 | M36: =SUM(C36:L36) -> 0
A37: Commercial Existing | C37: =[2]Commercial!D18 -> 613.35069 | D37: =[2]Commercial!E18 -> 767.31251 | E37: =[2]Commercial!F18 -> 841.59699 | F37: =[2]Commercial!G18 -> 908.94509 | G37: =[2]Commercial!H18 -> 1001.351 | H37: =[2]Commercial!I18 -> 1055.3717 | I37: =[2]Commercial!J18 -> 1103.0569 | J37: =[2]Commercial!K18 -> 1168.8812 | ... L37: =[2]Commercial!M18 -> 1287.6394 | M37: =SUM(C37:L37) -> 9931.7659
A38: Commercial New Construction | C38: =[2]Commercial!D19 -> 112.66318 | D38: =[2]Commercial!E19 -> 123.33588 | E38: =[2]Commercial!F19 -> 131.76632 | F38: =[2]Commercial!G19 -> 139.53668 | G38: =[2]Commercial!H19 -> 151.47257 | H38: =[2]Commercial!I19 -> 157.97285 | I38: =[2]Commercial!J19 -> 162.3226 | J38: =[2]Commercial!K19 -> 169.52732 | ... L38: =[2]Commercial!M19 -> 181.46203 | M38: =SUM(C38:L38) -> 1499.3293
A39: Total Projects / Units | C39: =SUM(C35:C38) -> 2059.8694 | D39: =SUM(D35:D38) -> 2376.6186 | E39: =SUM(E35:E38) -> 2562.6243 | F39: =SUM(F35:F38) -> 2762.1873 | G39: =SUM(G35:G38) -> 3015.1349 | H39: =SUM(H35:H38) -> 3157.699 | I39: =SUM(I35:I38) -> 3265.4758 | J39: =SUM(J35:J38) -> 3464.6984 | ... L39: =SUM(L35:L38) -> 3750.1346 | M39: =SUM(C39:L39) -> 29893.378
A43: BUDGET CALCULATIONS (CH):
A45: EVT TEPF BUDGETS | C45: 2015 | D45: 2016 | E45: 2017 | F45: 2018 | G45: 2019 | H45: 2020 | I45: 2021 | J45: 2022 | K45: 2023 | L45: 2024 | M45: Total
A46: Revenue projection - VEIC participation in FCM | C46: ='[3]Summary TEPF Revenue Est'!G7 -> 4135711.4 | D46: ='[3]Summary TEPF Revenue Est'!H7 -> 4273156.2 | E46: ='[3]Summary TEPF Revenue Est'!I7 -> 4534510.3 | F46: ='[3]Summary TEPF Revenue Est'!J7 -> 4724307 | G46: ='[3]Summary TEPF Revenue Est'!K7 -> 5225629.9 | H46: ='[3]Summary TEPF Revenue Est'!L7 -> 5260329.4 | I46: ='[3]Summary TEPF Revenue Est'!M7 -> 5137386.1 | J46: ='[3]Summary TEPF Revenue Est'!N7 -> 5636462.6 | ... L46: ='[3]Summary TEPF Revenue Est'!P7 -> 6713592.8 | M46: =SUM(C46:L46) -> 51420646
A47: Revenue projection - RGGI funds directed to EVT | C47: ='[3]Summary TEPF Revenue Est'!G12 -> 2141332.6 | D47: ='[3]Summary TEPF Revenue Est'!H12 -> 2672984.9 | E47: ='[3]Summary TEPF Revenue Est'!I12 -> 2966499.9 | F47: ='[3]Summary TEPF Revenue Est'!J12 -> 3299634.1 | G47: ='[3]Summary TEPF Revenue Est'!K12 -> 3578335.3 | H47: ='[3]Summary TEPF Revenue Est'!L12 -> 3998778.1 | I47: ='[3]Summary TEPF Revenue Est'!M12 -> 4441031.3 | J47: ='[3]Summary TEPF Revenue Est'!N12 -> 4491362.9 | ... L47: ='[3]Summary TEPF Revenue Est'!P12 -> 4435457.9 | M47: =SUM(C47:L47) -> 36477697
A48: TOTAL | C48: =SUM(C46:C47) -> 6277044.1 | D48: =SUM(D46:D47) -> 6946141.1 | E48: =SUM(E46:E47) -> 7501010.2 | F48: =SUM(F46:F47) -> 8023941.1 | G48: =SUM(G46:G47) -> 8803965.2 | H48: =SUM(H46:H47) -> 9259107.5 | I48: =SUM(I46:I47) -> 9578417.3 | J48: =SUM(J46:J47) -> 10127825 | ... M48: =SUM(M46:M47) -> 87898343
A50: % of Total
A51: FCM | C51: =C46/$C$48 -> 0.6588629 | D51: =D46/D48 -> 0.6151842 | E51: =E46/E48 -> 0.60451994 | F51: =F46/F48 -> 0.58877638 | G51: =G46/G48 -> 0.59355413 | H51: =H46/H48 -> 0.56812489 | I51: =I46/I48 -> 0.5363502 | J51: =J46/J48 -> 0.55653236 | K51: =K46/K48 -> 0.56486032 | ... M51: =M46/M48 -> 0.58500132
A52: RGGI | C52: =C47/C48 -> 0.3411371 | D52: =D47/D48 -> 0.3848158 | E52: =E47/E48 -> 0.39548006 | F52: =F47/F48 -> 0.41122362 | G52: =G47/G48 -> 0.40644587 | H52: =H47/H48 -> 0.43187511 | I52: =I47/I48 -> 0.4636498 | J52: =J47/J48 -> 0.44346764 | ... M52: =M47/M48 -> 0.41499868
A54: BED's Suggested Annual TEPF Budgets (2015-2024) | C54: ='[3]Summary TEPF Revenue Est'!G19 -> 107100 | D54: ='[3]Summary TEPF Revenue Est'!H19 -> 109242 | E54: ='[3]Summary TEPF Revenue Est'!I19 -> 111426.84 | F54: ='[3]Summary TEPF Revenue Est'!J19 -> 113655.38 | G54: ='[3]Summary TEPF Revenue Est'!K19 -> 115928.48 | H54: ='[3]Summary TEPF Revenue Est'!L19 -> 118247.05 | I54: ='[3]Summary TEPF Revenue Est'!M19 -> 120612 | J54: ='[3]Summary TEPF Revenue Est'!N19 -> 123024.24 | ... L54: ='[3]Summary TEPF Revenue Est'!P19 -> 127994.41 | M54: =SUM(C54:L54) -> 1172715.1
A55: Proxy FCM | C55: =C54*C51 -> 70564.216 | D55: =D54*D51 -> 67203.952 | E55: =E54*E51 -> 67359.747 | F55: =F54*F51 -> 66917.602 | G55: =G54*G51 -> 68809.83 | H55: =H54*H51 -> 67179.095 | I55: =I54*I51 -> 64690.268 | J55: =J54*J51 -> 68466.968 | ... M55: =M54*M51 -> 686039.89
A56: Proxy RGGI | C56: =C54*C52 -> 36535.784 | D56: =D54*D52 -> 42038.048 | E56: =E54*E52 -> 44067.093 | F56: =F54*F52 -> 46737.775 | G56: =G54*G52 -> 47118.654 | H56: =H54*H52 -> 51067.959 | I56: =I54*I52 -> 55921.727 | J56: =J54*J52 -> 54557.267 | ... M56: =M54*M52 -> 486675.23

Sheet VEIC TEPF Table
B2: VEIC TEPF Budget and Modeled Savings
C3: RA Budget | D3: MMBtu
B4: 2015 | C4: ='VEIC TEPF'!C19 -> 5349341.5 | D4: ='VEIC TEPF'!C32 -> 63908.355
B5: 2016 | C5: ='VEIC TEPF'!D19 -> 5856090.4 | D5: ='VEIC TEPF'!D32 -> 76986.415
B6: 2017 | C6: ='VEIC TEPF'!E19 -> 6256374.7 | D6: ='VEIC TEPF'!E32 -> 81459.306
B7: 2018 | C7: ='VEIC TEPF'!F19 -> 6625317.8 | D7: ='VEIC TEPF'!F32 -> 84772.6
B8: 2019 | C8: ='VEIC TEPF'!G19 -> 7192043.5 | D8: ='VEIC TEPF'!G32 -> 90426.331
B9: 2020 | C9: ='VEIC TEPF'!H19 -> 7500682.6 | D9: ='VEIC TEPF'!H32 -> 92817.293
B10: 2021 | C10: ='VEIC TEPF'!I19 -> 7707212.3 | D10: ='VEIC TEPF'!I32 -> 94531.139
B11: 2022 | C11: ='VEIC TEPF'!J19 -> 8049298.1 | D11: ='VEIC TEPF'!J32 -> 97906.445
B12: 2023 | C12: ='VEIC TEPF'!K19 -> 8037072.2 | D12: ='VEIC TEPF'!K32 -> 97258.541
B13: 2024 | C13: ='VEIC TEPF'!L19 -> 8615968.1 | D13: ='VEIC TEPF'!L32 -> 103794.05

Sheet VEIC Compensation
A2: VEIC Compensation Budget 2015-2017
C3: 2015 | D3: 2016 | E3: 2017 | F3: 3-yr Total
A4: Funded via EEC
A5: Operations Fee and QPI Award (4.1%) | C5: ='DPS Recommendation'!C15 -> 1842773.9 | D5: ='DPS Recommendation'!D15 -> 1986117.6 | E5: ='DPS Recommendation'!E15 -> 2117160.9 | F5: =SUM(C5:E5) -> 5946052.4
A7: Funded via FCM and RGGI
A8: Operations Fee and QPI Award (4.1%) | C8: ='DPS Recommendation'!C29 -> 242900.13 | D8: ='DPS Recommendation'!D29 -> 263454.45 | E8: ='DPS Recommendation'!E29 -> 280331.05 | F8: =SUM(C8:E8) -> 786685.64
E10: VEIC 2015-2017 EEC & TEPF Total | F10: =F5+F8 -> 6732738.1

Sheet 2013 P-Study
A1: Statewide (EVT + BED) | B1: 2014 | C1: =B1+1 -> 2015 | D1: =C1+1 -> 2016 | E1: =D1+1 -> 2017 | F1: =E1+1 -> 2018 | G1: =F1+1 -> 2019 | H1: =G1+1 -> 2020 | I1: =H1+1 -> 2021 | J1: =I1+1 -> 2022 | ... U1: =T1+1 -> 2033
A2: Residential Max. Achievable Incremental Annual Savings (GDS Potential Study) | B2: =B63+B64 -> 77286.223 | C2: =C63+C64 -> 82364.55 | D2: =D63+D64 -> 83300.541 | E2: =E63+E64 -> 82792.859 | F2: =F63+F64 -> 81965.994 | G2: =G63+G64 -> 81334.523 | H2: =H63+H64 -> 81427.363 | I2: =I63+I64 -> 71159.479 | ... U2: =U63+U64 -> 71122.27
A3: Non-Residential Max. Achievable Incremental Annual Savings (GDS Potential Study) | B3: 85347.692 | C3: 89509.189 | D3: 93195.189 | E3: 85065.507 | F3: 77288.609 | G3: 70362.398 | H3: 64082.068 | I3: 57033.346 | J3: 54815.946 | K3: 33678.051 | L3: 34054.318 | M3: 36854.265 | N3: 45092.278 | O3: 44787.865 | P3: 56315.644 | Q3: 87998.42 | R3: 90808.782 | S3: 86814.411 | T3: 81035.175 | U3: 68757.256
A4: Total Max. Achievable Incremental Annual Savings (GDS Potential Study) | B4: =B2+B3 -> 162633.92 | C4: =C2+C3 -> 171873.74 | D4: =D2+D3 -> 176495.73 | E4: =E2+E3 -> 167858.37 | F4: =F2+F3 -> 159254.6 | G4: =G2+G3 -> 151696.92 | H4: =H2+H3 -> 145509.43 | I4: =I2+I3 -> 128192.83 | ... U4: =U2+U3 -> 139879.53
A6: Residential Forecast | B6: 2135744.8 | C6: 2164233.5 | D6: 2206598.6 | E6: 2238964 | F6: 2272715.8 | G6: 2297199 | H6: 2208142.7 | I6: 2255345 | J6: 2273697.3 | K6: 2203391.9 | L6: 2243235.5 | M6: 2275181.5 | N6: 2306860 | O6: 2337853.7 | P6: 2365359.9 | Q6: 2348214.1 | R6: 2417494.2 | S6: 2430187.2 | T6: 2450310 | U6: 2459955.1
A7: Non-Residential Forecast | B7: =(B42+B43+B44) -> 2864742.2 | C7: =(C42+C43+C44) -> 2917343.3 | D7: =(D42+D43+D44) -> 2981036.4 | E7: =(E42+E43+E44) -> 3032825.5 | F7: =(F42+F43+F44) -> 3087870.1 | G7: =(G42+G43+G44) -> 3142698.3 | H7: =(H42+H43+H44) -> 3192665.2 | I7: =(I42+I43+I44) -> 3243891 | ... U7: =(U42+U43+U44) -> 3725640.1
A8: All Sectors Forecast (Includes Other) | B8: =B6+B7 -> 5000487 | C8: =C6+C7 -> 5081576.8 | D8: =D6+D7 -> 5187635 | E8: =E6+E7 -> 5271789.5 | F8: =F6+F7 -> 5360585.9 | G8: =G6+G7 -> 5439897.3 | H8: =H6+H7 -> 5400808 | I8: =I6+I7 -> 5499236 | ... U8: =U6+U7 -> 6185595.3
A9: Adjusted Forecast (Cumulative Impact of Past EE) | B9: =B8-B4 -> 4837853.1 | C9: =C8-SUM($B4:C4) -> 4747069.2 | D9: =D8-SUM($B4:D4) -> 4676631.6 | E9: =E8-SUM($B4:E4) -> 4592927.8 | F9: =F8-SUM($B4:F4) -> 4522469.6 | G9: =G8-SUM($B4:G4) -> 4450084 | H9: =H8-SUM($B4:H4) -> 4265485.3 | I9: =I8-SUM($B4:I4) -> 4235720.4 | J9: =J8-SUM($B4:J4) -> 4165552.9 | K9: =K8-SUM($B4:K4) -> 4028005.3 | L9: =L8-SUM(C4:L4) -> 4165208.1 | M9: =M8-SUM(D4:M4) -> 4303203.2 | N9: =N8-SUM(E4:N4) -> 4440354.4 | O9: =O8-SUM(F4:O4) -> 4569637 | P9: =P8-SUM(G4:P4) -> 4677449.8 | Q9: =Q8-SUM(H4:Q4) -> 4697721.2 | R9: =R8-SUM(I4:R4) -> 4786025.7 | S9: =S8-SUM(J4:S4) -> 4805860.9 | ... U9: =U8-SUM(L4:U4) -> 4847533.9
A11: Residential IA Savings as a % of Sector Sales | B11: =B2/B6 -> 0.036187012 | C11: =C2/C6 -> 0.038057145 | D11: =D2/D6 -> 0.037750655 | E11: =E2/E6 -> 0.0369782 | F11: =F2/F6 -> 0.036065219 | G11: =G2/G6 -> 0.035405955 | H11: =H2/H6 -> 0.036875951 | I11: =I2/I6 -> 0.031551483 | ... U11: =U2/U6 -> 0.028912019
A12: Non-Residential IA Savings as a % of Sector Sales | B12: =B3/B7 -> 0.029792451 | C12: =C3/C7 -> 0.030681747 | D12: =D3/D7 -> 0.031262681 | E12: =E3/E7 -> 0.02804827 | F12: =F3/F7 -> 0.025029748 | G12: =G3/G7 -> 0.022389167 | H12: =H3/H7 -> 0.020071653 | I12: =I3/I7 -> 0.01758177 | ... U12: =U3/U7 -> 0.018455152
A13: All Sector IA Savings as a % of Total Sales | B13: =B4/B9 -> 0.03361696 | C13: =C4/C9 -> 0.036206285 | D13: =D4/D9 -> 0.037739926 | E13: =E4/E9 -> 0.036547138 | F13: =F4/F9 -> 0.03521408 | G13: =G4/G9 -> 0.034088552 | H13: =H4/H9 -> 0.034113218 | I13: =I4/I9 -> 0.030264704 | ... U13: =U4/U9 -> 0.028855812
A14: All Sector IA Savings as a % of Total Sales - EVT | B14: =B20/B26 -> 0.033685177 | C14: =C20/C26 -> 0.036329392 | D14: =D20/D26 -> 0.037831732 | E14: =E20/E26 -> 0.036646357 | F14: =F20/F26 -> 0.035341627 | G14: =G20/G26 -> 0.034267009 | H14: =H20/H26 -> 0.034410685 | I14: =I20/I26 -> 0.030517815 | ... U14: =U20/U26 -> 0.041847801
A15: All Sector IA Savings as a % of Total Sales - BED | B15: =B33/B39 -> 0.032731076 | C15: =C33/C39 -> 0.034602917 | D15: =D33/D39 -> 0.036529505 | E15: =E33/E39 -> 0.035225471 | F15: =F33/F39 -> 0.033514784 | G15: =G33/G39 -> 0.03173462 | H15: =H33/H39 -> 0.030310147 | I15: =I33/I39 -> 0.027045083 | ... U15: =U33/U39 -> 0.03975573
A17: EVT | B17: 2014 | C17: =B17+1 -> 2015 | D17: =C17+1 -> 2016 | E17: =D17+1 -> 2017 | F17: =E17+1 -> 2018 | G17: =F17+1 -> 2019 | H17: =G17+1 -> 2020 | I17: =H17+1 -> 2021 | J17: =I17+1 -> 2022 | ... U17: =T17+1 -> 2033
A18: Residential Max. Achievable Incremental Annual Savings (GDS Potential Study) | B18: 73788.538 | C18: 78857.466 | D18: 79800.441 | E18: 79292.75 | F18: 78464.218 | G18: 77824.393 | H18: 77912.424 | I18: 68027.404 | J18: 67535.31 | K18: 67294.236 | L18: 66644.075 | M18: 66415.279 | N18: 67174.495 | O18: 66745.289 | P18: 67822.098 | Q18: 68048.862 | R18: 67985.245 | S18: 67460.804 | T18: 67686.975 | U18: 67935.389
A19: Non-Residential Max. Achievable Incremental Annual Savings (GDS Potential Study) | B19: 77523.754 | C19: 81303.508 | D19: 84651.481 | E19: 77268.191 | F19: 70208.025 | G19: 63920.665 | H19: 58218.07 | I19: 51816.008 | J19: 49805.525 | K19: 30607.352 | L19: 30964.939 | M19: 33442.048 | N19: 40859.322 | O19: 40584.41 | P19: 51125.651 | Q19: 79949.11 | R19: 82523.797 | S19: 78900.218 | T19: 73649.508 | U19: 62489.982
A20: Total Max. Achievable Incremental Annual Savings (GDS Potential Study) | B20: =B18+B19 -> 151312.29 | C20: =C18+C19 -> 160160.97 | D20: =D18+D19 -> 164451.92 | E20: =E18+E19 -> 156560.94 | F20: =F18+F19 -> 148672.24 | G20: =G18+G19 -> 141745.06 | H20: =H18+H19 -> 136130.49 | I20: =I18+I19 -> 119843.41 | ... U20: =U18+U19 -> 130425.37
A21: All Sector IA Savings as a % of Total Sales - EVT | B21: =B20/B26 -> 0.033685177 | C21: =C20/C26 -> 0.036329392 | D21: =D20/D26 -> 0.037831732 | E21: =E20/E26 -> 0.036646357 | F21: =F20/F26 -> 0.035341627 | G21: =G20/G26 -> 0.034267009 | H21: =H20/H26 -> 0.034410685 | I21: =I20/I26 -> 0.030517815 | ... U21: =U20/U26 -> 0.041847801
A23: Residential Forecast | B23: 2051815.8 | C23: 2078234.5 | D23: 2119925.6 | E23: 2153005 | F23: 2184984.8 | G23: 2209702 | H23: 2120592.7 | I23: 2168383 | J23: 2186817.3 | K23: 2116528.9 | L23: 2155818.5 | M23: 2187894.5 | N23: 2219222 | O23: 2249887.7 | P23: 2276624.9 | Q23: 2259479.1 | R23: 2328378.2 | S23: 2340552.2 | T23: 2360325.2 | U23: 2369619.2
A24: Non-Residential Forecast | B24: =(B49+B50+B51) -> 2591451.3 | C24: =(C49+C50+C51) -> 2641817.2 | D24: =(D49+D50+D51) -> 2702930.4 | E24: =(E49+E50+E51) -> 2751691.4 | F24: =(F49+F50+F51) -> 2802891.1 | G24: =(G49+G50+G51) -> 2849689 | H24: =(H49+H50+H51) -> 2894494.2 | I24: =(I49+I50+I51) -> 2937492.8 | ... U24: =(U49+U50+U51) -> 3389568.1
A25: All Sectors Forecast (Includes Other) | B25: =B23+B24 -> 4643267.1 | C25: =C23+C24 -> 4720051.8 | D25: =D23+D24 -> 4822856 | E25: =E23+E24 -> 4904696.4 | F25: =F23+F24 -> 4987875.9 | G25: =G23+G24 -> 5059391 | H25: =H23+H24 -> 5015086.9 | I25: =I23+I24 -> 5105875.8 | ... U25: =U23+U24 -> 5759187.3
A26: Adjusted Forecast (Cumulative Impact of Past EE) | B26: =B25-B20 -> 4491954.8 | C26: =(C25-B25)+(B26-C20) -> 4408578.5 | D26: =(D25-C25)+(C26-D20) -> 4346930.8 | E26: =(E25-D25)+(D26-E20) -> 4272210.3 | F26: =(F25-E25)+(E26-F20) -> 4206717.5 | G26: =(G25-F25)+(F26-G20) -> 4136487.6 | H26: =(H25-G25)+(G26-H20) -> 3956053 | I26: =(I25-H25)+(H26-I20) -> 3926998.4 | J26: =(J25-I25)+(I26-J20) -> 3863313.2 | ... U26: =(U25-T25)+(T26-U20) -> 3116660
A30: BED | B30: 2014 | C30: =B30+1 -> 2015 | D30: =C30+1 -> 2016 | E30: =D30+1 -> 2017 | F30: =E30+1 -> 2018 | G30: =F30+1 -> 2019 | H30: =G30+1 -> 2020 | I30: =H30+1 -> 2021 | J30: =I30+1 -> 2022 | ... U30: =T30+1 -> 2033
A31: Residential Max. Achievable Incremental Annual Savings (GDS Potential Study) | B31: 3497.6849 | C31: 3507.0834 | D31: 3500.0998 | E31: 3500.1088 | F31: 3501.7761 | G31: 3510.1301 | H31: 3514.9389 | I31: 3132.0751 | J31: 3118.393 | K31: 3110.2414 | L31: 3103.7506 | M31: 3102.3425 | N31: 3155.7008 | O31: 3148.0766 | P31: 3186.721 | Q31: 3186.8794 | R31: 3187.9679 | S31: 3178.9772 | T31: 3187.1875 | U31: 3186.8814
A32: Non-Residential Max. Achievable Incremental Annual Savings (GDS Potential Study) | B32: 7823.9382 | C32: 8205.6806 | D32: 8543.7081 | E32: 7797.3162 | F32: 7080.5846 | G32: 6441.7338 | H32: 5863.9986 | I32: 5217.3375 | J32: 5010.4215 | K32: 3070.6991 | L32: 3089.3787 | M32: 3412.2163 | N32: 4232.9558 | O32: 4203.4555 | P32: 5189.9931 | Q32: 8049.3103 | R32: 8284.9854 | S32: 7914.1933 | T32: 7385.6667 | U32: 6267.2745
A33: Total Max. Achievable Incremental Annual Savings (GDS Potential Study) | B33: =B31+B32 -> 11321.623 | C33: =C31+C32 -> 11712.764 | D33: =D31+D32 -> 12043.808 | E33: =E31+E32 -> 11297.425 | F33: =F31+F32 -> 10582.361 | G33: =G31+G32 -> 9951.8639 | H33: =H31+H32 -> 9378.9376 | I33: =I31+I32 -> 8349.4126 | ... U33: =U31+U32 -> 9454.1559
A34: All Sector IA Savings as a % of Total Sales - BED | B34: =B33/B39 -> 0.032731076 | C34: =C33/C39 -> 0.034602917 | D34: =D33/D39 -> 0.036529505 | E34: =E33/E39 -> 0.035225471 | F34: =F33/F39 -> 0.033514784 | G34: =G33/G39 -> 0.03173462 | H34: =H33/H39 -> 0.030310147 | I34: =I33/I39 -> 0.027045083 | ... U34: =U33/U39 -> 0.03975573
A36: Residential Forecast | B36: 83929 | C36: 85999 | D36: 86673 | E36: 85959 | F36: 87731 | G36: 87497 | H36: 87550 | I36: 86962 | J36: 86880 | K36: 86863 | L36: 87417 | M36: 87287 | N36: 87638 | O36: 87966 | P36: 88735 | Q36: 88735 | R36: 89116 | S36: 89635 | T36: 89984.813 | U36: 90335.992
A37: Non-Residential Forecast | B37: =(B56+B57+B58) -> 273290.9 | C37: =(C56+C57+C58) -> 275526.04 | D37: =(D56+D57+D58) -> 278106.02 | E37: =(E56+E57+E58) -> 281134.12 | F37: =(F56+F57+F58) -> 284979 | G37: =(G56+G57+G58) -> 293009.29 | H37: =(H56+H57+H58) -> 298171.06 | I37: =(I56+I57+I58) -> 306398.21 | ... U37: =(U56+U57+U58) -> 336071.99
A38: All Sectors Forecast (Includes Other) | B38: =B36+B37 -> 357219.9 | C38: =C36+C37 -> 361525.04 | D38: =D36+D37 -> 364779.02 | E38: =E36+E37 -> 367093.12 | F38: =F36+F37 -> 372710 | G38: =G36+G37 -> 380506.29 | H38: =H36+H37 -> 385721.06 | I38: =I36+I37 -> 393360.21 | ... U38: =U36+U37 -> 426407.98
A39: Adjusted Forecast (Cumulative Impact of Past EE) | B39: =B38-B33 -> 345898.28 | C39: =(C38-B38)+(B39-C33) -> 338490.65 | D39: =(D38-C38)+(C39-D33) -> 329700.83 | E39: =(E38-D38)+(D39-E33) -> 320717.5 | F39: =(F38-E38)+(E39-F33) -> 315752.02 | G39: =(G38-F38)+(F39-G33) -> 313596.44 | H39: =(H38-G38)+(G39-H33) -> 309432.27 | I39: =(I38-H38)+(H39-I33) -> 308722.01 | J39: =(J38-I38)+(I39-J33) -> 302239.71 | ... U39: =(U38-T38)+(T39-U33) -> 237806.12
A41: NON-RESIDENTIAL FORECAST BREAKDOWN
A42: Commercial | B42: 2014810.6 | C42: 2057481 | D42: 2106339.8 | E42: 2146734.6 | F42: 2185562.8 | G42: 2224565 | H42: 2260319.8 | I42: 2297122.7 | J42: 2323334.6 | K42: 2349642.1 | L42: 2377424.5 | M42: 2406977.6 | N42: 2439777.9 | O42: 2473643.7 | P42: 2510027.6 | Q42: 2544069.4 | R42: 2571292.5 | S42: 2599362.3 | T42: 2627856.5 | U42: 2656942.2
A43: Industrial (less IBM & OMYA) | B43: =B46 -> 810729.99 | C43: =C46 -> 821371.3 | D43: =D46 -> 836651.06 | E43: =E46 -> 848324.51 | F43: =F46 -> 864715.93 | G43: =G46 -> 880651.68 | H43: =H46 -> 894932.53 | I43: =I46 -> 909398.5 | ... U43: =U46 -> 1031400.2
A44: Other | B44: 39201.56 | C44: 38490.94 | D44: 38045.52 | E44: 37766.33 | F44: 37591.34 | G44: 37481.65 | H44: 37412.9 | I44: 37369.8 | J44: 37342.79 | K44: 37325.86 | L44: 37315.25 | M44: 37308.6 | N44: 37304.43 | O44: 37301.81 | P44: 37300.18 | Q44: 37299.15 | R44: 37298.51 | S44: 37298.1 | T44: 37297.85 | U44: 37297.69
A45: Industrial (less IBM) | B45: 989729.99 | C45: 1000371.3 | D45: 1015651.1 | E45: 1027324.5 | F45: 1043715.9 | G45: 1059651.7 | H45: 1073932.5 | I45: 1088398.5 | J45: 1099163.3 | K45: 1109713.2 | L45: 1120468.7 | M45: 1131469.6 | N45: 1143072.9 | O45: 1154321.5 | P45: 1166315.8 | Q45: 1177229.3 | R45: 1185503.8 | S45: 1193838 | T45: 1202088.1 | U45: 1210400.2
A46: Industrial (less IBM & OMYA) | B46: 810729.99 | C46: 821371.3 | D46: 836651.06 | E46: 848324.51 | F46: 864715.93 | G46: 880651.68 | H46: 894932.53 | I46: 909398.5 | J46: 920163.29 | K46: 930713.21 | L46: 941468.75 | M46: 952469.62 | N46: 964072.89 | O46: 975321.51 | P46: 987315.76 | Q46: 998229.31 | R46: 1006503.8 | S46: 1014838 | T46: 1023088.1 | U46: 1031400.2
A48: EVT
A49: Commercial | B49: 1818894.7 | C49: 1859951.1 | D49: 1906931.6 | E49: 1945129.1 | F49: 1981160.6 | G49: 2014306 | H49: 2046300.6 | I49: 2077102.9 | J49: 2102056.3 | K49: 2127319.1 | L49: 2151823.9 | M49: 2179951.9 | N49: 2211227.3 | O49: 2243765.9 | P49: 2278356.2 | Q49: 2311449.8 | R49: 2336969 | S49: 2363316 | T49: 2389065.2 | U49: 2415373.9
A50: Industrial (less IBM & OMYA) | B50: =B53 -> 738267.93 | C50: =C53 -> 748312.27 | D50: =D53 -> 762897.32 | E50: =E53 -> 773758.07 | F50: =F53 -> 789115.12 | G50: =G53 -> 802884.66 | H50: =H53 -> 815774.74 | I50: =I53 -> 828021.31 | ... U50: =U53 -> 942053.04
A51: Other | B51: 34288.656 | C51: 33553.9 | D51: 33101.496 | E51: 32804.21 | F51: 32615.34 | G51: 32498.362 | H51: 32418.844 | I51: 32368.592 | J51: 32337.07 | K51: 32294.54 | L51: 32281.034 | M51: 32262.48 | N51: 32242.694 | O51: 32222.282 | P51: 32225.852 | Q51: 32200.366 | R51: 32180.95 | S51: 32168.628 | T51: 32154.903 | U51: 32141.232
A52: Industrial (less IBM) | B52: =B45-B59 -> 917267.93 | C52: =C45-C59 -> 927312.26 | D52: =D45-D59 -> 941897.32 | E52: =E45-E59 -> 952758.07 | F52: =F45-F59 -> 968115.12 | G52: =G45-G59 -> 981884.65 | H52: =H45-H59 -> 994774.74 | I52: =I45-I59 -> 1007021.3 | ... U52: =U45-U59 -> 1121053
A53: Industrial (less IBM & OMYA) | B53: =B46-B60 -> 738267.93 | C53: =C46-C60 -> 748312.27 | D53: =D46-D60 -> 762897.32 | E53: =E46-E60 -> 773758.07 | F53: =F46-F60 -> 789115.12 | G53: =G46-G60 -> 802884.66 | H53: =H46-H60 -> 815774.74 | I53: =I46-I60 -> 828021.31 | ... U53: =U46-U60 -> 942053.04
A55: BED
A56: Commercial | B56: 195915.94 | C56: 197529.97 | D56: 199408.26 | E56: 201605.56 | F56: 204402.19 | G56: 210258.98 | H56: 214019.21 | I56: 220019.81 | J56: 221278.33 | K56: 222322.96 | L56: 225600.66 | M56: 227025.62 | N56: 228550.59 | O56: 229877.73 | P56: 231671.34 | Q56: 232619.61 | R56: 234323.43 | S56: 236046.23 | T56: 238791.32 | U56: 241568.34
A57: Industrial (less IBM & OMYA) | B57: =B60 -> 72462.06 | C57: =C60 -> 73059.03 | D57: =D60 -> 73753.74 | E57: =E60 -> 74566.44 | F57: =F60 -> 75600.81 | G57: =G60 -> 77767.02 | H57: =H60 -> 79157.79 | I57: =I60 -> 81377.19 | ... U57: =U60 -> 89347.194
A58: Other | B58: 4912.904 | C58: 4937.04 | D58: 4944.024 | E58: 4962.12 | F58: 4976 | G58: 4983.288 | H58: 4994.056 | I58: 5001.208 | J58: 5005.72 | K58: 5031.32 | L58: 5034.216 | M58: 5046.12 | N58: 5061.736 | O58: 5079.528 | P58: 5074.328 | Q58: 5098.784 | R58: 5117.56 | S58: 5129.472 | T58: 5142.9472 | U58: 5156.4577
A59: Industrial (less IBM) | B59: 72462.06 | C59: 73059.03 | D59: 73753.74 | E59: 74566.44 | F59: 75600.81 | G59: 77767.02 | H59: 79157.79 | I59: 81377.19 | J59: 81842.67 | K59: 82229.04 | L59: 83441.34 | M59: 83968.38 | N59: 84532.41 | O59: 85023.27 | P59: 85686.66 | Q59: 86037.39 | R59: 86667.57 | S59: 87304.77 | T59: 88320.078 | U59: 89347.194
A60: Industrial (less IBM & OMYA) | B60: =B59 -> 72462.06 | C60: =C59 -> 73059.03 | D60: =D59 -> 73753.74 | E60: =E59 -> 74566.44 | F60: =F59 -> 75600.81 | G60: =G59 -> 77767.02 | H60: =H59 -> 79157.79 | I60: =I59 -> 81377.19 | ... U60: =U59 -> 89347.194
A62: RESIDENTIAL INCREMENTAL ANNUAL SAVINGS
A63: EVT | B63: 73788.538 | C63: 78857.466 | D63: 79800.441 | E63: 79292.75 | F63: 78464.218 | G63: 77824.393 | H63: 77912.424 | I63: 68027.404 | J63: 67535.31 | K63: 67294.236 | L63: 66644.075 | M63: 66415.279 | N63: 67174.495 | O63: 66745.289 | P63: 67822.098 | Q63: 68048.862 | R63: 67985.245 | S63: 67460.804 | T63: 67686.975 | U63: 67935.389
A64: BED | B64: 3497.6849 | C64: 3507.0834 | D64: 3500.0998 | E64: 3500.1088 | F64: 3501.7761 | G64: 3510.1301 | H64: 3514.9389 | I64: 3132.0751 | J64: 3118.393 | K64: 3110.2414 | L64: 3103.7506 | M64: 3102.3425 | N64: 3155.7008 | O64: 3148.0766 | P64: 3186.721 | Q64: 3186.8794 | R64: 3187.9679 | S64: 3178.9772 | T64: 3187.1875 | U64: 3186.8814
A66: Non-Residential Max. Achievable (WITH OMYA) Incremental Annual Savings (GDS Potential Study) | B66: 88890.166 | C66: 93235.346 | D66: 97078.79 | E66: 88555.5 | F66: 80253.791 | G66: 72881.491 | H66: 66233.793 | I66: 58870.184 | J66: 56364.139 | K66: 34255.343 | L66: 34259.555 | M66: 37401.166 | N66: 46002.43 | O66: 46062.786 | P66: 59870.643 | Q66: 91576.867 | R66: 94337.691 | S66: 89938.57 | T66: 83690.695 | U66: 70971.372
A67: Non-Residential Max. Achievable (W/OUT OMYA) Incremental Annual Savings (GDS Potential Study) | B67: 85347.692 | C67: 89509.189 | D67: 93195.189 | E67: 85065.507 | F67: 77288.609 | G67: 70362.398 | H67: 64082.068 | I67: 57033.346 | J67: 54815.946 | K67: 33678.051 | L67: 34054.318 | M67: 36854.265 | N67: 45092.278 | O67: 44787.865 | P67: 56315.644 | Q67: 87998.42 | R67: 90808.782 | S67: 86814.411 | T67: 81035.175 | U67: 68757.256

Sheet 2013 P-Study Svgs as % of Sales
A2: Incremental Annual (IA) Savings as a % of Sales | B2: 2014 | C2: 2015 | D2: 2016 | E2: 2017 | F2: 2018 | G2: 2019 | H2: 2020 | I2: 2021 | J2: 2022 | K2: 2023 | L2: 2024 | M2: 2025 | N2: 2026 | O2: 2027 | P2: 2028 | Q2: 2029 | R2: 2030 | S2: 2031 | T2: 2032 | U2: 2033
A3: Statewide Total | B3: ='[4]2013 Updated Study'!B4/'[4]2013 Savings as % of Sales'!B25 -> 0.033641594 | C3: ='[4]2013 Updated Study'!C4/'[4]2013 Savings as % of Sales'!C25 -> 0.036261809 | D3: ='[4]2013 Updated Study'!D4/'[4]2013 Savings as % of Sales'!D25 -> 0.037830138 | E3: ='[4]2013 Updated Study'!E4/'[4]2013 Savings as % of Sales'!E25 -> 0.036612216 | F3: ='[4]2013 Updated Study'!F4/'[4]2013 Savings as % of Sales'!F25 -> 0.035104868 | G3: ='[4]2013 Updated Study'!G4/'[4]2013 Savings as % of Sales'!G25 -> 0.033768044 | H3: ='[4]2013 Updated Study'!H4/'[4]2013 Savings as % of Sales'!H25 -> 0.033522512 | I3: ='[4]2013 Updated Study'!I4/'[4]2013 Savings as % of Sales'!I25 -> 0.029017264 | ... U3: ='[4]2013 Updated Study'!U4/'[4]2013 Savings as % of Sales'!U25 -> 0.029537895
A4: EVT | B4: ='[4]2013 Updated Study'!B20/'[4]2013 Savings as % of Sales'!B26 -> 0.033711763 | C4: ='[4]2013 Updated Study'!C20/'[4]2013 Savings as % of Sales'!C26 -> 0.036389389 | D4: ='[4]2013 Updated Study'!D20/'[4]2013 Savings as % of Sales'!D26 -> 0.037929041 | E4: ='[4]2013 Updated Study'!E20/'[4]2013 Savings as % of Sales'!E26 -> 0.036719537 | F4: ='[4]2013 Updated Study'!F20/'[4]2013 Savings as % of Sales'!F26 -> 0.035238549 | G4: ='[4]2013 Updated Study'!G20/'[4]2013 Savings as % of Sales'!G26 -> 0.033949634 | H4: ='[4]2013 Updated Study'!H20/'[4]2013 Savings as % of Sales'!H26 -> 0.03381658 | I4: ='[4]2013 Updated Study'!I20/'[4]2013 Savings as % of Sales'!I26 -> 0.029240908 | ... U4: ='[4]2013 Updated Study'!U20/'[4]2013 Savings as % of Sales'!U26 -> 0.029592553
A5: BED | B5: ='[4]2013 Updated Study'!B33/'[4]2013 Savings as % of Sales'!B27 -> 0.032731076 | C5: ='[4]2013 Updated Study'!C33/'[4]2013 Savings as % of Sales'!C27 -> 0.034602917 | D5: ='[4]2013 Updated Study'!D33/'[4]2013 Savings as % of Sales'!D27 -> 0.036529505 | E5: ='[4]2013 Updated Study'!E33/'[4]2013 Savings as % of Sales'!E27 -> 0.03518702 | F5: ='[4]2013 Updated Study'!F33/'[4]2013 Savings as % of Sales'!F27 -> 0.033328564 | G5: ='[4]2013 Updated Study'!G33/'[4]2013 Savings as % of Sales'!G27 -> 0.031377598 | H5: ='[4]2013 Updated Study'!H33/'[4]2013 Savings as % of Sales'!H27 -> 0.02976557 | I5: ='[4]2013 Updated Study'!I33/'[4]2013 Savings as % of Sales'!I27 -> 0.026146852 | ... U5: ='[4]2013 Updated Study'!U33/'[4]2013 Savings as % of Sales'!U27 -> 0.028803958
A7: Cummulative Savings | B7: 2014 | C7: 2015 | D7: 2016 | E7: 2017 | F7: 2018 | G7: 2019 | H7: 2020 | I7: 2021 | J7: 2022 | K7: 2023 | L7: 2024 | M7: 2025 | N7: 2026 | O7: 2027 | P7: 2028 | Q7: 2029 | R7: 2030 | S7: 2031 | T7: 2032 | U7: 2033
A8: Statewide Total (mWh) | B8: =B11+B14 -> 166176.39 | C8: =C11+C14 -> 341776.29 | D8: =D11+D14 -> 522155.62 | E8: =E11+E14 -> 687025.65 | F8: =F11+F14 -> 824046.85 | G8: =G11+G14 -> 947575.5 | H8: =H11+H14 -> 1060159.8 | I8: =I11+I14 -> 1081423.7 | ... U8: =U11+U14 -> 1449999.7
A9: EVT C&I | B9: 81066.228 | C9: 166095.89 | D9: 254630.98 | E9: 334781.16 | F9: 403737.03 | G9: 463565.43 | H9: 515459.37 | I9: 560265.86 | J9: 598763.13 | K9: 616213.12 | L9: 621194.32 | M9: 626175.52 | N9: 631127.18 | O9: 635965.72 | P9: 640654.27 | Q9: 645121.71 | R9: 649589.16 | S9: 654056.6 | T9: 658394.31 | U9: 662733.24
A10: EVT Res | B10: 73788.538 | C10: 152646 | D10: 232446.45 | E10: 306219.34 | F10: 365116.06 | G10: 420668.4 | H10: 474072.87 | I10: 447125.28 | J10: 482990.04 | K10: 515211.18 | L10: 539003.93 | M10: 562133.07 | N10: 582663.07 | O10: 602434.75 | P10: 621349.2 | Q10: 637848.67 | R10: 652469.23 | S10: 666307.11 | T10: 677762.45 | U10: 689082.65
A11: EVT Total | B11: =B9+B10 -> 154854.77 | C11: =C9+C10 -> 318741.9 | D11: =D9+D10 -> 487077.42 | E11: =E9+E10 -> 641000.5 | F11: =F9+F10 -> 768853.09 | G11: =G9+G10 -> 884233.83 | H11: =H9+H10 -> 989532.24 | I11: =I9+I10 -> 1007391.1 | ... U11: =U9+U10 -> 1351815.9
A12: BED C&I | B12: 7823.9382 | C12: 16029.619 | D12: 24573.327 | E12: 32309.835 | F12: 38968.632 | G12: 44749.145 | H12: 49765.415 | I12: 54097.968 | J12: 57822.542 | K12: 59519.566 | L12: 60015.601 | M12: 60511.635 | N12: 61004.715 | O12: 61486.487 | P12: 61953.259 | Q12: 62397.948 | R12: 62842.638 | S12: 63287.327 | T12: 63719.041 | U12: 64150.877
A13: BED Res | B13: 3497.6849 | C13: 7004.7683 | D13: 10504.868 | E13: 13715.319 | F13: 16225.121 | G13: 18592.527 | H13: 20862.139 | I13: 19934.599 | J13: 21627.132 | K13: 23221.747 | L13: 24618.005 | M13: 26009.176 | N13: 27301.726 | O13: 28585.534 | P13: 29839.354 | Q13: 30825.57 | R13: 31735.369 | S13: 32618.102 | T13: 33333.67 | U13: 34032.912
A14: BED Total | B14: =B12+B13 -> 11321.623 | C14: =C12+C13 -> 23034.387 | D14: =D12+D13 -> 35078.195 | E14: =E12+E13 -> 46025.154 | F14: =F12+F13 -> 55193.754 | G14: =G12+G13 -> 63341.673 | H14: =H12+H13 -> 70627.554 | I14: =I12+I13 -> 74032.567 | ... U14: =U12+U13 -> 98183.789
A17: No-EE Forecast | B17: 2014 | C17: 2015 | D17: 2016 | E17: 2017 | F17: 2018 | G17: 2019 | H17: 2020 | I17: 2021 | J17: 2022 | K17: 2023 | L17: 2024 | M17: 2025 | N17: 2026 | O17: 2027 | P17: 2028 | Q17: 2029 | R17: 2030 | S17: 2031 | T17: 2032 | U17: 2033
A18: Statewide Total (mWh) | B18: ='2013 P-Study'!B8 -> 5000487 | C18: ='2013 P-Study'!C8 -> 5081576.8 | D18: ='2013 P-Study'!D8 -> 5187635 | E18: ='2013 P-Study'!E8 -> 5271789.5 | F18: ='2013 P-Study'!F8 -> 5360585.9 | G18: ='2013 P-Study'!G8 -> 5439897.3 | H18: ='2013 P-Study'!H8 -> 5400808 | I18: ='2013 P-Study'!I8 -> 5499236 | ... U18: ='2013 P-Study'!U8 -> 6185595.3
A19: EVT | B19: ='2013 P-Study'!B25 -> 4643267.1 | C19: ='2013 P-Study'!C25 -> 4720051.8 | D19: ='2013 P-Study'!D25 -> 4822856 | E19: ='2013 P-Study'!E25 -> 4904696.4 | F19: ='2013 P-Study'!F25 -> 4987875.9 | G19: ='2013 P-Study'!G25 -> 5059391 | H19: ='2013 P-Study'!H25 -> 5015086.9 | I19: ='2013 P-Study'!I25 -> 5105875.8 | ... U19: ='2013 P-Study'!U25 -> 5759187.3
A20: BED | B20: ='2013 P-Study'!B38 -> 357219.9 | C20: ='2013 P-Study'!C38 -> 361525.04 | D20: ='2013 P-Study'!D38 -> 364779.02 | E20: ='2013 P-Study'!E38 -> 367093.12 | F20: ='2013 P-Study'!F38 -> 372710 | G20: ='2013 P-Study'!G38 -> 380506.29 | H20: ='2013 P-Study'!H38 -> 385721.06 | I20: ='2013 P-Study'!I38 -> 393360.21 | ... U20: ='2013 P-Study'!U38 -> 426407.98
A24: Adjusted Forecast (Cumulative Impact of Past EE) | B24: 2014 | C24: 2015 | D24: 2016 | E24: 2017 | F24: 2018 | G24: 2019 | H24: 2020 | I24: 2021 | J24: 2022 | K24: 2023 | L24: 2024 | M24: 2025 | N24: 2026 | O24: 2027 | P24: 2028 | Q24: 2029 | R24: 2030 | S24: 2031 | T24: 2032 | U24: 2033
A25: Statewide Total (mWh) | B25: =B18-B8 -> 4834310.6 | C25: =C18-C8 -> 4739800.5 | D25: =D18-D8 -> 4665479.4 | E25: =E18-E8 -> 4584763.9 | F25: =F18-F8 -> 4536539.1 | G25: =G18-G8 -> 4492321.8 | H25: =H18-H8 -> 4340648.2 | I25: =I18-I8 -> 4417812.3 | ... U25: =U18-U8 -> 4735595.6
A26: EVT | B26: =B19-B11 -> 4488412.3 | C26: =C19-C11 -> 4401309.9 | D26: =D19-D11 -> 4335778.6 | E26: =E19-E11 -> 4263695.9 | F26: =F19-F11 -> 4219022.8 | G26: =G19-G11 -> 4175157.2 | H26: =H19-H11 -> 4025554.7 | I26: =I19-I11 -> 4098484.6 | ... U26: =U19-U11 -> 4407371.4
A27: BED | B27: =B20-B14 -> 345898.28 | C27: =C20-C14 -> 338490.65 | D27: =D20-D14 -> 329700.83 | E27: =E20-E14 -> 321067.97 | F27: =F20-F14 -> 317516.25 | G27: =G20-G14 -> 317164.62 | H27: =H20-H14 -> 315093.5 | I27: =I20-I14 -> 319327.64 | ... U27: =U20-U14 -> 328224.19

Sheet BED EVT as % Sales
A2: Incremental Annual (IA) Savings as a % of Sales | B2: 2014 | C2: 2015 | D2: 2016 | E2: 2017 | F2: 2018 | G2: 2019 | H2: 2020 | I2: 2021 | J2: 2022 | K2: 2023 | L2: 2024 | M2: 2025 | N2: 2026 | O2: 2027 | P2: 2028 | Q2: 2029 | R2: 2030 | S2: 2031 | T2: 2032 | U2: 2033
A3: Statewide Total | B3: ='[4]2013 Updated Study'!B4/'[4]2013 Savings as % of Sales'!B25 -> 0.033641594 | C3: ='[4]2013 Updated Study'!C4/'[4]2013 Savings as % of Sales'!C25 -> 0.036261809 | D3: ='[4]2013 Updated Study'!D4/'[4]2013 Savings as % of Sales'!D25 -> 0.037830138 | E3: ='[4]2013 Updated Study'!E4/'[4]2013 Savings as % of Sales'!E25 -> 0.036612216 | F3: ='[4]2013 Updated Study'!F4/'[4]2013 Savings as % of Sales'!F25 -> 0.035104868 | G3: ='[4]2013 Updated Study'!G4/'[4]2013 Savings as % of Sales'!G25 -> 0.033768044 | H3: ='[4]2013 Updated Study'!H4/'[4]2013 Savings as % of Sales'!H25 -> 0.033522512 | I3: ='[4]2013 Updated Study'!I4/'[4]2013 Savings as % of Sales'!I25 -> 0.029017264 | ... U3: ='[4]2013 Updated Study'!U4/'[4]2013 Savings as % of Sales'!U25 -> 0.029537895
A4: EVT Max Achievable | B4: ='[4]2013 Updated Study'!B20/'[4]2013 Savings as % of Sales'!B26 -> 0.033711763 | C4: ='[4]2013 Updated Study'!C20/'[4]2013 Savings as % of Sales'!C26 -> 0.036389389 | D4: ='[4]2013 Updated Study'!D20/'[4]2013 Savings as % of Sales'!D26 -> 0.037929041 | E4: ='[4]2013 Updated Study'!E20/'[4]2013 Savings as % of Sales'!E26 -> 0.036719537 | F4: ='[4]2013 Updated Study'!F20/'[4]2013 Savings as % of Sales'!F26 -> 0.035238549 | G4: ='[4]2013 Updated Study'!G20/'[4]2013 Savings as % of Sales'!G26 -> 0.033949634 | H4: ='[4]2013 Updated Study'!H20/'[4]2013 Savings as % of Sales'!H26 -> 0.03381658 | I4: ='[4]2013 Updated Study'!I20/'[4]2013 Savings as % of Sales'!I26 -> 0.029240908 | ... U4: ='[4]2013 Updated Study'!U20/'[4]2013 Savings as % of Sales'!U26 -> 0.029592553
A5: BED Max Achievable | B5: ='[4]2013 Updated Study'!B33/'[4]2013 Savings as % of Sales'!B27 -> 0.032731076 | C5: ='[4]2013 Updated Study'!C33/'[4]2013 Savings as % of Sales'!C27 -> 0.034602917 | D5: ='[4]2013 Updated Study'!D33/'[4]2013 Savings as % of Sales'!D27 -> 0.036529505 | E5: ='[4]2013 Updated Study'!E33/'[4]2013 Savings as % of Sales'!E27 -> 0.03518702 | F5: ='[4]2013 Updated Study'!F33/'[4]2013 Savings as % of Sales'!F27 -> 0.033328564 | G5: ='[4]2013 Updated Study'!G33/'[4]2013 Savings as % of Sales'!G27 -> 0.031377598 | H5: ='[4]2013 Updated Study'!H33/'[4]2013 Savings as % of Sales'!H27 -> 0.02976557 | I5: ='[4]2013 Updated Study'!I33/'[4]2013 Savings as % of Sales'!I27 -> 0.026146852 | ... U5: ='[4]2013 Updated Study'!U33/'[4]2013 Savings as % of Sales'!U27 -> 0.028803958
A6: PSD/S2 EVT Modeled Savings as % of Territory Sales | C6: =C30 -> 0.021982019 | D6: =D30 -> 0.02231573 | E6: =E30 -> 0.022484173 | F6: =F30 -> 0.021803375 | G6: =G30 -> 0.022631769 | H6: =H30 -> 0.020210867 | I6: =I30 -> 0.018895004 | J6: =J30 -> 0.018469507 | ... U6: =U30 -> 0.016077728
A7: S2 BED Modeled Savings as % of Territory Sales | C7: =C33 -> 0.021997508 | D7: =D33 -> 0.022611766 | E7: =E33 -> 0.023242943 | F7: =F33 -> 0.022561993 | G7: =G33 -> 0.020259041 | H7: =H33 -> 0.021737925 | I7: =I33 -> 0.021280888 | J7: =J33 -> 0.019131426 | ... U7: =U33 -> 0.014534851
A9: Cumulative Savings (Max Acheivable) | B9: 2014 | C9: 2015 | D9: 2016 | E9: 2017 | F9: 2018 | G9: 2019 | H9: 2020 | I9: 2021 | J9: 2022 | K9: 2023 | L9: 2024 | M9: 2025 | N9: 2026 | O9: 2027 | P9: 2028 | Q9: 2029 | R9: 2030 | S9: 2031 | T9: 2032 | U9: 2033
A10: Statewide Total (mWh) | B10: =B13+B16 -> 166176.39 | C10: =C13+C16 -> 341776.29 | D10: =D13+D16 -> 522155.62 | E10: =E13+E16 -> 687025.65 | F10: =F13+F16 -> 824046.85 | G10: =G13+G16 -> 947575.5 | H10: =H13+H16 -> 1060159.8 | I10: =I13+I16 -> 1081423.7 | ... U10: =U13+U16 -> 1449999.7
A11: EVT C&I | B11: 81066.228 | C11: 166095.89 | D11: 254630.98 | E11: 334781.16 | F11: 403737.03 | G11: 463565.43 | H11: 515459.37 | I11: 560265.86 | J11: 598763.13 | K11: 616213.12 | L11: 621194.32 | M11: 626175.52 | N11: 631127.18 | O11: 635965.72 | P11: 640654.27 | Q11: 645121.71 | R11: 649589.16 | S11: 654056.6 | T11: 658394.31 | U11: 662733.24
A12: EVT Res | B12: 73788.538 | C12: 152646 | D12: 232446.45 | E12: 306219.34 | F12: 365116.06 | G12: 420668.4 | H12: 474072.87 | I12: 447125.28 | J12: 482990.04 | K12: 515211.18 | L12: 539003.93 | M12: 562133.07 | N12: 582663.07 | O12: 602434.75 | P12: 621349.2 | Q12: 637848.67 | R12: 652469.23 | S12: 666307.11 | T12: 677762.45 | U12: 689082.65
A13: EVT Total | B13: =B11+B12 -> 154854.77 | C13: =C11+C12 -> 318741.9 | D13: =D11+D12 -> 487077.42 | E13: =E11+E12 -> 641000.5 | F13: =F11+F12 -> 768853.09 | G13: =G11+G12 -> 884233.83 | H13: =H11+H12 -> 989532.24 | I13: =I11+I12 -> 1007391.1 | ... U13: =U11+U12 -> 1351815.9
A14: BED C&I | B14: 7823.9382 | C14: 16029.619 | D14: 24573.327 | E14: 32309.835 | F14: 38968.632 | G14: 44749.145 | H14: 49765.415 | I14: 54097.968 | J14: 57822.542 | K14: 59519.566 | L14: 60015.601 | M14: 60511.635 | N14: 61004.715 | O14: 61486.487 | P14: 61953.259 | Q14: 62397.948 | R14: 62842.638 | S14: 63287.327 | T14: 63719.041 | U14: 64150.877
A15: BED Res | B15: 3497.6849 | C15: 7004.7683 | D15: 10504.868 | E15: 13715.319 | F15: 16225.121 | G15: 18592.527 | H15: 20862.139 | I15: 19934.599 | J15: 21627.132 | K15: 23221.747 | L15: 24618.005 | M15: 26009.176 | N15: 27301.726 | O15: 28585.534 | P15: 29839.354 | Q15: 30825.57 | R15: 31735.369 | S15: 32618.102 | T15: 33333.67 | U15: 34032.912
A16: BED Total | B16: =B14+B15 -> 11321.623 | C16: =C14+C15 -> 23034.387 | D16: =D14+D15 -> 35078.195 | E16: =E14+E15 -> 46025.154 | F16: =F14+F15 -> 55193.754 | G16: =G14+G15 -> 63341.673 | H16: =H14+H15 -> 70627.554 | I16: =I14+I15 -> 74032.567 | ... U16: =U14+U15 -> 98183.789
A19: No-EE Forecast | B19: 2014 | C19: 2015 | D19: 2016 | E19: 2017 | F19: 2018 | G19: 2019 | H19: 2020 | I19: 2021 | J19: 2022 | K19: 2023 | L19: 2024 | M19: 2025 | N19: 2026 | O19: 2027 | P19: 2028 | Q19: 2029 | R19: 2030 | S19: 2031 | T19: 2032 | U19: 2033
A20: Statewide Total (MWh) | B20: ='2013 P-Study'!B8 -> 5000487 | C20: ='2013 P-Study'!C8 -> 5081576.8 | D20: ='2013 P-Study'!D8 -> 5187635 | E20: ='2013 P-Study'!E8 -> 5271789.5 | F20: ='2013 P-Study'!F8 -> 5360585.9 | G20: ='2013 P-Study'!G8 -> 5439897.3 | H20: ='2013 P-Study'!H8 -> 5400808 | I20: ='2013 P-Study'!I8 -> 5499236 | ... U20: ='2013 P-Study'!U8 -> 6185595.3
A21: EVT | B21: ='2013 P-Study'!B25 -> 4643267.1 | C21: ='2013 P-Study'!C25 -> 4720051.8 | D21: ='2013 P-Study'!D25 -> 4822856 | E21: ='2013 P-Study'!E25 -> 4904696.4 | F21: ='2013 P-Study'!F25 -> 4987875.9 | G21: ='2013 P-Study'!G25 -> 5059391 | H21: ='2013 P-Study'!H25 -> 5015086.9 | I21: ='2013 P-Study'!I25 -> 5105875.8 | ... U21: ='2013 P-Study'!U25 -> 5759187.3
A22: BED | B22: ='2013 P-Study'!B38 -> 357219.9 | C22: ='2013 P-Study'!C38 -> 361525.04 | D22: ='2013 P-Study'!D38 -> 364779.02 | E22: ='2013 P-Study'!E38 -> 367093.12 | F22: ='2013 P-Study'!F38 -> 372710 | G22: ='2013 P-Study'!G38 -> 380506.29 | H22: ='2013 P-Study'!H38 -> 385721.06 | I22: ='2013 P-Study'!I38 -> 393360.21 | ... U22: ='2013 P-Study'!U38 -> 426407.98
A26: Adjusted Forecast (Cumulative Impact of Past EE) | B26: 2014 | C26: 2015 | D26: 2016 | E26: 2017 | F26: 2018 | G26: 2019 | H26: 2020 | I26: 2021 | J26: 2022 | K26: 2023 | L26: 2024 | M26: 2025 | N26: 2026 | O26: 2027 | P26: 2028 | Q26: 2029 | R26: 2030 | S26: 2031 | T26: 2032 | U26: 2033
A27: Statewide Total (MWh) | B27: =B28+B31 -> 4897832.1 | C27: =C28+C31 -> 4868596.8 | D27: =D28+D31 -> 4863352.6 | E27: =E28+E31 -> 4836593.6 | F27: =F28+F31 -> 4821999 | G27: =G28+G31 -> 4800042.5 | H27: =H28+H31 -> 4730655.3 | I27: =I28+I31 -> 4752003 | ... U27: =U28+U31 -> 4984057.5
A28: EVT | B28: =B21-274000/3 -> 4551933.8 | C28: =C21-C61-274000/3 -> 4530106.1 | D28: =D21-D61-274000/3 -> 4533651.8 | E28: =E21-E61-274000/3 -> 4515525.7 | F28: =F21-F61-274000/3 -> 4504482.7 | G28: =G21-G61-274000/3 -> 4482877.9 | H28: =H21-H61-274000/3 -> 4415561.8 | I28: =I21-I61-274000/3 -> 4432675.3 | J28: =J21-J61-274000/3 -> 4420280 | ... U28: =U21-U61-274000/3 -> 4655833.4
